 Dungeon Crawl Stone Soup version 0.31-a0-1066-g35875b34c7 (webtiles) character file.

Game seed: 12249975430878745402

1879999 nms23 the Archmage (level 27, -3/159 HPs)
             Began as a Demonspawn Conjurer on Nov 14, 2023.
             Was the Champion of Vehumet.
             Engulfed by a cloud of foul pestilence (5 damage)
             ... on level 27 of a ziggurat on Nov 22, 2023.
             The game lasted 14:16:26 (124728 turns).

nms23 the Archmage (Demonspawn Conjurer)          Turns: 124728, Time: 14:16:26

Health: -3/159     AC: 51    Str: 18    XL:     27
Magic:  0/63       EV: 17    Int: 35    God:    Vehumet [******]
Gold:   20764      SH: 32    Dex: 13    Spells: 2/80 levels left

rFire   + + +        I - staff "Ogreslayer" {rElec rF++ rC+ Tloc Air Earth}
rCold   + + +        k - +8 tower shield {reflect}
rNeg    + + +        f - +8 orange crystal plate armour {Archmagi, Int+3 Clar}
rPois   +            s - +0 helmet of the World {rC+ rN+}
rElec   +            G - +2 cloak
rCorr   .            (gloves unavailable)
SInv    +            U - +2 pair of slick slippers {slick, slippery, EV+4}
Will    ++...        V - amulet of Iduemier {rC+ rN+ Regen+ Stlth-} Stlth
                     a - ring of Daeva {rPois rC+ MP+9 Str+4 Stlth-}
HPRegen 12.26/turn   S - ring "Usuossah" {rF+ rN++ Str+6 SInv Stlth-}
MPRegen 0.76/turn

%: reflection, clarity, guardian spirit, archmagi
@: slowed, studying 3 skills, invisible, very slow
A: thin metallic scales 3, powered by death 3, magic shield, magic regeneration,
magic link, corrupting presence 2, word of chaos, demonic touch 3, fire
resistance 1, mutation resistance 1
}: 15/15 runes: barnacled, slimy, silver, golden, iron, obsidian, icy, bone,
abyssal, demonic, glowing, magical, fiery, dark, gossamer
a: Word of Chaos, Renounce Religion


You were on level 27 of a ziggurat.
You worshipped Vehumet.
Vehumet was exalted by your worship.
You visited 18 branches of the dungeon, and saw 87 of its levels.
You visited Pandemonium 2 times, and saw 13 of its levels.
You visited the Abyss 1 time.
You visited 6 ziggurats (completing 5), and saw 162 of their levels.
You also visited: Sewer and Wizlab.

You collected 26471 gold pieces.
You spent 5707 gold pieces at shops.

Inventory:

Hand Weapons
 b - the +5 glaive of the Guard {elec, spectral}
   (You found it on level 21 of a ziggurat)
 c - the +7 Spriggan's Knife {stab, EV+4 Stlth+}
   (You found it on level 26 of a ziggurat)

   Stab:      It is more effective when stabbing unaware enemies, sometimes
   treating them as though they were completely helpless.
   EV+4:      It affects your evasion (+4).
   Stlth+:    It makes you more stealthy.
 u - the +8 frozen axe "Frostbite" {freeze, freezing cloud, *Noise Fly rC+}
   (You found it on level 25 of a ziggurat)

   rC+:       It protects you from cold.
   Fly:       It grants you flight.
   *Noise:    It may make a loud noise when swung.
 z - the +8 longbow "Zephyr" {speed, Dex+3 SInv}
   (You found it on level 22 of a ziggurat)

   Dex+3:     It affects your dexterity (+3).
   SInv:      It lets you see invisible.
 F - the +7 mace of Variability {chaos, chaos arc}
   (You found it on level 17 of a ziggurat)
 L - the +11 plutonium sword {Contam Stlth-}
   (You found it on level 8 of a ziggurat)

   Contam:    It causes magical contamination when unequipped.
   Stlth-:    It makes you less stealthy.
 Z - the +8 demon blade "Leech" {evervamp, Harm Drain rN+}
   (You found it on level 12 of a ziggurat)

   rN+:       It protects you from negative energy.
   Drain:     It drains your maximum health when unequipped.
   Harm:      It increases damage dealt and taken.
Armour
 f - the +8 orange crystal plate armour (worn) {Archmagi, Int+3 Clar}
   (You found it on level 13 of a ziggurat)

   Int+3:     It affects your intelligence (+3).
   Clar:      It protects you from confusion, rage, mesmerisation and fear.
 k - a +8 tower shield of reflection (worn)
 s - the +0 helmet of the World (worn) {rC+ rN+}
   (You found it on level 4 of a ziggurat)

   rC+:       It protects you from cold.
   rN+:       It protects you from negative energy.
 y - the +3 warlock's mirror {omnireflect}
   (You found it on level 23 of a ziggurat)

   Omnireflect: It can block and reflect piercing ranged attacks and magical
   attacks against the wielder's willpower.
 G - a +2 cloak (worn)
 H - the +6 kite shield of Recklessness {rF+ Will- Int+6 SInv}
   (You found it on level 21 of a ziggurat)

   Int+6:     It affects your intelligence (+6).
   rF+:       It protects you from fire.
   Will-:     It decreases your willpower.
   SInv:      It lets you see invisible.
 U - the +2 pair of slick slippers (worn) {slick, slippery, EV+4}
   (You found it on level 16 of a ziggurat)

   Slick:     Its wearer cannot be constricted, engulfed, netted or webbed.
   Slippery:  Its wearer slips away from damaging melee attacks, pulling the
   attacker onward.
   EV+4:      It affects your evasion (+4).
Magical Staves
 I - the staff "Ogreslayer" (weapon) {rElec rF++ rC+ Tloc Air Earth}
   (You found it on level 18 of a ziggurat)

   [staff of air]

   Base accuracy: +5 Base damage: 5 Base attack delay: 1.2 This weapon's minimum
   attack delay (0.6) is reached at skill level 12.
   rF++:      It greatly protects you from fire.
   rC+:       It protects you from cold.
   rElec:     It insulates you from electricity.
   Tloc:      It increases the power of your Translocations spells.
   Air:       It increases the power of your Air spells.
   Earth:     It increases the power of your Earth spells.
   It falls into the 'Staves' category.
   It is a one-handed weapon.
Jewellery
 a - the ring of Daeva (left hand) {rPois rC+ MP+9 Str+4 Stlth-}
   (You found it on level 3 of the Tomb of the Ancients)

   [ring of protection from cold]

   Str+4:     It affects your strength (+4).
   rC+:       It protects you from cold.
   rPois:     It protects you from poison MP+9: It affects your magic capacity
   (+9).
   Stlth-:    It makes you less stealthy.
 d - the ring of Liberalism {rF+ rC+ MP+9}
   (You found it on level 23 of a ziggurat)

   [ring of protection from fire]

   rF+:       It protects you from fire.
   rC+:       It protects you from cold.
   MP+9:      It affects your magic capacity (+9).
 j - the ring "Garchour" {rN+ Int+6}
   (You found it on level 22 of a ziggurat)

   [ring of intelligence]

   Int+6:     It affects your intelligence (+6).
   rN+:       It protects you from negative energy.
 E - the ring of Naroag {rN+++ EV+5}
   (You found it on level 7 of a ziggurat)

   [ring of evasion]

   EV+5:      It affects your evasion (+5).
   rN+++:     It renders you almost immune to negative energy.
 K - the amulet of Elemental Vulnerability {rPois rF-- rC-- AC+8}
   (You found it on level 21 of a ziggurat)

   [amulet of nothing]

   AC+8:      It affects your AC (+8).
   rF--:      It makes you very vulnerable to fire.
   rC--:      It makes you very vulnerable to cold.
   rPois:     It protects you from poison
 M - the ring "Woseva" {rF+ rCorr Dex+4}
   (You found it on level 8 of a ziggurat)

   [ring of resist corrosion]

   Dex+4:     It affects your dexterity (+4).
   rF+:       It protects you from fire.
   rCorr:     It protects you from acid and corrosion.
 O - the ring of the Mage {Wiz Archmagi}
   (You found it on level 18 of a ziggurat)

   [ring of wizardry]

   Wiz:       It improves your spell success rate.
   Archmagi:  It increases the power of your magical spells.
 Q - the ring "Wuywafel" {rF+ rC+ rN+ Will+}
   (You found it on level 19 of a ziggurat)

   [ring of willpower]

   rF+:       It protects you from fire.
   rC+:       It protects you from cold.
   rN+:       It protects you from negative energy.
   Will+:     It increases your willpower.
 S - the ring "Usuossah" (right hand) {rF+ rN++ Str+6 SInv Stlth-}
   (You found it on level 17 of a ziggurat)

   [ring of strength]

   Str+6:     It affects your strength (+6).
   rF+:       It protects you from fire.
   rN++:      It greatly protects you from negative energy.
   SInv:      It lets you see invisible.
   Stlth-:    It makes you less stealthy.
 V - the amulet of Iduemier (around neck) {rC+ rN+ Regen+ Stlth-}
   (You found it on level 23 of a ziggurat)

   [amulet of regeneration]

   rC+:       It protects you from cold.
   rN+:       It protects you from negative energy.
   Regen+:    It increases your rate of health regeneration.
   Stlth-:    It makes you less stealthy.
 W - the amulet of the Four Winds {rN+ Will+++ Clar}
   (You found it on level 11 of a ziggurat)

   [amulet of nothing]

   rN+:       It protects you from negative energy.
   Will+++:   It greatly increases your willpower.
   Clar:      It protects you from confusion, rage, mesmerisation and fear.
Wands
 D - a wand of digging (211)
 J - a wand of mindburst (337)
 N - a wand of light (330)
 T - a wand of roots (531)
Scrolls
 g - 16 scrolls of fear
 p - 13 scrolls of butterflies
 t - 110 scrolls of teleportation
 w - 118 scrolls of fog
 A - 49 scrolls of revelation
 B - 39 scrolls of blinking
Potions
 h - 31 potions of haste
 l - 27 potions of heal wounds
 n - 12 potions of resistance
 o - 48 potions of magic
 q - 43 potions of curing
 r - 5 potions of invisibility
 v - 4 potions of cancellation
 x - 17 potions of enlightenment
 C - 18 potions of brilliance
 P - 101 potions of mutation
Miscellaneous
 e - a +5 figurine of a ziggurat
 i - the horn of Geryon
 m - a phantom mirror
 R - a tin of tremorstones (2/2)
 X - a phial of floods
 Y - a lightning rod (4/4)


   Skills:
 O Level 27 Fighting
 + Level 18.9(22.2) Short Blades
 + Level 19.8(22.7) Long Blades
 O Level 27 Axes
 O Level 27 Maces & Flails
 + Level 22.7(27) Polearms
 O Level 27 Staves
 O Level 27 Ranged Weapons
 O Level 27 Throwing
 O Level 27 Armour
 O Level 27 Dodging
 O Level 27 Stealth
 O Level 27 Shields
 + Level 20.4 Unarmed Combat
 O Level 27 Spellcasting
 O Level 27 Conjurations
 O Level 27 Hexes
 O Level 27 Summonings
 O Level 27 Necromancy
 O Level 27 Translocations
 O Level 27 Transmutations
 O Level 27 Fire Magic
 O Level 27 Ice Magic
 O Level 27 Air Magic
 O Level 27 Earth Magic
 + Level 20.7 Poison Magic
 O Level 27 Evocations
 O Level 27 Shapeshifting


You had 2 spell levels left.
You knew the following spells:

 Your Spells              Type           Power      Damage    Failure   Level
a - Yara's Violent Unrav  Hex/Tmut       75%        3d28      0%          5
b - Polar Vortex          Ice            75%        12d10*    2%          9
c - Lehudib's Crystal Sp  Conj/Erth      88%        10d19     1%          8
d - Borgnjor's Vile Clut  Necr/Erth      88%        N/A       0%          5
e - Chain Lightning       Conj/Air       88%        3d117     2%          9
f - Fireball              Conj/Fire      75%        3d28      0%          5
h - Shatter               Erth           88%        3d63*     2%          9
i - Fire Storm            Conj/Fire      75%        8d19      2%          9
j - Blink                 Tloc           100%       N/A       0%          2
m - Sublimation of Blood  Necr           100%       N/A       0%          2
s - Swiftness             Air            100%       N/A       0%          3
x - Iskenderun's Mystic   Conj/Tloc      100%       2d19      0%          4
R - Borgnjor's Revivific  Necr           75%        N/A       1%          8

Your spell library contained the following spells:

 Spells                   Type           Power      Damage    Failure   Level
 Apportation              Tloc           100%       N/A       0%          1
 Foxfire                  Conj/Fire      100%       2x1d9     0%          1
 Freeze                   Ice            100%       1d10      0%          1
 Kiss of Death            Conj/Necr      100%       2d13      0%          1
 Magic Dart               Conj           100%       1d8       0%          1
 Necrotise                Necr           100%       1d9       0%          1
 Sandblast                Erth           100%       2d20      0%          1
 Shock                    Conj/Air       100%       1d9       0%          1
 Slow                     Hex            100%       N/A       0%          1
 Sting                    Tmut/Pois      100%       1d8       0%          1
 Summon Small Mammal      Summ           100%       N/A       0%          1
 Call Imp                 Summ           100%       N/A       0%          2
 Cigotuvi's Dreadful Rot  Necr/Pois/Air  100%       N/A       0%          2
 Ensorcelled Hibernation  Hex/Ice        100%       N/A       0%          2
 Jinxbite                 Hex            100%       N/A       0%          2
 Lesser Beckoning         Tloc           100%       N/A       0%          2
 Momentum Strike          Conj/Tloc      100%       3d10      0%          2
 Passwall                 Tmut/Erth      100%       N/A       0%          2
 Poisonous Vapours        Pois/Air       100%       N/A       0%          2
 Scorch                   Fire           100%       2d9       0%          2
 Searing Ray              Conj           100%       2d8       0%          2
 Static Discharge         Conj/Air       100%       3-8/arc   0%          2
 Wereblood                Tmut           100%       N/A       0%          2
 Call Canine Familiar     Summ           100%       N/A       0%          3
 Confusing Touch          Hex            100%       N/A       0%          3
 Dazzling Flash           Conj/Hex       100%       N/A       0%          3
 Frozen Ramparts          Ice            100%       1d16      0%          3
 Gell's Gravitas          Tloc           100%       N/A       0%          3
 Hailstorm                Conj/Ice       100%       3d20      0%          3
 Ignite Poison            Fire/Tmut/Pois 100%       N/A       0%          3
 Inner Flame              Hex/Fire       100%       N/A       0%          3
 Mephitic Cloud           Conj/Pois/Air  100%       N/A       0%          3
 Ozocubu's Armour         Ice            100%       N/A       0%          3
 Sigil of Binding         Hex            100%       N/A       0%          3
 Stone Arrow              Conj/Erth      100%       3d13      0%          3
 Summon Guardian Golem    Hex/Summ       100%       N/A       0%          3
 Teleport Other           Tloc           100%       N/A       0%          3
 Tukima's Dance           Hex            100%       N/A       0%          3
 Vampiric Draining        Necr           100%       2d13      0%          3
 Volatile Blastmotes      Fire/Tloc      100%       2d18      0%          3
 Airstrike                Air            88%        2d(13-29) 0%          4
 Anguish                  Hex/Necr       75%        N/A       0%          4
 Animate Armour           Summ/Erth      100%       N/A       0%          4
 Animate Dead             Necr           100%       N/A       0%          4
 Brom's Barrelling Bould  Conj/Erth      100%       2d11      0%          4
 Cause Fear               Hex            75%        N/A       0%          4
 Dimensional Bullseye     Hex/Tloc       88%        N/A       0%          4
 Dispel Undead            Necr           100%       3d31      0%          4
 Flame Wave               Conj/Fire      100%       2d21      0%          4
 Fulminant Prism          Conj/Hex       75%        3d31      0%          4
 Leda's Liquefaction      Hex/Erth       88%        N/A       0%          4
 Manifold Assault         Tloc           100%       N/A       0%          4
 Olgreb's Toxic Radiance  Pois           100%       N/A       0%          4
 Passage of Golubria      Tloc           100%       N/A       0%          4
 Petrify                  Tmut/Erth      100%       N/A       0%          4
 Sticky Flame             Conj/Fire      100%       2d11      0%          4
 Summon Ice Beast         Ice/Summ       100%       N/A       0%          4
 Summon Lightning Spire   Summ/Air       100%       N/A       0%          4
 Vhi's Electric Charge    Tloc/Air       100%       N/A       0%          4
 Agony                    Necr           100%       N/A       0%          5
 Alistair's Intoxication  Tmut/Pois      96%        N/A       0%          5
 Arcjolt                  Conj/Air       88%        1d98      0%          5
 Freezing Cloud           Conj/Ice/Air   88%        6-21      0%          5
 Irradiate                Conj/Tmut      75%        3d36      0%          5
 Iskenderun's Battlesphe  Conj           100%       2d15      0%          5
 Lee's Rapid Deconstruct  Erth           88%        3d39*     0%          5
 Metabolic Englaciation   Hex/Ice        75%        N/A       0%          5
 Silence                  Hex/Air        88%        N/A       0%          5
 Summon Forest            Summ/Tloc      88%        N/A       0%          5
 Summon Mana Viper        Hex/Summ       100%       N/A       0%          5
 Bombard                  Conj/Erth      88%        9d14      0%          6
 Conjure Ball Lightning   Conj/Air       88%        3x3d33    0%          6
 Death Channel            Necr           75%        N/A       0%          6
 Dispersal                Tloc           88%        N/A       0%          6
 Plasma Beam              Fire/Air       88%        2x1d106   0%          6
 Simulacrum               Ice/Necr       75%        N/A       0%          6
 Starburst                Conj/Fire      75%        6d19      0%          6
 Summon Cactus Giant      Summ           75%        N/A       0%          6
 Eringya's Noxious Bog    Tmut/Pois      72%        4d6       1%          6
 Enfeeble                 Hex            75%        N/A       1%          7
 Haunt                    Necr/Summ      75%        N/A       1%          7
 Malign Gateway           Summ/Tloc      88%        N/A       1%          7
 Monstrous Menagerie      Summ           75%        N/A       1%          7
 Orb of Destruction       Conj           75%        9d17      1%          7
 Ozocubu's Refrigeration  Ice            75%        4d24      1%          7
 Spellforged Servitor     Conj/Summ      75%        N/A       1%          7
 Summon Hydra             Summ           75%        N/A       1%          7
 Discord                  Hex            75%        N/A       1%          8
 Disjunction              Tloc           88%        N/A       1%          8
 Ignition                 Fire           75%        3d20      1%          8
 Infestation              Necr           75%        N/A       1%          8
 Maxwell's Capacitive Co  Air            88%        ∞         1%          8
 Summon Horrible Things   Summ           75%        N/A       1%          8
 Death's Door             Necr           75%        N/A       9%          9
 Dragon's Call            Summ           75%        N/A       9%          9


Dungeon Overview and Level Annotations

Branches:
Dungeon (15/15)            Temple (1/1) D:6            Lair (5/5) D:9
 Shoals (4/4) Lair:3       Spider (4/4) Lair:2        Slime (5/5) Lair:5
    Orc (2/2) D:9             Elf (3/3) Orc:2        Vaults (5/5) D:13
  Crypt (3/3) Vaults:3       Tomb (3/3) Crypt:3      Depths (4/4) D:15
   Hell (visited)             Dis (7/7) Hell            Geh (7/7) Hell
    Coc (7/7) Hell            Tar (7/7) Hell            Zot (4/5) Depths:4
  Sewer (visited)          WizLab (visited)

Altars:
Ashenzari
Cheibriados
Dithmenos
Fedhas
Gozag
Hepliaklqana
Kikubaaqudgha
Makhleb
Nemelex Xobeh
Okawaru
Qazlal
Ru
Sif Muna
Trog
Uskayaw
Vehumet
Wu Jian
Xom
Yredelemnul
Jiyva

Shops:
D:6 [   D:11 :   D:15 =   Orc:2 (*?*   Elf:2 (   Vaults:1 =![(   Vaults:2 =
Vaults:4 [

Portals:
Hell: Depths:1 Depths:2 Depths:3 Depths:4
Abyss: Depths:1 Depths:3
Pandemonium: Depths:2

Annotations:
Depths:3 2 runed translucent doors
Zot:4 2 transporters


Innate Abilities, Weirdness & Mutations

You are completely covered in thin metallic scales. (AC +4, rElec)
You regenerate a lot of health from kills.
When hurt, damage is shared between your health and your magic reserves.
You regenerate magic rapidly.
When low on magic, you restore magic in place of health.
Your presence sometimes corrodes or deforms those you injure.
You can speak a Word of Chaos.
Your touch may irresistibly damage your foes and sap their willpower.
Your flesh is heat resistant. (rF+)
You are somewhat resistant to further mutation.


Message History

* * * LOW HITPOINT WARNING * * *
You feel extremely nervous for a moment...
You are engulfed in negative energy!
You resist.
You feel extremely nervous for a moment...
Pain shoots through your body!
* * * LOW HITPOINT WARNING * * *
You feel extremely nervous for a moment...
You are engulfed in negative energy!
You resist.
You feel extremely nervous for a moment...
You are engulfed in negative energy!
You resist.
You feel extremely nervous for a moment...
You are engulfed in negative energy!
You resist.
You feel extremely nervous for a moment...
You feel very uncomfortable.
You feel extremely nervous for a moment...
Pain shoots through your body.
* * * LOW HITPOINT WARNING * * *
You feel extremely nervous for a moment...
You are engulfed in negative energy!
You resist.
You feel extremely nervous for a moment...
You feel homesick.
You feel extremely nervous for a moment...
You are engulfed in negative energy!
You resist.
You feel extremely nervous for a moment...
Pain shoots through your body!
* * * LOW HITPOINT WARNING * * *
You feel extremely nervous for a moment...
Pain shoots through your body!
* * * LOW HITPOINT WARNING * * *
You feel extremely nervous for a moment...
Pain shoots through your body!
* * * LOW HITPOINT WARNING * * *
You feel extremely nervous for a moment...
Pain shoots through your body!
* * * LOW HITPOINT WARNING * * *
You feel extremely nervous for a moment...
Pain shoots through your body!
* * * LOW HITPOINT WARNING * * *
You are engulfed in dark miasma.
You die...

▓▓▓▓▓▓▓▓▓▓▓▓▓▓
▓▓..§MM.M......
▓▓M.M§.MZ..M..○.
▓▓§○M.Z☼§@......M
▓.s§○○§..M§☼M.MMM
▓.s§M..☼M.M...M..b
▓....§..M.○M.Z.MZM.
▓▓....s.........M...M
▓▓......s..........ZM.
▓▓........§ZM....M.M...
▓.∩§..B..M..Z.MZ.M....M
▓▓.......M.MMBMMMM


You could see 27 royal mummies, 3 emperor scorpions, a bennu, 4 mummy priests, a
guardian mummy (unable to see you), a storm dragon zombie (unable to see you), a
sphinx zombie (wandering, unable to see you), a spriggan defender zombie (unable
to see you), 3 titan zombies and 2 glowing shapeshifter zombies.

Vanquished Creatures
  Asmodeus (Geh:7)
  the Royal Jelly (Slime:5)
  Ereshkigal (Tar:7)
  Gloorx Vloq (Pan)
  Mnoleg (Pan)
  Lom Lobon (Pan)
  Dispater (Dis:7)
  117 dread liches
  3 orbs of fire
  105 ancient liches
  The ghost of Hyollov the Formicid Barricade, a legendary FoHu of Ru (Zot:4)
  23 juggernauts
  Boris (twice) (Depths:4 Crypt:1)
  70 Killer Klowns
  103 royal mummies
  35 shard shrikes
  The ghost of topfpfpflanze the Acrobat, a veteran FeHW of Vehumet (Zot:3)
  Xtahua (Depths:4)
  6 curse toes
  Margery (Vaults:3)
  A caustic shrike (shapeshifter) (Zig:13)
  The ghost of grizmgrazm2 the Cryomancer, a veteran DECj of Vehumet (Depths:4)
  Geryon (Hell)
  95 caustic shrikes
  A golden dragon (shapeshifter) (Zig:22)
  101 golden dragons
  Nikola (Vaults:2)
  27 profane servitors
  65 bone dragons
  6 pearl dragons
  Jory (Crypt:2)
  2 electric golems
  The ghost of pzskc383 the Warrior, a veteran GrFi of Okawaru (Depths:1)
  23 doom hounds
  43 Tzitzimimeh
  A spectral shard shrike (Tar:3)
  55 Brimstone Fiends
  146 pandemonium lords
  57 hellephants
  54 iron giants
  82 Ice Fiends
  47 liches
  A walking crystal tome (Zig:25)
  129 Hell Sentinels
  92 tentacled monstrosities
  A walking earthen tome (WizLab)
  6 quicksilver dragons (shapeshifter)
  37 tainted leviathans
  8 sphinxes (shapeshifter)
  Asterion (Vaults:2)
  26 quicksilver dragons
  57 searing wretches
  183 acid blobs
  4 walking divine tomes
  66 deep elf blademasters
  2 acid blobs (shapeshifter)
  87 deep elf master archers
  125 titans
  8 death cobs
  A walking frostbound tome (Zig:16)
  51 Executioners
  85 sphinxes
  2 eldritch tentacles
  Polyphemus (Shoals:3)
  100 ancient champions
  4 krakens
  61 tengu reavers
  A strange machine (WizLab)
  Aizul (Depths:2)
  9 shadow dragons (shapeshifter)
  23 tentacled starspawn
  23 storm dragons
  Kirke (D:15)
  7 thorn hunters
  4 daevas
  55 rockslimes
  34 shadow dragons
  59 fire giants
  3 azure jellies (shapeshifter)
  44 revenants
  124 nagarajas
  52 draconian monks
  34 demonspawn warmongers
  57 frost giants
  59 azure jellies
  103 quicksilver elementals
  Donald (Vaults:2)
  9 fenstrider witches (shapeshifter)
  32 fenstrider witches
  32 narguns
  54 draconian scorchers
  37 iron dragons
  21 deep elf sorcerers
  96 balrugs
  73 emperor scorpions
  68 draconian knights
  Louise (Depths:1)
  5 frost giants (shapeshifter)
  4 spectral juggernauts
  3 spectral caustic shrikes
  92 vault wardens
  8 deep elf elementalists
  155 ghost moths
  18 angels
  16 ghouls
  8 fire giants (shapeshifter)
  2 spriggan defenders
  66 draconian annihilators
  53 draconian shifters
  45 draconian stormcallers
  2 ghost moths (shapeshifter)
  11 shard shrike simulacra
  A juggernaut zombie (Zig:26)
  5 caustic shrike zombies
  101 orc warlords
  28 curse skulls
  19 broodmothers
  3 quicksilver oozes (shapeshifter)
  48 ironbound preservers
  61 reapers
  90 war gargoyles
  The ghost of BinkBink the Basher, a journeyman DsGl of Okawaru (Lair:5)
  35 demonspawn blood saints
  104 very ugly things
  6 formless jellyfish (shapeshifter)
  120 stone giants
  11 apis
  45 cacodemons
  66 quicksilver oozes
  3 ironbound thunderhulks
  26 demonspawn corrupters
  27 formless jellyfish
  6 ophanim
  10 stone giants (shapeshifter)
  A broodmother (shapeshifter) (Zig:17)
  8 juggernaut skeletons
  30 green draconians
  3 caustic shrike skeletons
  43 vampire knights
  28 bunyips
  79 deep elf demonologists
  36 putrid mouths
  34 purple draconians
  Azrael (Spider:2)
  5 eleionomae (shapeshifter)
  38 lorocyprocas
  A spectral titan (Tar:2)
  25 elemental wellsprings
  153 starcursed masses
  33 demonspawn black suns
  38 yellow draconians
  A bunyip (shapeshifter) (Zig:16)
  20 eleionomae
  37 black draconians
  49 wendigos
  47 bennus
  79 deep elf annihilators
  20 dire elephants
  32 white draconians
  2 spark wasps (shapeshifter)
  3 minotaurs (shapeshifter)
  56 blizzard demons
  21 spark wasps
  19 red draconians
  38 deep elf death magi
  5 dire elephants (shapeshifter)
  A spectral quicksilver dragon (Tar:1)
  98 iron golems
  39 shambling mangroves
  86 merfolk javelineers
  A spectral golden dragon (Zig:21)
  64 green deaths
  14 jiangshi
  A quicksilver dragon zombie (Crypt:3)
  65 ettins
  51 merfolk impalers
  47 eidola
  5 crystal guardians
  3 spectral iron giants
  89 mummy priests
  9 fire dragons
  101 deep elf high priests
  17 rakshasas
  A fire dragon (shapeshifter) (Zig:18)
  A kraken zombie (Hell)
  115 entropy weavers
  A spectral fenstrider witch (Tar:1)
  A spectral kraken (Zig:23)
  18 hell beasts
  25 great orbs of eyes
  2 spectral tengu
  81 yaktaur captains
  Harold (D:10)
  42 vault guards
  70 hydras
  An ice dragon (shapeshifter) (Zig:15)
  6 spectral spriggans
  101 salamander tyrants
  A great orb of eyes (shapeshifter) (Zig:12)
  14 juggernaut simulacra
  A peacekeeper (Vaults:4)
  2 quicksilver dragon skeletons
  2 hydras (shapeshifter)
  A spectral shadow dragon (Zig:21)
  16 anacondas
  2 jorogumos (shapeshifter)
  10 caustic shrike simulacra
  44 ice dragons
  17 jorogumos
  6 ironbound frosthearts
  4 anacondas (shapeshifter)
  A catoblepas (shapeshifter) (Zig:25)
  11 spriggan air magi
  13 catoblepae
  13 ghost crabs
  23 merfolk avatars
  23 ogre magi
  17 alligator snapping turtles
  5 sphinx zombies
  An alligator (shapeshifter) (Zig:13)
  40 satyrs
  4 sphinx skeletons
  2 two-headed ogres (shapeshifter) (Zig:17)
  4 death knights
  12 deep troll shamans
  120 merfolk aquamancers
  17 two-headed ogres
  33 radroaches
  28 centaur warriors
  2 satyrs (shapeshifter)
  A death yak (shapeshifter) (Zig:25)
  10 alligators
  2 alligator snapping turtles (shapeshifter)
  A spectral stone giant (Tar:1)
  97 dancing weapons
  13 stokers
  20 naga warriors
  118 death scarabs
  8 spriggan berserkers
  14 deep troll earth magi
  20 boulder beetles
  10 tengu warriors
  47 vampire magi
  4 titan zombies
  2 Orb Guardian skeletons
  82 orc high priests
  12 occultists
  11 death yaks
  4 shock serpents (shapeshifter)
  60 hell hogs
  29 shock serpents
  67 demonic crawlers
  22 hell knights
  4 storm dragon zombies
  64 crystal echidnas
  26 thrashing horrors
  73 soul eaters
  136 sun demons
  2 spectral storm dragons
  Urug (Lair:4)
  20 spriggans
  51 naga sharpshooters
  9 titan skeletons
  An emperor scorpion zombie (Crypt:2)
  53 deep elf knights
  36 shadow wraiths
  30 wretched stars
  Sonja (Lair:4)
  4 iron trolls (shapeshifter)
  17 goliath frogs
  3 skysharks (shapeshifter)
  14 sun moths
  Amaemon (Lair:1)
  3 death drakes (shapeshifter)
  8 salamander mystics
  2 fire crabs
  47 skeletal warriors
  7 spatial maelstroms
  2 goliath frogs (shapeshifter) (Zig:20)
  12 death drakes
  61 pharaoh ants
  A spectral bunyip (Tar:1)
  7 skysharks
  36 spriggan druids
  32 sixfirhies
  4 spark wasp zombies (Hell)
  A fire crab (shapeshifter) (Zig:22)
  14 glowing orange brains
  7 golden dragon zombies
  38 iron trolls
  3 sea snakes (shapeshifter)
  4 spectral iron dragons
  29 flayed ghosts
  12 naga ritualists
  9 quicksilver dragon simulacra
  An anaconda zombie (Hell)
  2 steelbarb worms (shapeshifter)
  8 orb spiders (shapeshifter)
  2 deep trolls (shapeshifter)
  A glowing orange brain (shapeshifter) (Zig:10)
  5 bog bodies
  66 deep elf archers
  16 cherubim
  A spectral hydra (Tar:3)
  6 arcanists
  2 kraken simulacra (Zig:23)
  49 swamp dragons
  36 deep trolls
  89 orb spiders
  52 phantasmal warriors
  6 orange crystal statues
  2 swamp dragons (shapeshifter)
  A fenstrider witch simulacrum (Coc:2)
  25 shadow demons
  63 orc knights
  9 obsidian statues
  2 anaconda skeletons (Hell)
  7 spriggan simulacra
  39 steelbarb worms
  2 tengu zombies
  2 shadow dragon zombies (Zig:26)
  7 storm dragon skeletons
  53 sea snakes
  An alligator zombie (Hell)
  6 lindwurms (shapeshifter)
  2 harpies (shapeshifter)
  39 necromancers
  5 mana vipers (shapeshifter)
  4 iron dragon zombies
  81 harpies
  A lindwurm (Lair:5)
  4 golden dragon skeletons
  51 ironbound convokers
  65 ugly things
  16 mana vipers
  2 stone giant zombies (Hell)
  98 deep elf zephyrmancers
  6 wolf spiders (shapeshifter)
  101 deep elf pyromancers
  72 wolf spiders
  26 will-o-the-wisps
  59 manticores
  2 fauns (shapeshifter)
  40 shining eyes
  4 shining eyes (shapeshifter)
  2 sphinx simulacra
  4 cyclopes (shapeshifter)
  A salamander (shapeshifter) (Zig:23)
  36 cyclopes
  2 shadow dragon skeletons
  5 moths of wrath (shapeshifter)
  A frost giant zombie (Hell)
  9 salamanders
  3 elephants (shapeshifter)
  62 orc sorcerers
  4 iron dragon skeletons
  6 manticores (shapeshifter)
  A dire elephant zombie (Crypt:3)
  37 fauns
  6 tengu skeletons
  A fire giant zombie (Hell)
  15 rust devils
  100 moths of wrath
  A spectral centaur (Tar:1)
  39 guardian serpents
  4 worldbinders
  106 black mambas
  A black mamba (shapeshifter) (Zig:11)
  50 apocalypse crabs
  13 elephants
  40 naga magi
  A naga zombie (Crypt:1)
  51 vault sentinels
  4 water nymphs (shapeshifter)
  39 merfolk sirens
  2 guardian serpents (shapeshifter)
  3 eyes of devastation (shapeshifter)
  13 titan simulacra
  13 ice statues
  21 eyes of devastation
  124 water nymphs
  13 molten gargoyles
  86 torpor snails
  A cane toad (shapeshifter) (Zig:24)
  A human skeleton (Vaults:4)
  A torpor snail (shapeshifter) (Zig:17)
  2 alligator snapping turtle zombies
  21 cane toads
  40 orange demons
  3 centaur skeletons
  A gargoyle (D:14)
  6 unseen horrors
  92 smoke demons
  4 dire elephant skeletons
  12 efreet
  28 ancient zymes
  107 hellions
  19 rime drakes
  90 tormentors
  A sea snake zombie (Hell)
  20 komodo dragons
  5 komodo dragons (shapeshifter)
  3 bunyip simulacra
  4 anaconda simulacra
  2 yaktaurs (shapeshifter)
  23 freezing wraiths
  4 kobold demonologists
  2 spectral nagas
  22 ice devils
  An orb spider zombie (Crypt:2)
  16 red devils
  43 yaktaurs
  4 golden dragon simulacra
  6 silent spectres
  An alligator snapping turtle skeleton (Tomb:3)
  170 guardian mummies
  3 tengu conjurers
  5 iron giant simulacra
  3 spectral glowing shapeshifters (Zig:16)
  4 wind drakes (shapeshifter)
  3 spriggan skeletons
  2 hydra zombies
  A spectral harpy (Tar:2)
  4 harpy zombies
  38 trolls
  16 tyrant leeches
  A shadow dragon simulacrum (Zig:27)
  12 meliai
  188 merfolk
  A troll (shapeshifter) (Zig:19)
  2 hydra skeletons
  6 polar bears
  51 tarantellas
  3 tengu simulacra
  7 bloated husks
  44 hellwings
  3 meliai (shapeshifter)
  2 tarantellas (shapeshifter)
  44 glass eyes
  34 wind drakes
  8 spriggan zombies
  4 merfolk (shapeshifter)
  2 hornets (shapeshifter) (Zig:25)
  5 iron dragon simulacra
  93 hornets
  49 raiju
  4 harpy skeletons
  A raiju (shapeshifter) (Zig:16)
  43 snapping turtles
  A dream sheep (shapeshifter) (Zig:8)
  4 snapping turtles (shapeshifter)
  14 blink frogs
  A jumping spider (shapeshifter) (Zig:25)
  6 glass eyes (shapeshifter)
  An ettin zombie (Hell)
  66 jumping spiders
  2 stone giant simulacra
  A radroach zombie (Crypt:1)
  105 flying skulls
  221 slime creatures
  4 ettin skeletons
  23 air elementals
  A centaur simulacrum (Coc:1)
  57 culicivoras
  2 slime creatures (shapeshifter)
  9 wraiths
  66 water elementals
  4 culicivoras (shapeshifter)
  66 ynoxinuls
  2 vampires
  14 wyverns
  3 shadows
  36 yaks
  93 ushabtiu
  64 chaos spawn
  35 golden eyes
  2 yaks (shapeshifter)
  7 dire elephant simulacra
  29 fire elementals
  6 basilisks
  3 basilisks (shapeshifter)
  7 hogs (D:15)
  7 humans (D:13)
  A black mamba skeleton (Pan)
  5 fire bats
  98 large abominations
  2 hogs (shapeshifter)
  A human (shapeshifter) (D:14)
  44 neqoxecs
  3 redbacks (shapeshifter)
  113 redbacks
  6 steam dragons
  3 acid dragons
  17 vampire mosquitoes
  2 wind drake skeletons
  2 glowing shapeshifter zombies
  3 human zombies
  38 wargs
  16 harpy simulacra
  A warg (shapeshifter) (Zig:16)
  6 small abominations
  5 spatial vortices (Abyss:6)
  3 swamp worms (shapeshifter)
  37 nagas
  An ogre zombie (Vaults:4)
  2 hydra simulacra
  4 hell hounds
  25 water moccasins
  An ogre skeleton (Vaults:4)
  14 swamp drakes
  5 glowing shapeshifter skeletons
  Duvessa (D:7)
  194 orc warriors
  A sky beast (D:8)
  7 ettin simulacra
  3 black bears
  8 ice beasts
  A sky beast (shapeshifter) (Zig:25)
  A merfolk simulacrum (Coc:2)
  85 ogres
  2 boggarts
  27 wolves
  A boggart (shapeshifter) (Zig:21)
  25 centaurs
  A swamp dragon skeleton (Pan)
  A centaur (shapeshifter) (Zig:17)
  A hog zombie (Crypt:1)
  2 phantoms
  6 kobold brigands
  A fire crab zombie (Crypt:2)
  12 bullfrogs
  A glowing shapeshifter simulacrum (Zig:27)
  18 earth elementals
  3 necrophages
  2 gnoll sergeants
  A naga simulacrum (Coc:1)
  Dowan (D:7)
  3 killer bees (D:9)
  A nameless horror (Hell)
  3 howler monkeys
  An electric eel (Zig:21)
  A quasit (Abyss:4)
  3 gnoll boudas
  3 hounds
  3 jellies
  47 orc priests
  An iron imp (Abyss:1)
  4 iguanas
  8 lightning spires
  59 orc wizards
  10 hell rats
  264 mummies
  10 adders
  11 gnolls
  4 river rats (Sewer)
  A shadow imp (Pan)
  3 white imps
  3 ufetubi
  7 worms
  A dart slug (D:3)
  134 orcs
  13 ball pythons
  8 endoplasms
  14 giant cockroaches
  12 goblins
  11 hobgoblins
  3 jackals (D:2)
  25 kobolds
  6 quokkas
  A ball python zombie (Crypt:1)
  11 bats
  5 frilled lizards
  A hobgoblin zombie (Crypt:1)
  6 rats
  A rat skeleton (Crypt:2)
  2 ball lightnings
  8 creeping infernos
  16 fire vortices
  2 lurking horrors
  11 starspawn tentacles
  13 tentacles
15194 creatures vanquished.

Vanquished Creatures (collateral kills)
  Antaeus (Coc:7)
  A dread lich (Vaults:5)
  6 pandemonium lords
  2 ancient liches
  2 juggernauts (Zig:8)
  Sojobo (Vaults:2)
  2 royal mummies
  A shard shrike (Zig:27)
  3 Killer Klowns
  A golden dragon (Zig:17)
  3 bone dragons
  A profane servitor (Abyss:5)
  Norris (Vaults:3)
  A Tzitzimitl (Zig:13)
  2 pearl dragons (Zig:21)
  A Brimstone Fiend (Zig:6)
  A shard shrike zombie (Abyss:4)
  Zenata (Vaults:4)
  An Ice Fiend (Zig:9)
  A Hell Sentinel (Zig:26)
  3 acid blobs
  Grunn (Crypt:3)
  A quicksilver dragon (Vaults:5)
  2 titans (Vaults:5)
  A walking divine tome (Depths:2)
  2 sphinxes
  A tengu reaver (Vaults:5)
  An ancient champion (Dis:6)
  A shadow dragon (Vaults:5)
  2 storm dragons
  2 fire giants
  2 emperor scorpions
  3 azure jellies
  A daeva (Zig:21)
  3 rockslimes
  A deep elf sorcerer (Vaults:5)
  6 vault wardens
  A demonspawn warmonger (Zig:27)
  2 draconian scorchers
  3 iron dragons
  A draconian stormcaller (Zot:1)
  2 draconian shifters (Zot:1)
  2 demonspawn corrupters
  A ghoul (Crypt:3)
  An ophan (Abyss:4)
  2 very ugly things
  4 ironbound preservers
  3 war gargoyles
  2 orc warlords
  2 broodmothers
  A formless jellyfish (shapeshifter) (Vaults:5)
  8 stone giants
  A formless jellyfish (Zig:20)
  2 vampire knights
  A green draconian (Zot:2)
  An apis (Zig:21)
  2 putrid mouths (Zig:16)
  3 bennus
  A demonspawn black sun (Zig:27)
  A red draconian (Zot:2)
  A bunyip (Zig:18)
  A deep elf annihilator (Elf:2)
  A lorocyproca (Zig:27)
  An eidolon (Zig:16)
  5 dire elephants
  2 yellow draconians
  An ettin (Vaults:5)
  2 iron golems (Zig:26)
  2 fire dragons
  3 merfolk javelineers
  2 merfolk impalers
  4 yaktaur captains
  A salamander tyrant (Zig:12)
  An entropy weaver (Zig:27)
  5 rakshasas
  A peacekeeper (Vaults:3)
  A great orb of eyes (Zig:24)
  A jorogumo (Zig:27)
  A hydra (Zig:18)
  2 deep elf high priests
  A vault guard (Vaults:4)
  A merfolk avatar (Shoals:4)
  2 ice dragons
  2 alligator snapping turtles (shapeshifter)
  2 ironbound frosthearts
  3 merfolk aquamancers
  A death knight (Crypt:1)
  A boulder beetle (Zig:27)
  6 centaur warriors
  2 satyrs (Shoals:4)
  A tengu warrior (Depths:1)
  11 dancing weapons
  4 deep troll earth magi
  2 death scarabs
  A thrashing horror (Zig:16)
  A deep troll shaman (Depths:2)
  A demonic crawler (Zig:27)
  3 deep elf knights (Elf:2)
  A sun demon (Hell)
  2 iron trolls
  6 hell knights
  3 skysharks
  A skeletal warrior (Crypt:2)
  A sea snake (Zig:21)
  A sun moth (Zig:17)
  A shadow demon (Zig:19)
  A pharaoh ant (Zig:23)
  A spectral iron dragon (Zig:27)
  A bunyip zombie (Crypt:3)
  A steelbarb worm (Zig:27)
  5 large abominations
  5 deep trolls
  2 orb spiders
  3 lindwurms
  An arcanist (Vaults:1)
  A phantasmal warrior (Vaults:5)
  A fire giant zombie (Zig:7)
  An alligator zombie (Hell)
  2 orc knights
  An ironbound convoker (Vaults:1)
  7 deep elf zephyrmancers
  9 harpies
  A cyclops (D:14)
  4 ugly things
  5 fauns
  A jorogumo skeleton (Crypt:2)
  2 manticores (Shoals:1)
  A shining eye (shapeshifter) (Zig:17)
  A shining eye (Slime:5)
  A stone giant zombie (Hell)
  A merfolk siren (Shoals:1)
  An eye of devastation (Slime:5)
  A torpor snail (Zig:22)
  A smoke demon (Hell)
  A black mamba (Zig:16)
  4 vault sentinels
  2 hellions (Zig:27)
  A human zombie (Vaults:5)
  A rime drake (Zig:27)
  A yaktaur (D:15)
  A catoblepas zombie (Crypt:1)
  3 anaconda simulacra
  An ice devil (Zig:27)
  A komodo dragon (shapeshifter) (D:15)
  A silent spectre (Zig:27)
  A human skeleton (Vaults:5)
  A tarantella (Zig:18)
  12 merfolk
  A glass eye (Depths:1)
  A hornet (Zig:18)
  A hornet (shapeshifter) (Zig:22)
  A wind drake (Shoals:2)
  A snapping turtle (shapeshifter) (Vaults:5)
  A harpy skeleton (Tomb:2)
  4 snapping turtles
  7 raiju
  A jumping spider (Zig:23)
  18 slime creatures
  A dire elephant simulacrum (Coc:1)
  3 air elementals
  7 flying skulls
  An ushabti (Tomb:2)
  5 water elementals
  2 fire elementals
  2 wraiths
  A fire bat (Shoals:3)
  2 golden eyes
  3 chaos spawn
  2 redbacks
  A black mamba skeleton (Crypt:1)
  A neqoxec (Zig:25)
  2 harpy simulacra
  An ice beast (Zig:27)
  2 orc warriors (Zig:23)
  2 small abominations
  A boggart (Depths:4)
  A snapping turtle skeleton (Crypt:1)
  2 earth elementals
  A howler monkey (D:14)
  A human simulacrum (Vaults:4)
  An orc priest (Zig:23)
  2 starcursed masses (Zig:25)
  A hell rat (Zig:27)
  15 mummies
  2 ufetubi (Abyss:1)
  2 fire vortices (Pan)
  A lurking horror (Abyss:5)
  A starspawn tentacle (Zig:25)
  2 tentacles (Shoals:1)
412 creatures vanquished.

Vanquished Creatures (others)
  Cerebov (Pan)
  2 Killer Klowns (Zig:22)
  4 pandemonium lords
  3 eldritch tentacles
  A tentacled starspawn (Abyss:4)
  A frost giant (shapeshifter) (Zig:21)
  A ghost moth (Zig:22)
  A shard shrike simulacrum (Coc:7)
  A quicksilver ooze (shapeshifter) (Zig:21)
  4 very ugly things
  A white draconian (Zig:20)
  An eleionoma (Zig:8)
  2 shambling mangroves (Zig:17)
  A death yak (shapeshifter) (Zig:17)
  A lindwurm (shapeshifter) (Zig:22)
  3 ugly things
  2 mana vipers (shapeshifter)
  2 deep elf pyromancers
  2 apocalypse crabs
  A rime drake (Zig:27)
  A bloated husk (Zig:18)
  A hornet (Zig:17)
  A queen bee (shapeshifter) (Zig:22)
  2 culicivoras
  5 water elementals
  A ynoxinul (Zig:27)
  A human (D:13)
  A golden eye (shapeshifter) (Zig:22)
  A redback (Spider:2)
  2 chaos spawn
  A harpy simulacrum (Coc:7)
  A merfolk simulacrum (Coc:1)
  3 starcursed masses (Zig:25)
  10 ball lightnings
  A creeping inferno (Geh:3)
  2392 fire vortices
  24 foxfires
  23 starspawn tentacles
  27 tentacles
2533 creatures vanquished.

Grand Total: 18139 creatures vanquished

Notes
Turn   | Place    | Note
-------+----------+-------------------------------------------
     0 | D:1      | nms23 the Demonspawn Conjurer began the quest for the Orb.
     0 | D:1      | Reached XP level 1. HP: 13/13 MP: 3/3
   208 | D:1      | Gained mutation: You are partially covered in thin metallic
                  | scales. (AC +2) [demonic ancestry]
   208 | D:1      | Reached XP level 2. HP: 19/19 MP: 0/5
   942 | D:1      | Reached XP level 3. HP: 24/24 MP: 5/7
  1287 | D:2      | Reached XP level 4. HP: 30/30 MP: 6/8
  1290 | D:2      | Learned a level 2 spell: Searing Ray
  1295 | D:2      | Learned a level 4 spell: Iskenderun's Mystic Blast
  1933 | D:2      | Reached skill level 5 in Conjurations
  2266 | D:2      | Identified the +7 dagger of the Sea {drain, Drain Fragile
                  | rPois Dex+6}
  2459 | D:3      | Reached skill level 1 in Translocations
  2587 | D:3      | Gained mutation: You are mostly covered in thin metallic
                  | scales. (AC +3) [demonic ancestry]
  2587 | D:3      | Reached XP level 5. HP: 33/35 MP: 2/10
  2835 | D:3      | Learned a level 3 spell: Stone Arrow
  3101 | D:3      | Identified the ring of Darkness {Will+ Int+6 Dex+2 Stlth+}
  3343 | D:4      | Found a glowing drain.
  3365 | Sewer    | Entered a sewer
  3722 | Sewer    | Reached skill level 1 in Earth Magic
  3880 | Sewer    | Gained mutation: You regenerate magic rapidly. [demonic
                  | ancestry]
  3880 | Sewer    | Reached XP level 6. HP: 29/41 MP: 1/11
  4512 | D:4      | Learned a level 2 spell: Sublimation of Blood
  4788 | D:4      | Noticed a wyvern
  4792 | D:4      | Killed a wyvern
  4793 | D:4      | Gained mutation: You regenerate a little health from kills.
                  | [demonic ancestry]
  4793 | D:4      | Reached XP level 7. HP: 33/46 MP: 8/13
  5064 | D:5      | Entered Level 5 of the Dungeon
  5578 | D:5      | Found a hide-covered altar of Uskayaw.
  5582 | D:5      | Found an iron altar of Okawaru.
  5583 | D:5      | Found a broken altar of Ashenzari.
  5585 | D:5      | Found a shimmering blue altar of Sif Muna.
  5585 | D:5      | Found a stormy altar of Qazlal.
  5586 | D:5      | Found a shimmering altar of Xom.
  5588 | D:5      | Found a hazy altar of Hepliaklqana.
  5592 | D:5      | Found a snail-covered altar of Cheibriados.
  5766 | D:5      | Identified the +9 shortbow "Puilus" {heavy, rElec Will+
                  | Dex+3 Stlth+}
  5974 | D:6      | Noticed a steam dragon
  5983 | D:6      | Killed a steam dragon
  5984 | D:6      | Gained mutation: Your touch may inflict minor irresistible
                  | damage on your foes. [demonic ancestry]
  5984 | D:6      | Reached XP level 8. HP: 28/52 MP: 5/15
  6154 | D:6      | Reached skill level 5 in Spellcasting
  6338 | D:6      | Found a bloodstained altar of Trog.
  6371 | D:6      | Found Nomuerr's Armour Boutique.
  6432 | D:6      | Found a staircase to the Ecumenical Temple.
  6470 | Temple   | Entered the Ecumenical Temple
  6479 | Temple   | Became a worshipper of Vehumet
  6872 | D:7      | Noticed Duvessa
  6873 | D:7      | Noticed Dowan
  6883 | D:7      | Killed Duvessa
  6884 | D:7      | Reached skill level 1 in Fighting
  6887 | D:7      | Killed Dowan
  7080 | D:7      | Gained mutation: Your touch may inflict irresistible damage
                  | on your foes. [demonic ancestry]
  7080 | D:7      | Reached XP level 9. HP: 50/60 MP: 7/17
  7288 | D:7      | Found a shadowy altar of Dithmenos.
  7422 | D:7      | Reached * piety under Vehumet
  7422 | D:7      | Offered knowledge of Foxfire by Vehumet.
  8704 | D:8      | Reached skill level 5 in Translocations
  8960 | D:9      | Reached skill level 1 in Necromancy
  9141 | D:9      | Found a staircase to the Lair.
  9396 | D:9      | Reached ** piety under Vehumet
  9400 | D:9      | Offered knowledge of Momentum Strike by Vehumet.
  9547 | D:9      | Found a staircase to the Orcish Mines.
  9556 | D:9      | Noticed a troll
  9566 | D:9      | Killed a troll
  9805 | D:9      | Learned a level 5 spell: Fireball
  9969 | Lair:1   | Entered Level 1 of the Lair of Beasts
  9969 | Lair:1   | Noticed Amaemon
  9969 | Lair:1   | Noticed an orange demon
  9995 | D:10     | Entered Level 10 of the Dungeon
 10037 | D:10     | Noticed a two-headed ogre
 10044 | D:10     | Killed a two-headed ogre
 10045 | D:10     | Reached skill level 10 in Conjurations
 10045 | D:10     | Reached skill level 1 in Fire Magic
 10045 | D:10     | Reached XP level 10. HP: 36/71 MP: 11/20
 10262 | D:10     | Found a sacrificial altar of Ru.
 10788 | D:11     | Offered knowledge of Static Discharge by Vehumet.
 10799 | D:11     | Reached skill level 5 in Fighting
 10863 | D:11     | Noticed Harold
 10876 | D:10     | Killed Harold
 11050 | D:11     | Reached skill level 5 in Necromancy
 11051 | D:11     | Reached XP level 11. HP: 51/80 MP: 11/22
 11221 | D:11     | Noticed a cyan ugly thing
 11225 | D:11     | Killed a cyan ugly thing
 11339 | D:11     | Reached *** piety under Vehumet
 11697 | D:11     | Found Talaiz's Self-Improvement Boutique.
 11843 | D:12     | Noticed a two-headed ogre
 11848 | D:12     | Killed a two-headed ogre
 11992 | D:12     | Noticed a skeletal warrior
 12000 | D:12     | Killed a skeletal warrior
 12035 | D:12     | Noticed a skeletal warrior
 12037 | D:12     | Noticed a skeletal warrior
 12276 | Orc:1    | Entered Level 1 of the Orcish Mines
 12330 | Orc:1    | Offered knowledge of Inner Flame by Vehumet.
 12501 | Orc:1    | Noticed an orc sorcerer
 12506 | Orc:1    | Killed an orc sorcerer
 12585 | Orc:1    | Reached skill level 5 in Fire Magic
 12765 | Orc:1    | Reached **** piety under Vehumet
 12839 | Orc:1    | Noticed an orc warlord
 12839 | Orc:1    | Noticed an orc knight
 12850 | Orc:1    | Offered knowledge of Frozen Ramparts by Vehumet.
 12999 | Orc:1    | Killed an orc knight
 13109 | Orc:1    | Killed an orc warlord
 13260 | Orc:1    | Saving game... please wait.
 13275 | Orc:2    | Entered Level 2 of the Orcish Mines
 13293 | Orc:2    | Noticed an orc sorcerer
 13357 | Orc:2    | Killed an orc sorcerer
 13358 | Orc:2    | Reached XP level 12. HP: 88/88 MP: 6/25
 13598 | Orc:2    | Reached skill level 5 in Dodging
 13807 | Orc:2    | Reached ***** piety under Vehumet
 13863 | Orc:2    | Offered knowledge of Olgreb's Toxic Radiance by Vehumet.
 14109 | Orc:2    | Found Hoirew's Magic Scroll Boutique.
 14109 | Orc:2    | Found Gyruzos's Assorted Antiques.
 14116 | Orc:2    | Bought a lumpy white potion for 22 gold pieces
 14116 | Orc:2    | Bought a scroll labelled LUIDOI ROTI for 25 gold pieces
 14116 | Orc:2    | Bought a lumpy white potion for 22 gold pieces
 14191 | Orc:2    | Noticed a boulder beetle
 14222 | Orc:2    | Killed a boulder beetle
 14637 | Orc:2    | Found Xiguwnen's Antique Weapon Boutique.
 14637 | Orc:2    | Found Adwoxzyelu's General Store.
 14652 | Orc:2    | Bought a potion of curing for 33 gold pieces
 14652 | Orc:2    | Bought a scroll of poison for 44 gold pieces
 14839 | Orc:2    | Found a staircase to the Elven Halls.
 15099 | Orc:2    | Bought a scroll of fog for 48 gold pieces
 15099 | Orc:2    | Bought a scroll of fog for 48 gold pieces
 15099 | Orc:2    | Bought a scroll of immolation for 48 gold pieces
 15099 | Orc:2    | Bought a scroll of blinking for 90 gold pieces
 15099 | Orc:2    | Bought a scroll of identify for 24 gold pieces
 15099 | Orc:2    | Bought a scroll of identify for 24 gold pieces
 15099 | Orc:2    | Bought a scroll of teleportation for 36 gold pieces
 15129 | Orc:2    | Bought a smouldering trident for 263 gold pieces
 15129 | Orc:2    | Identified the +5 trident "Hivoof" {speed, *Rage rF+ rN+
                  | rCorr} (You bought it in a shop on level 2 of the Orcish
                  | Mines)
 15185 | Orc:2    | Saving game... please wait.
 15268 | Shoals:4 | Identified the "Lixzuph"
 15268 | Vaults:5 | Identified the "Jirph"
 15268 | Depths:2 | Identified the of Wihoidawn
 15268 | Elf:1    | Entered Level 1 of the Elven Halls
 15407 | Elf:1    | Reached skill level 10 in Spellcasting
 15826 | Elf:1    | Noticed a deep elf sorcerer
 15826 | Elf:1    | Noticed a deep elf high priest
 15830 | Elf:1    | Killed a deep elf high priest
 15830 | Elf:1    | Noticed a deep elf high priest
 15831 | Elf:1    | Gained mutation: When hurt, damage is shared between your
                  | health and your magic reserves. [demonic ancestry]
 15831 | Elf:1    | Reached XP level 13. HP: 72/93 MP: 11/27
 16688 | Elf:1    | Found a runed translucent gate.
 16688 | Elf:1    | Found a runed translucent gate.
 16688 | Elf:1    | Found a runed translucent gate.
 16688 | Elf:1    | Found a runed translucent gate.
 16688 | Elf:1    | Found a runed translucent gate.
 16689 | Elf:1    | Found a runed translucent gate.
 16690 | Elf:1    | Noticed an iron dragon
 16690 | Elf:1    | Noticed a fire dragon
 16690 | Elf:1    | Noticed a shadow dragon
 16774 | Elf:1    | Killed a deep elf sorcerer
 16824 | Elf:1    | Offered knowledge of Iskenderun's Battlesphere by Vehumet.
 16866 | Elf:1    | Learned a level 5 spell: Iskenderun's Battlesphere
 18206 | Elf:1    | Found a runed translucent gate.
 18206 | Elf:1    | Found a runed translucent gate.
 18206 | Elf:1    | Found a runed translucent gate.
 18206 | Elf:1    | Found a runed translucent gate.
 18206 | Elf:1    | Found a runed translucent gate.
 18208 | Elf:1    | Found a runed translucent gate.
 18450 | Lair:1   | Killed Amaemon
 18600 | Lair:1   | Saving game... please wait.
 18666 | Lair:1   | Reached XP level 14. HP: 83/100 MP: 2/29
 19570 | Lair:2   | Reached skill level 10 in Fire Magic
 19654 | Lair:2   | Found a hole to the Spider Nest.
 19664 | Lair:2   | You fall into a shaft and drop 1 floor!
 20928 | Lair:3   | Offered knowledge of Eringya's Noxious Bog by Vehumet.
 21076 | Lair:3   | Found a staircase to the Shoals.
 21454 | D:11     | Saving game... please wait.
 21468 | D:12     | Reached skill level 15 in Conjurations
 21693 | D:12     | Identified the +0 ice dragon scales "Xierulae" {Fly rPois
                  | rF- rC++ Str+3}
 22117 | D:12     | Noticed a tengu reaver
 22184 | D:12     | Killed a tengu reaver
 22435 | D:12     | Reached skill level 1 in Evocations
 22529 | D:12     | Saving game... please wait.
 23027 | D:13     | Found a gate to the Vaults.
 23078 | D:13     | Reached XP level 15. HP: 111/111 MP: 19/31
 23671 | Lair:4   | Noticed Sonja
 23673 | Lair:4   | Killed Sonja
 24128 | Lair:4   | Noticed Urug
 24136 | Lair:4   | Killed Urug
 24676 | Lair:5   | Entered Level 5 of the Lair of Beasts
 24684 | Lair:5   | Offered knowledge of Conjure Ball Lightning by Vehumet.
 25099 | Lair:5   | Found a viscous altar of Jiyva.
 25099 | Lair:5   | Found a staircase to the Slime Pits.
 25438 | Lair:5   | Found a runed translucent door.
 25438 | Lair:5   | Found a shimmering altar of Xom.
 25438 | Lair:5   | Noticed BinkBink's ghost (journeyman DsGl)
 25439 | Lair:5   | Identified the +0 triple sword "Dirahise" {chaos, *Slow
                  | Dex+5}
 25733 | Lair:5   | Reached skill level 10 in Fighting
 26370 | Lair:1   | Saving game... please wait.
 26402 | Spider:1 | Entered Level 1 of the Spider Nest
 26420 | Lair:2   | HP: 4/115 [demonic crawler[a torpor snail] (8)]
 26810 | Lair:2   | Found a hole to the Spider Nest.
 27973 | Spider:1 | Reached XP level 16. HP: 124/124 MP: 11/34
 28094 | Spider:1 | Offered knowledge of Ozocubu's Refrigeration by Vehumet.
 28123 | Spider:1 | Learned a level 7 spell: Ozocubu's Refrigeration
 28130 | Spider:1 | Learned a level 6 spell: Starburst
 28135 | Spider:1 | Learned a level 4 spell: Passage of Golubria
 29024 | Spider:2 | Noticed Azrael
 29054 | Spider:2 | Killed Azrael
 29421 | Spider:3 | Offered knowledge of Arcjolt by Vehumet.
 29511 | Spider:3 | Identified the +7 great mace of the Traitor {venom, Str+5}
 29557 | Spider:3 | Reached skill level 15 in Spellcasting
 30192 | Spider:4 | Entered Level 4 of the Spider Nest
 30238 | Spider:4 | Reached ****** piety under Vehumet
 31077 | Spider:4 | Gained mutation: Your touch may irresistibly damage your
                  | foes and sap their willpower. [demonic ancestry]
 31077 | Spider:4 | Reached XP level 17. HP: 133/133 MP: 25/36
 31160 | Spider:4 | Offered knowledge of Spellforged Servitor by Vehumet.
 31169 | Spider:4 | Learned a level 7 spell: Spellforged Servitor
 31181 | Spider:4 | Learned a level 8 spell: Lehudib's Crystal Spear
 31283 | Spider:4 | Got a gossamer rune of Zot
 31689 | Shoals:1 | Entered Level 1 of the Shoals
 31911 | Shoals:1 | Reached skill level 1 in Summonings
 32019 | Shoals:1 | Noticed a kraken
 32570 | Shoals:1 | Killed a kraken
 33772 | Shoals:3 | Noticed Polyphemus
 33790 | Shoals:3 | Killed Polyphemus
 33793 | Shoals:3 | Reached skill level 5 in Earth Magic
 33995 | Shoals:3 | Identified the +8 chain mail of Gyoli {rPois}
 34156 | Shoals:3 | Noticed a kraken
 34164 | Shoals:3 | Killed a kraken
 34526 | Shoals:4 | Entered Level 4 of the Shoals
 34671 | Shoals:4 | Identified the +7 hand cannon of Valour {heavy, rPois}
 34714 | Shoals:4 | Reached skill level 5 in Summonings
 34727 | Shoals:4 | Gained mutation: You regenerate health from kills. [demonic
                  | ancestry]
 34727 | Shoals:4 | Reached XP level 18. HP: 140/140 MP: 7/38
 34739 | Shoals:4 | Offered knowledge of Fire Storm by Vehumet.
 34739 | Shoals:4 | Offered knowledge of Chain Lightning by Vehumet.
 34739 | Shoals:4 | Offered knowledge of Ignition by Vehumet.
 35445 | Shoals:4 | Identified the ring of Yptaqix {rPois Will++ AC+4}
 35531 | Shoals:4 | Got a barnacled rune of Zot
 36026 | Lair:1   | Saving game... please wait.
 36045 | Lair:1   | Learned a level 8 spell: Ignition
 37560 | Elf:2    | Found a runed translucent gate.
 37582 | Elf:2    | Found a runed translucent gate.
 37612 | Elf:2    | Paralysed by an air elemental for 1 turns
 37647 | Elf:2    | Found Dicrutah's Weapon Shoppe.
 37839 | Elf:2    | Found a runed translucent gate.
 38173 | Elf:3    | Identified the "Hughoch"
 38173 | Elf:3    | Identified the "Tukogil"
 38173 | Elf:3    | Identified the "Ewyss"
 38173 | Elf:3    | Entered Level 3 of the Elven Halls
 38468 | Elf:3    | Identified the +0 scale mail of Gozag's Indignation {Will+}
 38501 | Elf:3    | Gained mutation: You are completely covered in thin
                  | metallic scales. (AC +4, rElec) [demonic ancestry]
 38501 | Elf:3    | Reached XP level 19. HP: 146/146 MP: 14/40
 38515 | Elf:3    | Identified the staff of Valour {rF+ Conj}
 38562 | Elf:3    | Identified the +7 glaive "Moetuiru" {venom, rPois}
 38681 | Elf:3    | Identified the +8 dagger of Nurrucaek {heavy, +Blink rElec
                  | Str-2}
 38756 | Elf:3    | Identified the +8 hand axe "Qyraushru" {heavy, Str+4 Dex+2}
 38758 | Elf:3    | Identified the staff of the Special Seers {rF+ Dex+5 Fire}
 38760 | Elf:3    | Identified the +0 ring mail of Humiaz {Str+3}
 39829 | Lair:1   | Learned a level 5 spell: Borgnjor's Vile Clutch
 39978 | Vaults:1 | Entered Level 1 of the Vaults
 39999 | Vaults:1 | Found Yvenwef's Jewellery Emporium.
 40005 | Vaults:1 | Found Taismatyodgh's Distillery.
 40013 | Vaults:1 | Bought a potion of resistance for 140 gold pieces
 40033 | Vaults:1 | Found Otoeqoiv's Weapon Boutique.
 40053 | Vaults:1 | Found Yrchemira's Armour Shop.
 40085 | Vaults:1 | Found a magical portal.
 40115 | Vaults:1 | Bought the dreamshard necklace {Acrobat *Dream} for 2600
                  | gold pieces
 40115 | Vaults:1 | Found the dreamshard necklace {Acrobat *Dream}
 40146 | WizLab   | Entered Tukima's Studio
 40192 | WizLab   | Reached skill level 15 in Fire Magic
 40208 | WizLab   | Identified the +9 triple crossbow "Jucockeb" {penet, Str+4}
 40342 | WizLab   | Identified the -1 cloak "Wuvaarip" {rN++ rCorr MP+9 Str-2}
 40402 | WizLab   | Noticed nms23's illusion
 40425 | WizLab   | Identified the +1 hat "Mochurun" {Contam rPois Str+9 Dex-4}
 40434 | WizLab   | Identified the +0 pair of gloves "Wiosuast" {Dex+3}
 42168 | Vaults:1 | Saving game... please wait.
 42168 | Vaults:1 | Upgraded the game from 0.31-a0-1009-g454b1f1e0a to
                  | 0.31-a0-1019-g3dd9dd1025
 42705 | Vaults:2 | Found Vimoc's Jewellery Boutique.
 42739 | Vaults:2 | Reached skill level 10 in Dodging
 42804 | Vaults:2 | Identified the amulet "Napyheno" {Reflect rPois Str+3 SH+5}
 43151 | Vaults:2 | Noticed Asterion
 43159 | Vaults:2 | Killed Asterion
 43163 | Vaults:2 | Gained mutation: When low on magic, you restore magic in
                  | place of health. [demonic ancestry]
 43163 | Vaults:2 | Reached XP level 20. HP: 119/153 MP: 5/41
 43271 | Vaults:2 | Noticed Sojobo
 43277 | Vaults:2 | Killed Sojobo
 43904 | Vaults:2 | Identified the staff "Fywkool" {Drain rElec rN+ Stlth+ Conj
                  | Air}
 43913 | Vaults:2 | Identified the ring of Zymolako {rCorr Int+4 Dex-3}
 43915 | Vaults:2 | Identified the +5 whip of Atziepno {heavy, rF+ Str+2 Int+5}
 43979 | Vaults:2 | Noticed Nikola
 43995 | Vaults:2 | Killed Nikola
 44107 | Vaults:2 | Killed Donald
 44226 | Vaults:2 | Identified the +0 short sword of Qyosah {venom, Fragile Fly
                  | rCorr Dex+3}
 44276 | Vaults:3 | Noticed Norris
 44280 | Vaults:3 | Killed Norris
 44447 | Vaults:3 | Noticed Margery
 44458 | Vaults:3 | Killed Margery
 44684 | Vaults:3 | Found a staircase to the Crypt.
 44951 | Vaults:3 | Reached skill level 10 in Earth Magic
 45579 | Vaults:4 | Gained mutation: Your presence sometimes corrodes those you
                  | injure. [demonic ancestry]
 45579 | Vaults:4 | Reached XP level 21. HP: 159/159 MP: 36/43
 45719 | Vaults:4 | Noticed Zenata
 45725 | Vaults:4 | Killed Zenata
 46551 | Vaults:4 | Found Weic's Antique Armour Boutique.
 46877 | Vaults:5 | Entered Level 5 of the Vaults
 46916 | Vaults:5 | Identified the +9 halberd of the Chain {heavy, rElec Str+4}
 47587 | Vaults:5 | Noticed an ancient lich
 47595 | Vaults:5 | Killed an ancient lich
 47713 | Vaults:5 | Noticed an ancient lich
 47719 | Vaults:5 | Killed an ancient lich
 47726 | Vaults:5 | Reached XP level 22. HP: 165/165 MP: 40/45
 47876 | Vaults:5 | Identified the ring "Yban" {rPois rF- AC+4 Str+4 Int+4}
 48267 | Vaults:5 | Noticed a dread lich
 48273 | Vaults:5 | Killed a dread lich
 48395 | Vaults:5 | Identified the +1 robe "Ageyn" {Dex+2 Archmagi}
 48449 | Vaults:5 | Learned a level 9 spell: Fire Storm
 49518 | Vaults:5 | Got a silver rune of Zot
 49711 | Vaults:5 | Identified a scroll of acquirement
 49712 | Vaults:5 | Acquired 807 gold pieces
 50160 | D:11     | Bought a manual of Shields for 1120 gold pieces
 50160 | D:11     | Bought a manual of Transmutations for 1120 gold pieces
 50726 | D:14     | You fall into a shaft and drop 1 floor!
 50726 | D:15     | Entered Level 15 of the Dungeon
 51320 | D:15     | Found Meonoy Exkav's Jewellery Shoppe.
 51644 | D:15     | Noticed Kirke
 51645 | D:15     | Killed Kirke
 52084 | D:15     | Reached skill level 1 in Shields
 52145 | D:15     | Found a staircase to the Depths.
 52463 | Zot:3    | Identified the "Gush"
 52463 | Slime:1  | Entered Level 1 of the Pits of Slime
 52464 | Slime:1  | Paralysed by a formless jellyfish for 1 turns
 53190 | Slime:5  | Identified the "Tiguep"
 53190 | Slime:5  | Entered Level 5 of the Pits of Slime
 53262 | Slime:5  | Reached XP level 23. HP: 173/173 MP: 47/47
 53292 | Slime:5  | Reached skill level 5 in Shields
 53407 | Slime:5  | Noticed the Royal Jelly
 53412 | Slime:5  | Killed the Royal Jelly
 53742 | Slime:5  | Found the +11 Singing Sword {sonic wave}
 53746 | Slime:5  | Found the +10 zealot's sword {holy, Zealotry, *Rage rN+
                  | EV+3}
 53746 | Slime:5  | Found the +9 scales of the Dragon King {rPois rF+ rC+
                  | Will+}
 53755 | Slime:5  | Identified the +2 pair of boots of Weightlessness {Harm
                  | Will+ Str+3 Dex+2}
 53793 | Slime:5  | Got a slimy rune of Zot
 53794 | Slime:5  | Identified the staff of Eckul {rElec rF+++ rC- Str+2 Dex-2
                  | SInv Air}
 53805 | Slime:5  | Identified the +3 scimitar of Truncation {venom, Will+
                  | Int+3}
 53824 | Slime:5  | Identified the staff "Vuinwog" {rElec rF+ rN+ Str+3 Necro}
 53856 | Slime:5  | Identified the +7 sling of Xypoptee {drain, rPois Str+2}
 54438 | Depths:1 | Entered Level 1 of the Depths
 54529 | Depths:1 | Reached skill level 1 in Transmutations
 54685 | Depths:1 | Identified the ring "Teid" {Int+2 SInv}
 54982 | Depths:1 | Noticed Louise
 54985 | Depths:1 | Killed Louise
 55010 | Depths:1 | Found a one-way gate to the infinite horrors of the Abyss.
 55023 | Depths:1 | Found a transporter.
 55091 | Depths:1 | Found a transporter.
 55093 | Depths:1 | Noticed pzskc383's ghost (veteran GrFi)
 55141 | Depths:1 | Noticed an ancient lich
 55155 | Depths:1 | Killed an ancient lich
 55164 | Depths:1 | Killed pzskc383's ghost
 55196 | Depths:1 | Identified the amulet of Conformity {Reflect Harm rPois
                  | Str-2 SH+5}
 55445 | Depths:1 | Found a gateway to Hell.
 55964 | Depths:2 | Identified the serpent talisman of Ciqa {rCorr}
 55964 | Depths:2 | Noticed Aizul
 55970 | Depths:2 | Killed Aizul
 56081 | Depths:2 | Reached skill level 5 in Transmutations
 56081 | Depths:2 | Reached skill level 5 in Evocations
 56089 | Depths:2 | Noticed a juggernaut
 56092 | Depths:2 | Killed a juggernaut
 56162 | Depths:2 | Reached XP level 24. HP: 173/184 MP: 37/47
 56329 | Depths:2 | You fall into a shaft and drop 1 floor!
 56341 | Depths:3 | Reached skill level 10 in Shields
 56487 | Depths:3 | Found a runed translucent door.
 57066 | Depths:2 | Found a blossoming altar of Fedhas.
 57228 | Depths:2 | Found a one-way gate leading to the halls of Pandemonium.
 57411 | Depths:1 | Saving game... please wait.
 57628 | Depths:3 | Found a runed translucent door.
 57653 | Depths:3 | Found a runed translucent door.
 57657 | Depths:3 | Found a runed translucent door.
 57658 | Depths:3 | Found a runed translucent door.
 57680 | Depths:3 | Noticed a juggernaut
 57685 | Depths:3 | Killed a juggernaut
 57729 | Depths:3 | Noticed a juggernaut
 57733 | Depths:3 | Killed a juggernaut
 57840 | Depths:3 | Identified the +5 plate armour of Inevitability {rF++ MP-9
                  | Int+4}
 57843 | Depths:3 | Identified the staff of Dupseij {rF+ Str+3 Fire}
 58018 | Depths:3 | Reached skill level 15 in Fighting
 58054 | Depths:4 | Entered Level 4 of the Depths
 58108 | Depths:4 | Noticed Boris
 58112 | Depths:4 | Killed Boris
 58246 | Depths:4 | Found a one-way gateway to a ziggurat.
 58406 | Depths:4 | Found a gate to the Realm of Zot.
 58436 | Depths:4 | Noticed Xtahua
 58439 | Depths:4 | Killed Xtahua
 58513 | Depths:4 | Found a broken altar of Ashenzari.
 58584 | Depths:4 | Learned a level 5 spell: Yara's Violent Unravelling
 58683 | Depths:4 | Found a runed translucent gate.
 58684 | Depths:4 | Found a runed translucent gate.
 58685 | Depths:4 | Found a runed translucent gate.
 58687 | Depths:4 | Noticed grizmgrazm2's ghost (veteran DECj)
 59153 | Depths:4 | Paralysed by a Zot trap for 4 turns
 59165 | Depths:4 | Gained mutation: You occasionally lose the ability to drink
                  | potions when taking damage. [mutagenic glow]
 59180 | Depths:4 | Gained mutation: You are weak. (Str -2) [mutagenic glow]
 59194 | Depths:4 | Killed grizmgrazm2's ghost
 59195 | Depths:4 | Gained mutation: Your presence sometimes corrodes or
                  | deforms those you injure. [demonic ancestry]
 59195 | Depths:4 | Reached XP level 25. HP: 116/194 MP: 31/48
 59195 | Depths:4 | Gained mutation: You occasionally lose the ability to read
                  | scrolls when taking damage. [mutagenic glow]
 59204 | Depths:4 | Gained mutation: Your spells are a little easier to cast,
                  | but a little less powerful. [mutagenic glow]
 59214 | Depths:4 | Gained mutation: You are dopey. (Int -2) [mutagenic glow]
 59228 | Depths:4 | Gained mutation: You are very weak. (Str -4) [mutagenic
                  | glow]
 59246 | Depths:4 | Gained mutation: Your body sometimes deteriorates upon
                  | taking damage. [mutagenic glow]
 59424 | Depths:4 | Identified the +1 helmet of Heesm {rC+}
 59426 | Depths:4 | Identified the +1 kite shield "Sitannooze" {-Tele Fly
                  | Regen+ Dex+2}
 59430 | Depths:4 | Identified the +3 barding of Veril {Fly rCorr}
 59433 | Depths:4 | Identified the +11 mace "Xyupa" {drain, rF+ rN+ Dex+3 SInv}
 59491 | Zot:1    | Entered Level 1 of the Realm of Zot
 59685 | Zot:1    | Noticed an orb of fire
 59691 | Zot:1    | Killed an orb of fire
 59692 | Zot:1    | Lost mutation: You are very weak. (Str -4) [potion of
                  | mutation]
 59692 | Zot:1    | Lost mutation: Your spells are a little easier to cast, but
                  | a little less powerful. [potion of mutation]
 59692 | Zot:1    | Lost mutation: You occasionally lose the ability to read
                  | scrolls when taking damage. [potion of mutation]
 59692 | Zot:1    | Lost mutation: You are dopey. (Int -2) [potion of mutation]
 59692 | Zot:1    | Lost mutation: You occasionally lose the ability to drink
                  | potions when taking damage. [potion of mutation]
 59693 | Zot:1    | Lost mutation: Your body sometimes deteriorates upon taking
                  | damage. [potion of mutation]
 59693 | Zot:1    | Lost mutation: You are weak. (Str -2) [potion of mutation]
 59693 | Zot:1    | Gained mutation: Your flesh is cold resistant. (rC+)
                  | [potion of mutation]
 61353 | Zot:2    | Noticed an orb of fire
 61359 | Zot:2    | Killed an orb of fire
 62164 | Lair:1   | Learned a level 6 spell: Bombard
 63658 | Lair:5   | Killed BinkBink's ghost
 64836 | Tomb:3   | Identified the of Veasabuo
 64836 | Tomb:3   | Identified the of Quhuej
 64836 | Zig:1    | Entered Level 1 of a ziggurat
 64853 | Zig:2    | Entered Level 2 of a ziggurat
 64879 | Zig:3    | Entered Level 3 of a ziggurat
 65026 | Zig:3    | Gained mutation: You regenerate a lot of health from kills.
                  | [demonic ancestry]
 65026 | Zig:3    | Reached XP level 26. HP: 200/200 MP: 50/50
 65029 | Zig:4    | Entered Level 4 of a ziggurat
 65033 | Zig:4    | Gained mutation: You can speak a Word of Chaos. [demonic
                  | ancestry]
 65033 | Zig:4    | Reached XP level 27. HP: 206/208 MP: 50/50
 65064 | Zig:5    | Identified the "Diutof"
 65064 | Zig:5    | Identified the of Xiphielu
 65064 | Zig:5    | Entered Level 5 of a ziggurat
 65095 | Zig:5    | Identified the +1 helmet of the Unbroken {Stlth+}
 65097 | Zig:5    | Identified the +4 quarterstaff of Kufiamp {drain, rC+}
 65103 | Zig:6    | Identified the of Fient
 65103 | Zig:6    | Entered Level 6 of a ziggurat
 65110 | Zig:6    | Noticed an ancient lich
 65112 | Zig:6    | Killed an ancient lich
 65143 | Zig:7    | Identified the "Searynu"
 65143 | Zig:7    | Entered Level 7 of a ziggurat
 65149 | Zig:7    | Noticed a royal mummy
 65151 | Zig:7    | Killed a royal mummy
 65152 | Zig:7    | Noticed a royal mummy
 65152 | Zig:7    | Found the +10 Black Knight's barding {ponderous, rPois rN+}
 65156 | Zig:7    | Killed a royal mummy
 65182 | Zig:8    | Entered Level 8 of a ziggurat
 65201 | Zig:8    | Identified the +0 cloak of the Hurricane {Str-5 Dex+3
                  | Slay+2 Stlth+}
 65209 | Zig:8    | Identified the +4 pair of boots of Defiance {-Tele Int+6
                  | Slay+2}
 65242 | Zig:9    | Entered Level 9 of a ziggurat
 65309 | Zig:10   | Entered Level 10 of a ziggurat
 65322 | Zig:10   | Noticed Bylesh the pandemonium lord
 65323 | Zig:10   | Killed Bylesh the pandemonium lord
 65342 | Zig:10   | Identified the +3 long sword of the Pyrrhic Victory
                  | {freeze, Contam rC+ Int+5}
 65362 | Zig:11   | Entered Level 11 of a ziggurat
 65374 | Zig:11   | Noticed a dread lich
 65375 | Zig:11   | Noticed a dread lich
 65375 | Zig:11   | Noticed a dread lich
 65375 | Zig:11   | Noticed an ancient lich
 65376 | Zig:11   | Noticed a dread lich
 65376 | Zig:11   | Noticed a dread lich
 65378 | Zig:11   | Killed an ancient lich
 65378 | Zig:11   | Killed a dread lich
 65378 | Zig:11   | Killed a dread lich
 65378 | Zig:11   | Killed a dread lich
 65378 | Zig:11   | Killed a dread lich
 65378 | Zig:11   | Killed a dread lich
 65392 | Zig:11   | Identified the +10 triple sword of the Equinox {holy, rCorr
                  | Str+3}
 65395 | Zig:11   | Identified the staff "Embalmer" {rF+ rC+ rCorr MP+9 Dex-2
                  | Fire}
 65398 | Zig:11   | Identified the +6 scimitar "Nynor" {freeze, rCorr}
 65399 | Zig:11   | Identified the +8 arbalest "Qehacsoc" {elec, Int+2 Dex+4}
 65406 | Zig:11   | Identified the +0 dagger "Naothraz" {flame, Fly Str+3}
 65439 | Zig:12   | Entered Level 12 of a ziggurat
 65467 | Zig:12   | Identified the staff of Jogouleh {*Slow rPois rN+ Will+
                  | Necro}
 65475 | Zig:12   | Identified the amulet "Zizah" {Faith Int+5}
 65489 | Zig:13   | Identified the "Sedinaide"
 65489 | Zig:13   | Identified the of Ysyzy
 65489 | Zig:13   | Entered Level 13 of a ziggurat
 65497 | Zig:13   | Noticed Calikypn the pandemonium lord
 65501 | Zig:13   | Killed Calikypn the pandemonium lord
 65533 | Zig:13   | Found the +5 robe of Night {Dark Will+ SInv}
 65544 | Zig:13   | Identified the staff of Usumm {rElec rC+ MP+9 Ice}
 65560 | Zig:13   | Identified the ring "Veen" {rC+ rN+ Str+3}
 65631 | Zig:14   | Identified the "Jatyptoq"
 65631 | Zig:14   | Entered Level 14 of a ziggurat
 65650 | Zig:14   | Reached skill level 15 in Shields
 65733 | Zig:15   | Entered Level 15 of a ziggurat
 65752 | Zig:15   | Found the crystal ball of Wucad Mu {*channel}
 65768 | Zig:15   | Identified the +11 shortbow of Genysowk {freeze, Fly
                  | Will+++}
 65779 | Zig:15   | Identified the amulet of Autotheism {Spirit Int+3}
 65859 | Zig:16   | Identified the of Ruten
 65859 | Zig:16   | Entered Level 16 of a ziggurat
 65878 | Zig:16   | Reached skill level 1 in Hexes
 65879 | Zig:16   | Reached skill level 1 in Armour
 65898 | Zig:16   | Identified the +7 whip of the Whale {flame, Fragile rElec
                  | rF+ Dex+5}
 65955 | Zig:17   | Entered Level 17 of a ziggurat
 65974 | Zig:17   | Noticed a dread lich
 65974 | Zig:17   | Noticed an ancient lich
 65976 | Zig:17   | Killed a dread lich
 65976 | Zig:17   | Killed an ancient lich
 65995 | Zig:17   | Identified the +8 shortbow of Plunder {heavy, rC++ Int+4
                  | SInv}
 66000 | Zig:17   | Identified the amulet "Utyuli" {Faith Will+}
 66003 | Zig:17   | Identified the +0 broad axe "Goovvuik" {spect, *Noise rPois
                  | Dex+2 SInv}
 66009 | Zig:17   | Identified the +5 great mace of Sudden Death {flame, Fly
                  | rF+++ Will++ Dex-4}
 66055 | Zig:18   | Identified the "Liwomoh"
 66055 | Zig:18   | Identified the of Rugh
 66055 | Zig:18   | Identified the of Yrurumyu
 66055 | Zig:18   | Entered Level 18 of a ziggurat
 66172 | Zig:18   | Reached skill level 5 in Hexes
 66205 | Zig:18   | Identified the serpent talisman of Eternal Vigilance
                  | {Dex+6}
 66215 | Zig:18   | Identified the +1 great mace "Sumix" {drain, rN+ Will+ MP+9
                  | Str+2}
 66224 | Zig:18   | Identified the +9 trident of Dof Biup {protect, *Slow Int+5
                  | SInv Stlth+}
 66246 | Zig:19   | Entered Level 19 of a ziggurat
 66269 | Zig:19   | Noticed Xenuv Sasch the pandemonium lord
 66274 | Zig:19   | Killed Xenuv Sasch the pandemonium lord
 66316 | Zig:19   | Identified the +7 shortbow "Tutyelol" {freeze, Str+4 Dex+5
                  | Stlth-}
 66323 | Zig:19   | Identified the ring of Myst {Fly Will+}
 66326 | Zig:19   | Identified the ring of the Queen {Fly rF+ Str+4}
 66382 | Zig:20   | Identified the of Gazxakhlu
 66382 | Zig:20   | Identified the "Kiyret"
 66382 | Zig:20   | Entered Level 20 of a ziggurat
 66412 | Zig:20   | Found the +8 lance "Wyrmbane" {slay drac, rPois rF+ rC+
                  | AC+3}
 66419 | Zig:20   | Identified the ring "Madus" {EV+5 Dex-3 Slay+6}
 66507 | Zig:21   | Entered Level 21 of a ziggurat
 66527 | Zig:21   | Identified the +5 buckler of Leapfrog {-Cast +Blink rElec
                  | Regen+ Dex-2}
 66599 | Zig:21   | Found the ring of Shadows {Umbra +Inv Stlth+}
 66617 | Zig:21   | Identified the +9 great mace of the Tundras {freeze, rF-
                  | Will+++ rCorr Dex+4}
 66620 | Zig:21   | Identified the ring "Houtif" {rPois Dex+3}
 66623 | Zig:21   | Identified the +2 battleaxe of the Eight Knaves {pain,
                  | Will+ Int-2 Dex+3}
 66624 | Zig:21   | Identified the ring of Vyops {+Blink rC+}
 66625 | Zig:21   | Identified the +6 leather armour of the Histrionic God
                  | {+Blink rF++ rC+ Dex-4}
 66628 | Zig:21   | Identified the +1 long sword "Gape" {freeze, rPois Stlth+}
 66630 | Zig:21   | Identified the amulet of the Shining Light {Spirit Int+4
                  | Dex-5 Stlth+}
 66718 | Zig:22   | Identified the "Ullepa"
 66718 | Zig:22   | Entered Level 22 of a ziggurat
 66754 | Zig:22   | Found the +6 arbalest "Damnation" {damnation}
 66757 | Zig:22   | Found the amulet of Vitality {RegenMP++ Regen++}
 66789 | Zig:22   | Identified the ring "Casish" {rPois Str+6 Int+3 Dex-4}
 66811 | Zig:22   | Identified the staff of Success {rC+ Dex+2 Ice}
 66910 | Zig:23   | Identified the "Buhe"
 66910 | Zig:23   | Entered Level 23 of a ziggurat
 66938 | Zig:23   | Reached skill level 10 in Armour
 66938 | Zig:23   | Reached skill level 15 in Dodging
 66964 | Zig:23   | Identified the +4 spear of the Last Ziggurats {drain, rElec
                  | Will+ Stlth+}
 66974 | Zig:23   | Identified the +7 battleaxe of Sin {heavy, Str+7}
 66976 | Zig:23   | Identified the +2 leather armour of the Spheres {-Tele
                  | rElec Will+ MP+9 Int+4}
 66993 | Zig:23   | Identified the ring "Kygelesk" {rElec rC+ Str+2 Slay+3}
 67067 | Zig:24   | Entered Level 24 of a ziggurat
 67160 | Zig:24   | Identified the +2 dagger "Beastslayer" {freeze, rF+ rCorr
                  | Int+2}
 67174 | Zig:24   | Identified the +1 giant spiked club of the Leaping
                  | Scavenger {drain, Str+3 Dex+2}
 67220 | Zig:24   | Saving game... please wait.
 67220 | Zig:24   | Upgraded the game from 0.31-a0-1019-g3dd9dd1025 to
                  | 0.31-a0-1027-gfb7600b534
 67245 | Zig:25   | Entered Level 25 of a ziggurat
 67259 | Zig:25   | Noticed Nesic the pandemonium lord
 67263 | Zig:25   | Noticed Magelaus the pandemonium lord
 67265 | Zig:25   | Killed Nesic the pandemonium lord
 67267 | Zig:25   | Noticed Loreteskeh the pandemonium lord
 67267 | Zig:25   | Noticed Vuoren the pandemonium lord
 67267 | Zig:25   | Noticed Qamuguxt the pandemonium lord
 67274 | Zig:25   | Killed Vuoren the pandemonium lord
 67274 | Zig:25   | Killed Magelaus the pandemonium lord
 67274 | Zig:25   | Killed Loreteskeh the pandemonium lord
 67276 | Zig:25   | Killed Qamuguxt the pandemonium lord
 67276 | Zig:25   | Noticed Hoopni the pandemonium lord
 67277 | Zig:25   | Killed Hoopni the pandemonium lord
 67277 | Zig:25   | Noticed Yghev the pandemonium lord
 67279 | Zig:25   | Killed Yghev the pandemonium lord
 67282 | Zig:25   | Noticed Moateic the pandemonium lord
 67283 | Zig:25   | Noticed Daoleamn the pandemonium lord
 67284 | Zig:25   | Killed Daoleamn the pandemonium lord
 67284 | Zig:25   | Killed Moateic the pandemonium lord
 67285 | Zig:25   | Noticed Ginish the pandemonium lord
 67287 | Zig:25   | Killed Ginish the pandemonium lord
 67289 | Zig:25   | Noticed Keto Zot the pandemonium lord
 67290 | Zig:25   | Killed Rusetic the pandemonium lord
 67291 | Zig:25   | Killed Keto Zot the pandemonium lord
 67297 | Zig:25   | Noticed Huiher the pandemonium lord
 67297 | Zig:25   | Noticed Gausaqaz the pandemonium lord
 67299 | Zig:25   | Killed Gausaqaz the pandemonium lord
 67299 | Zig:25   | Killed Huiher the pandemonium lord
 67299 | Zig:25   | Noticed Bufub the pandemonium lord
 67301 | Zig:25   | Killed Bufub the pandemonium lord
 67360 | Zig:25   | Identified the +11 whip "Ycetoekho" {freeze, rF+ rC++
                  | Will-}
 67387 | Zig:25   | Identified the +5 mace of Diemp {venom, Dex+3}
 67394 | Zig:25   | Identified the +2 pair of gloves of Vuresh {Str-3 Dex+7}
 67437 | Zig:26   | Identified the "Ninnalew"
 67437 | Zig:26   | Entered Level 26 of a ziggurat
 67447 | Zig:26   | Noticed a dread lich
 67450 | Zig:26   | Killed a dread lich
 67654 | Zig:26   | Found the +3 robe of Clouds {*Thunder rCloud rElec}
 67668 | Zig:26   | Identified the ring of Eternal Harmony {rElec rN+ EV+5
                  | Int-2}
 67671 | Zig:26   | Identified the +10 spear "Wubaxaust" {elec, rPois rC+ rCorr
                  | Str-2}
 67674 | Zig:26   | Identified the +4 flail of the Key {flame, rC+ Dex+4}
 67688 | Zig:26   | Identified the +6 plate armour of the Skiapode {rCorr}
 67690 | Zig:26   | Identified the +2 cloak of the Game of Kings {Drain Int+2
                  | Dex+8}
 67735 | Zig:27   | Identified the of Ynogog
 67735 | Zig:27   | Identified the of Hujuw
 67735 | Zig:27   | Identified the of Parurch
 67735 | Zig:27   | Entered Level 27 of a ziggurat
 67908 | Zig:27   | Identified the ring "Okhly" {rElec rC+ Str+6 Stlth+}
 67916 | Zig:27   | Identified the +0 leather armour of Defence {rElec MP+9
                  | Int-4}
 67919 | Zig:27   | Identified the +4 rapier of Fortitude {flame, rElec rN+
                  | Will+++ Int-3}
 67926 | Zig:27   | Identified the amulet "Odig" {Fly Regen+}
 67927 | Zig:27   | Identified the orb "Keaqask" {*channel, rElec Str+3}
 67935 | Zig:27   | Identified the staff of the Mauling Gods {rPois Int+2
                  | Poison}
 67936 | Zig:27   | Identified the ring "Rety" {rF+ rCorr}
 67943 | Zig:27   | Identified the +4 flail "Kiobesan" {vamp, rElec rPois Will+
                  | Int+3}
 67949 | Zig:27   | Identified the +0 ring mail of Polish {Drain Str+6}
 68037 | Hell     | Entered the Vestibule of Hell
 68043 | Hell     | Noticed Geryon
 68050 | Hell     | Killed Geryon
 68051 | Hell     | Found a gateway to the freezing wastes of Cocytus.
 68052 | Hell     | Reached skill level 1 in Air Magic
 68313 | Hell     | Found a gateway to the ashen valley of Gehenna.
 68367 | Hell     | Found a gateway to the decaying netherworld of Tartarus.
 68471 | Hell     | Found a gateway to the Iron City of Dis.
 68625 | Depths:4 | Found a broken altar of Ashenzari.
 68735 | Depths:4 | Found a gate to the Realm of Zot.
 69952 | Hell     | Acquired the +3 pair of seven-league boots {Rampage+∞}
 69952 | Hell     | Found the +3 pair of seven-league boots {Rampage+∞}
 69953 | Hell     | Identified the "Ycaul" (You acquired it in the Vestibule
                  | of Hell)
 69953 | Hell     | Acquired a manual of Short Blades
 69954 | Hell     | Acquired the +4 tower shield of the Sun {rElec rF- Str+4
                  | SInv}
 69955 | Hell     | Identified the "Geucodih" (You acquired it in the
                  | Vestibule of Hell)
 69955 | Hell     | Acquired the Meditations on Flashy Electricity
 69956 | Hell     | Acquired the +10 tower shield of Ignorance {rN+ Int-4}
 69956 | Hell     | Found the +10 tower shield of Ignorance {rN+ Int-4}
 69957 | Hell     | Acquired 1098 gold pieces
 69964 | Hell     | flt: what actually are you preparing for
 70085 | Hell     | Learned a level 2 spell: Blink
 70089 | Hell     | Learned a level 3 spell: Swiftness
 70175 | Depths:3 | Voluntarily entered the Abyss.
 70387 | Abyss:3  | Found a corrupted altar of Lugonu.
 70401 | Abyss:4  | Found a corrupted altar of Lugonu.
 70457 | Abyss:4  | Found a corrupted altar of Lugonu.
 70460 | Abyss:4  | Found a corrupted altar of Lugonu.
 70460 | Abyss:4  | Found a corrupted altar of Lugonu.
 70666 | Abyss:4  | Noticed an ancient lich
 70669 | Abyss:4  | Killed an ancient lich
 70670 | Abyss:4  | Reached skill level 5 in Air Magic
 70795 | Abyss:4  | flt: anyways , good luck
 70827 | Abyss:4  | Learned a level 1 spell: Apportation
 71407 | Abyss:6  | Found a corrupted altar of Lugonu.
 71407 | Abyss:6  | Found a corrupted altar of Lugonu.
 71451 | Abyss:6  | Found a corrupted altar of Lugonu.
 71486 | Abyss:6  | Got an abyssal rune of Zot
 71505 | Depths:3 | Escaped the Abyss
 71772 | Crypt:1  | Entered Level 1 of the Crypt
 71837 | Crypt:1  | Noticed Boris
 71844 | Crypt:1  | Killed Boris
 71992 | Crypt:1  | Identified the +6 scale mail of Proximity {rCorr}
 72416 | Crypt:3  | Entered Level 3 of the Crypt
 72691 | Crypt:3  | Noticed an ancient lich
 72693 | Crypt:3  | Reached skill level 10 in Air Magic
 72693 | Crypt:3  | Killed an ancient lich
 72813 | Crypt:3  | Found a basalt altar of Yredelemnul.
 73074 | Crypt:3  | Noticed Grunn
 73077 | Crypt:3  | Killed Grunn
 73109 | Crypt:3  | Identified the +0 ring mail "Pextocee" {Int+2}
 73241 | Crypt:3  | Found a staircase to the Tomb.
 73648 | Tomb:1   | Entered Level 1 of the Tomb of the Ancients
 73960 | Tomb:1   | Noticed a royal mummy
 73964 | Tomb:1   | Killed a royal mummy
 74677 | Tomb:1   | Acquired the +1 cloak "Juchyrr" {rPois rF++ Will- SInv}
 74797 | Tomb:2   | Noticed a royal mummy
 74797 | Tomb:2   | Noticed a royal mummy
 74800 | Tomb:2   | Noticed a royal mummy
 74801 | Tomb:2   | Noticed a royal mummy
 74806 | Tomb:2   | Killed a royal mummy
 74810 | Tomb:2   | Killed a royal mummy
 74817 | Tomb:2   | Killed a royal mummy
 74822 | Tomb:2   | Killed a royal mummy
 75335 | Tomb:1   | Noticed a royal mummy
 75340 | Tomb:1   | Killed a royal mummy
 75454 | Tomb:1   | Noticed a royal mummy
 75456 | Tomb:1   | Killed a royal mummy
 75457 | Tomb:1   | Noticed a royal mummy
 75461 | Tomb:1   | Killed a royal mummy
 75466 | Tomb:1   | Noticed a royal mummy
 75468 | Tomb:1   | Killed a royal mummy
 75631 | Tomb:1   | Noticed a royal mummy
 75633 | Tomb:1   | Killed a royal mummy
 75788 | Tomb:1   | Noticed a royal mummy
 75791 | Tomb:1   | Killed a royal mummy
 75811 | Tomb:1   | Noticed a royal mummy
 75813 | Tomb:1   | Killed a royal mummy
 76035 | Tomb:1   | Noticed a royal mummy
 76038 | Tomb:1   | Killed a royal mummy
 76158 | Tomb:1   | Noticed a royal mummy
 76162 | Tomb:1   | Killed a royal mummy
 76343 | Tomb:1   | Noticed a royal mummy
 76346 | Tomb:1   | Killed a royal mummy
 76523 | Tomb:1   | Noticed a royal mummy
 76525 | Tomb:1   | Killed a royal mummy
 76760 | Tomb:2   | Gained mutation: Your magical capacity is low. (-10% MP)
                  | [mutagenic glow]
 76776 | Tomb:2   | Gained mutation: You occasionally lose the ability to read
                  | scrolls when taking damage. [mutagenic glow]
 76787 | Tomb:2   | Gained mutation: You do not regenerate when monsters are
                  | visible. [mutagenic glow]
 76879 | Tomb:3   | Entered Level 3 of the Tomb of the Ancients
 76901 | Tomb:3   | Noticed a royal mummy
 76904 | Tomb:3   | Killed a royal mummy
 76906 | Tomb:3   | Noticed a royal mummy
 76907 | Tomb:3   | Killed a royal mummy
 76907 | Tomb:3   | Noticed a royal mummy
 76909 | Tomb:3   | Killed a royal mummy
 76912 | Tomb:3   | Noticed a royal mummy
 76913 | Tomb:3   | Reached skill level 15 in Air Magic
 76914 | Tomb:3   | Reached skill level 27 in Spellcasting
 76914 | Tomb:3   | Killed a royal mummy
 76922 | Tomb:3   | Noticed a royal mummy
 76923 | Tomb:3   | Noticed a royal mummy
 76924 | Tomb:3   | Killed a royal mummy
 76924 | Tomb:3   | Noticed a royal mummy
 76925 | Tomb:3   | Killed a royal mummy
 76925 | Tomb:3   | Noticed a royal mummy
 76925 | Tomb:3   | Killed a royal mummy
 76926 | Tomb:3   | Noticed a royal mummy
 76927 | Tomb:3   | Killed a royal mummy
 76927 | Tomb:3   | Killed a royal mummy
 76928 | Tomb:3   | Lost mutation: You occasionally lose the ability to read
                  | scrolls when taking damage. [potion of mutation]
 76928 | Tomb:3   | Lost mutation: You do not regenerate when monsters are
                  | visible. [potion of mutation]
 76928 | Tomb:3   | Lost mutation: Your flesh is cold resistant. (rC+) [potion
                  | of mutation]
 76928 | Tomb:3   | Gained mutation: You have a beak for a mouth. [potion of
                  | mutation]
 76928 | Tomb:3   | Gained mutation: You occasionally shout uncontrollably at
                  | your foes. [potion of mutation]
 76929 | Tomb:3   | Lost mutation: You occasionally shout uncontrollably at
                  | your foes. [potion of mutation]
 76929 | Tomb:3   | Lost mutation: Your magical capacity is low. (-10% MP)
                  | [potion of mutation]
 76929 | Tomb:3   | Lost mutation: You have a beak for a mouth. [potion of
                  | mutation]
 76929 | Tomb:3   | Gained mutation: Your muscles are strong. (Str +4, Int/Dex
                  | -1) [potion of mutation]
 76929 | Tomb:3   | Gained mutation: Your mind is acute. (Int +4, Str/Dex -1)
                  | [potion of mutation]
 76930 | Tomb:3   | Identified the +0 sling of Ucue {elec, rPois Dex+5}
 76985 | Tomb:3   | Found the +8 demon trident "Rift" {distort, reach+}
 76992 | Tomb:3   | Identified the ring "Fewoh" {rF- Str-4 Dex+6 SInv Stlth+}
 76994 | Tomb:3   | Identified the +5 trident "Beast's Nightmare" {antimagic,
                  | rN+ SInv}
 77024 | Tomb:3   | Identified the ring of Xecoxul {Fire rPois Int+4 SInv
                  | Stlth-}
 77031 | Tomb:3   | Identified the +8 battleaxe "Wessigg" {drain, Str+6}
 77036 | Tomb:3   | Identified the amulet of Hepliaklqana's Hope {Reflect rPois
                  | Int+4 SH+5}
 77040 | Tomb:3   | Identified the +7 dagger of Peace {protect, rCorr Dex+2}
 77044 | Tomb:3   | Identified the staff of Amorality {*Slow rElec rF+ rC++
                  | SInv Air}
 77048 | Tomb:3   | Identified the ring of Daeva {rPois rC+ MP+9 Str+4 Stlth-}
 77176 | Tomb:3   | Got a golden rune of Zot
 77725 | Crypt:2  | Noticed Jory
 77730 | Crypt:2  | Killed Jory
 78621 | Hell     | Upgraded the game from 0.31-a0-1027-gfb7600b534 to
                  | 0.31-a0-1036-g31867e143a
 78640 | Zig:1    | Entered Level 1 of a ziggurat
 78660 | Zig:2    | Identified the "Zekkimp"
 78660 | Zig:2    | Entered Level 2 of a ziggurat
 78697 | Zig:3    | Entered Level 3 of a ziggurat
 78700 | Zig:3    | Found the +6 lightning scales {swift, rElec}
 78719 | Zig:4    | Identified the "Suwow"
 78719 | Zig:4    | Entered Level 4 of a ziggurat
 78743 | Zig:4    | Identified the staff "Huanidghy" {rF+ SInv Fire}
 78754 | Zig:5    | Entered Level 5 of a ziggurat
 78770 | Zig:5    | Identified the ring "Xitoahed" {Dex+6 SInv}
 78778 | Zig:6    | Entered Level 6 of a ziggurat
 78790 | Zig:6    | Noticed Qifutt the pandemonium lord
 78793 | Zig:6    | Killed Qifutt the pandemonium lord
 78806 | Zig:6    | Identified the amulet of Fun {Acrobat Str+3}
 78812 | Zig:6    | Identified the +0 pair of boots of Greed {rPois rC+ Stlth+}
 78816 | Zig:7    | Entered Level 7 of a ziggurat
 78843 | Zig:7    | Identified the +9 quarterstaff of Dust {drain, rElec Str+3
                  | Dex+2 Stlth-}
 78863 | Zig:8    | Entered Level 8 of a ziggurat
 78932 | Zig:9    | Entered Level 9 of a ziggurat
 78956 | Zig:9    | Identified the +1 eveningstar "Ecaw" {pain, Dex+6}
 78962 | Zig:9    | Identified the +8 halberd "Adghypneta" {pain, rPois rC-
                  | Will+}
 78971 | Zig:9    | Identified the +8 falchion of War {holy, Fragile Int+4}
 78981 | Zig:10   | Entered Level 10 of a ziggurat
 78992 | Zig:10   | Learned a level 9 spell: Chain Lightning
 79002 | Zig:10   | Noticed a dread lich
 79007 | Zig:10   | Killed a dread lich
 79025 | Zig:10   | Identified the +0 chain mail "Luskel" {rElec rF- Str+2}
 79058 | Zig:11   | Entered Level 11 of a ziggurat
 79071 | Zig:11   | Noticed an ancient lich
 79071 | Zig:11   | Noticed a dread lich
 79071 | Zig:11   | Noticed an ancient lich
 79071 | Zig:11   | Noticed an ancient lich
 79072 | Zig:11   | Killed an ancient lich
 79072 | Zig:11   | Killed an ancient lich
 79073 | Zig:11   | Killed an ancient lich
 79073 | Zig:11   | Noticed an ancient lich
 79074 | Zig:11   | Killed a dread lich
 79075 | Zig:11   | Killed an ancient lich
 79143 | Zig:12   | Entered Level 12 of a ziggurat
 79155 | Zig:12   | Noticed a dread lich
 79157 | Zig:12   | Killed a dread lich
 79183 | Zig:12   | Identified the staff "Duwuwk" {rF+ Dex+2 Hexes Fire}
 79197 | Zig:12   | Identified the ring of the Lobster {rPois Will+ Str+2
                  | Slay+2}
 79217 | Zig:13   | Entered Level 13 of a ziggurat
 79226 | Zig:13   | Reached skill level 1 in Staves
 79228 | Zig:13   | Noticed Memp the pandemonium lord
 79230 | Zig:13   | Killed Memp the pandemonium lord
 79240 | Zig:13   | Reached skill level 5 in Staves
 79259 | Zig:13   | Found the +8 orange crystal plate armour {Archmagi, Int+3
                  | Clar}
 79341 | Zig:14   | Entered Level 14 of a ziggurat
 79366 | Zig:14   | Found the +8 arc blade {discharge, rElec}
 79389 | Zig:14   | Identified the +3 morningstar of Responsibility {venom,
                  | Int+3}
 79461 | Zig:15   | Entered Level 15 of a ziggurat
 79484 | Zig:15   | Paralysed by a wendigo for 1 turns
 79506 | Zig:15   | Identified the +5 longbow "Pyipsooj" {flame, rElec}
 79513 | Zig:15   | Identified the amulet "Teuk" {+Inv Regen+ Dex+3 SInv}
 79527 | Zig:15   | Identified the ring "Unuhing" {rPois rCorr Str+3 Int+6}
 79559 | Zig:16   | Entered Level 16 of a ziggurat
 79583 | Zig:16   | Reached skill level 15 in Armour
 79593 | Zig:16   | Found the ring of the Tortoise {AC+8}
 79616 | Zig:16   | Identified the +1 spear "Joptorri" {antimagic, rC+ Str+5}
 79620 | Zig:16   | Identified the +8 falchion of Symmetry {protect, Str+2}
 79681 | Zig:17   | Identified the "Loum"
 79681 | Zig:17   | Entered Level 17 of a ziggurat
 79699 | Zig:17   | Noticed Kopangen the pandemonium lord
 79700 | Zig:17   | Noticed Bofon the pandemonium lord
 79701 | Zig:17   | Killed Kopangen the pandemonium lord
 79701 | Zig:17   | Noticed Cymal the pandemonium lord
 79701 | Zig:17   | Noticed Tojumez the pandemonium lord
 79701 | Zig:17   | Noticed Akamyhuw the pandemonium lord
 79701 | Zig:17   | Noticed Pedwa the pandemonium lord
 79702 | Zig:17   | Noticed Pumilage the pandemonium lord
 79702 | Zig:17   | Noticed Irullaraja the pandemonium lord
 79703 | Zig:17   | Noticed Enyoli the pandemonium lord
 79703 | Zig:17   | Killed Pumilage the pandemonium lord
 79703 | Zig:17   | Killed Cymal the pandemonium lord
 79703 | Zig:17   | Killed Bofon the pandemonium lord
 79703 | Zig:17   | Killed Pedwa the pandemonium lord
 79704 | Zig:17   | Killed Enyoli the pandemonium lord
 79704 | Zig:17   | Killed Tojumez the pandemonium lord
 79704 | Zig:17   | Killed Irullaraja the pandemonium lord
 79707 | Zig:17   | Killed Guys the pandemonium lord
 79711 | Zig:17   | Killed Akamyhuw the pandemonium lord
 79717 | Zig:17   | Found the +0 pair of fencer's gloves {Riposte Dex+3}
 79734 | Zig:17   | Identified the ring "Cuics" {rN+ Int+6}
 79749 | Zig:17   | Identified the amulet of Kiakheunn {Reflect Int+2 SH+5}
 79799 | Zig:18   | Identified the "Ytwoic"
 79799 | Zig:18   | Identified the "Jiuwoud"
 79799 | Zig:18   | Entered Level 18 of a ziggurat
 79845 | Zig:18   | Found the +10 morningstar "Eos" {elec, Halo rElec}
 79881 | Zig:18   | Identified the amulet of Secvul {RegenMP rN+ Str+7 Dex-4
                  | SInv}
 79924 | Zig:19   | Entered Level 19 of a ziggurat
 79950 | Zig:19   | Noticed Pyehop the pandemonium lord
 79951 | Zig:19   | Killed Pyehop the pandemonium lord
 79972 | Zig:19   | Identified the ring "Taonauxe" {*Corrode rF+ rN+ SInv}
 79974 | Zig:19   | Identified the +6 dire flail "Qiasein" {speed, *Noise rPois
                  | rF+ Int+9 SInv}
 79977 | Zig:19   | Identified the ring "Bowupnik" {Ice rN++ Will+ Str-4
                  | Stlth+}
 79982 | Zig:19   | Identified the +0 pair of gloves of Delightful Life {+Inv}
 79987 | Zig:19   | Identified the staff "Vuuntaet" {rElec rPois Necro Air}
 79991 | Zig:19   | Identified the ring "Vykh" {rPois Int+3 SInv}
 79997 | Zig:19   | Identified the +7 great sword of Autumn {antimagic, *Noise
                  | rCorr Str+7 Stlth+}
 80041 | Zig:20   | Entered Level 20 of a ziggurat
 80110 | Zig:20   | Identified the ring "Wuoceuca" {MP+9 Str+4 Int-3}
 80117 | Zig:20   | Identified the ring "Trusted Companion" {+Blink rPois
                  | Stlth+}
 80120 | Zig:20   | Identified the ring "Urogem" {*Corrode rPois rF+ rN+ Dex+2}
 80121 | Zig:20   | Identified the ring "Botsesso" {*Corrode +Blink rPois rC++
                  | Dex+6}
 80131 | Zig:20   | Identified the staff of Veij {rPois Dex+3 Conj}
 80132 | Zig:20   | Identified the +8 great mace "Zyothrif" {pain, rF+ rC+
                  | Int+2 Dex-5}
 80173 | Zig:21   | Entered Level 21 of a ziggurat
 80286 | Zig:21   | Identified the +5 falchion "Limisch" {flame, Fragile rPois
                  | rF+ rCorr}
 80287 | Zig:21   | Identified the ring "Tahas" {Fly rF+ MP-9 Str+4}
 80289 | Zig:21   | Identified the +6 shortbow of Makhleb's Envy {freeze,
                  | Int+3}
 80296 | Zig:21   | Identified the +5 rapier "Yruraisy" {drain, Fragile Dex+2
                  | Stlth+}
 80297 | Zig:21   | Identified the +6 mace of Giam {pain, rPois rCorr MP+9
                  | Str-3}
 80303 | Zig:21   | Identified the +0 pair of boots of the Black Moon {Dex+3}
 80304 | Zig:21   | Identified the +0 chain mail of Utarolo {Str+3}
 80311 | Zig:22   | Entered Level 22 of a ziggurat
 80322 | Zig:22   | Noticed Xiaziu the pandemonium lord
 80327 | Zig:22   | Killed Xiaziu the pandemonium lord
 80329 | Zig:22   | Noticed Veus the pandemonium lord
 80330 | Zig:22   | Noticed Toqucwah the pandemonium lord
 80332 | Zig:22   | Killed Zualigit the pandemonium lord
 80333 | Zig:22   | Killed Nodwip the pandemonium lord
 80334 | Zig:22   | Killed Toqucwah the pandemonium lord
 80334 | Zig:22   | Noticed Uriaclor the pandemonium lord
 80334 | Zig:22   | Killed Veus the pandemonium lord
 80335 | Zig:22   | Killed Uriaclor the pandemonium lord
 80336 | Zig:22   | Noticed Nico the pandemonium lord
 80336 | Zig:22   | Noticed Gusteppu the pandemonium lord
 80337 | Zig:22   | Killed Nico the pandemonium lord
 80337 | Zig:22   | Killed Gusteppu the pandemonium lord
 80339 | Zig:22   | Noticed Ocasty the pandemonium lord
 80341 | Zig:22   | Killed Ocasty the pandemonium lord
 80342 | Zig:22   | Noticed Ceisk the pandemonium lord
 80344 | Zig:22   | Killed Ceisk the pandemonium lord
 80345 | Zig:22   | Noticed Jenun the pandemonium lord
 80345 | Zig:22   | Noticed Weghelep the pandemonium lord
 80345 | Zig:22   | Noticed Oxir the pandemonium lord
 80345 | Zig:22   | Noticed Doaf the pandemonium lord
 80346 | Zig:22   | Killed Weghelep the pandemonium lord
 80346 | Zig:22   | Noticed Qaopt the pandemonium lord
 80347 | Zig:22   | Killed Jenun the pandemonium lord
 80348 | Zig:22   | Killed Doaf the pandemonium lord
 80348 | Zig:22   | Killed Qaopt the pandemonium lord
 80348 | Zig:22   | Killed Oxir the pandemonium lord
 80349 | Zig:22   | Noticed Cuweqomp the pandemonium lord
 80351 | Zig:22   | Killed Cuweqomp the pandemonium lord
 80352 | Zig:22   | Noticed Hunamoep the pandemonium lord
 80356 | Zig:22   | Killed Hunamoep the pandemonium lord
 80356 | Zig:22   | Noticed Gootottu the pandemonium lord
 80357 | Zig:22   | Killed Gootottu the pandemonium lord
 80374 | Zig:22   | Found the +4 skin of Zhor {*Englaciate rC+++ SInv}
 80379 | Zig:22   | Identified the +0 long sword "Orb Guardian's Curse" {heavy,
                  | Contam rPois rC+ Str+4}
 80388 | Zig:22   | Identified the ring "Tiucvaj" {rF+ rN++ rCorr Int+3 Stlth-}
 80402 | Zig:22   | Identified the +5 sling of the Shore {drain, Will+ Stlth+}
 80494 | Zig:23   | Entered Level 23 of a ziggurat
 80506 | Zig:23   | Noticed Bofyps the pandemonium lord
 80506 | Zig:23   | Noticed Jujioru the pandemonium lord
 80509 | Zig:23   | Killed Bofyps the pandemonium lord
 80509 | Zig:23   | Noticed Mopac the pandemonium lord
 80510 | Zig:23   | Killed Jujioru the pandemonium lord
 80512 | Zig:23   | Killed Mopac the pandemonium lord
 80513 | Zig:23   | Killed Palel the pandemonium lord
 80514 | Zig:23   | Noticed Geohocia the pandemonium lord
 80514 | Zig:23   | Noticed Toof the pandemonium lord
 80515 | Zig:23   | Noticed Woaxau the pandemonium lord
 80516 | Zig:23   | Killed Xiha Xafamp the pandemonium lord
 80516 | Zig:23   | Noticed Soizos the pandemonium lord
 80516 | Zig:23   | Killed Geohocia the pandemonium lord
 80517 | Zig:23   | Killed Woaxau the pandemonium lord
 80518 | Zig:23   | Killed Toof the pandemonium lord
 80519 | Zig:23   | Killed Soizos the pandemonium lord
 80519 | Zig:23   | Noticed Ponucois the pandemonium lord
 80521 | Zig:23   | Noticed Nivach the pandemonium lord
 80522 | Zig:23   | Killed Ponucois the pandemonium lord
 80522 | Zig:23   | Noticed Lonoaker the pandemonium lord
 80524 | Zig:23   | Noticed Nuem the pandemonium lord
 80524 | Zig:23   | Killed Lonoaker the pandemonium lord
 80525 | Zig:23   | Killed Nuem the pandemonium lord
 80525 | Zig:23   | Noticed Cush the pandemonium lord
 80527 | Zig:23   | Killed Nivach the pandemonium lord
 80527 | Zig:23   | Killed Cush the pandemonium lord
 80528 | Zig:23   | Noticed Verur the pandemonium lord
 80529 | Zig:23   | Noticed Viho Sae the pandemonium lord
 80531 | Zig:23   | Noticed Ytut the pandemonium lord
 80531 | Zig:23   | Noticed Koihigor the pandemonium lord
 80532 | Zig:23   | Killed Viho Sae the pandemonium lord
 80532 | Zig:23   | Noticed Soikk the pandemonium lord
 80533 | Zig:23   | Killed Verur the pandemonium lord
 80534 | Zig:23   | Killed Soikk the pandemonium lord
 80541 | Zig:23   | Killed Ytut the pandemonium lord
 80544 | Zig:23   | Killed Koihigor the pandemonium lord
 80545 | Zig:23   | Noticed Xomofir the pandemonium lord
 80549 | Zig:23   | Killed Xomofir the pandemonium lord
 80599 | Zig:23   | Identified the +1 scale mail of Calculation {SInv}
 80630 | Zig:23   | Identified the +3 longbow of Conscience {drain, rC+ Str+4
                  | Stlth+}
 80638 | Zig:23   | Identified the ring "Ischiw" {rElec rN+ Str+6}
 80696 | Zig:24   | Identified the "Nebrin"
 80696 | Zig:24   | Identified the "Anunnaz"
 80696 | Zig:24   | Entered Level 24 of a ziggurat
 80719 | Zig:24   | Reached skill level 27 in Armour
 80726 | Zig:24   | Reached skill level 10 in Evocations
 80761 | Zig:24   | Identified the +1 leather armour of Dikaj {Rampage rC-
                  | Int+6}
 80764 | Zig:24   | Identified the amulet "Diletiwk" {Reflect Int+3 SH+5}
 80768 | Zig:24   | Identified the staff "Xyirch" {rF+ Will+ rCorr Dex-5 SInv
                  | Fire}
 80770 | Zig:24   | Identified the +2 ring mail of Pandemonium {rF+ Str+2 SInv}
 80855 | Zig:25   | Identified the "Eviokefre"
 80855 | Zig:25   | Entered Level 25 of a ziggurat
 80903 | Zig:25   | Reached skill level 27 in Shields
 80923 | Zig:25   | Found the Hermit's Pendant {Faith Invo=14 Evo=0 MP+5}
 80934 | Zig:25   | Identified the +1 rapier "nms23's Bane" {spect, Str+2}
 81045 | Zig:26   | Identified the "Quaschuos"
 81045 | Zig:26   | Identified the "Cidiza Zyiw"
 81045 | Zig:26   | Entered Level 26 of a ziggurat
 81223 | Zig:26   | Identified the amulet "Quecleot" {Faith rN+ SInv}
 81237 | Zig:26   | Identified the +6 war axe of Exquisite Torment {flame,
                  | Contam Str+7 Stlth+}
 81247 | Zig:26   | Identified the ring of Usi Oxun {*Slow rPois rC- MP+9
                  | Str+8}
 81263 | Zig:27   | Identified the of Silo
 81263 | Zig:27   | Entered Level 27 of a ziggurat
 81291 | Zig:27   | Paralysed by a wendigo for 1 turns
 81465 | Zig:27   | Identified the amulet "Arofo" {Faith rC+ rN+ rCorr Str-5}
 81478 | Zig:27   | Identified the amulet "Reomodyl" {Rampage Regen+ Int+3
                  | SInv}
 81479 | Zig:27   | Identified the +4 flail of the Immovable Xalams {heavy, rF+
                  | rC+ Str+8 Int-2 Stlth-}
 81488 | Zig:27   | Identified the +3 whip of Puckish Offence {freeze, Dex+5}
 81588 | Hell     | Identified the of Joupp (You acquired it in the Vestibule
                  | of Hell)
 81588 | Hell     | Acquired a manual of Dodging
 81593 | Hell     | Saving game... please wait.
 81593 | Hell     | Upgraded the game from 0.31-a0-1036-g31867e143a to
                  | 0.31-a0-1057-g70f3316b05
 81620 | Coc:1    | Entered Level 1 of Cocytus
 81623 | Coc:1    | Reached skill level 27 in Conjurations
 81663 | Coc:1    | Noticed an ancient lich
 81665 | Coc:1    | Killed an ancient lich
 82972 | Coc:7    | Entered Level 7 of Cocytus
 83009 | Coc:7    | Reached skill level 27 in Fire Magic
 83476 | Coc:7    | Noticed Antaeus
 83480 | Coc:7    | Killed Antaeus
 83530 | Coc:7    | Got an icy rune of Zot
 84071 | Hell     | Saving game... please wait.
 84235 | Pan      | Entered Pandemonium
 84256 | Pan      | Reached skill level 1 in Shapeshifting
 84263 | Pan      | Noticed Poig the pandemonium lord
 84266 | Pan      | Killed Poig the pandemonium lord
 84483 | Pan      | Identified the +1 robe "Wemu" {Contam Harm rF- SInv}
 85232 | Pan      | Noticed Rixino the pandemonium lord
 85234 | Pan      | Killed Rixino the pandemonium lord
 85374 | Pan      | Identified the +2 quarterstaff "Venudgh" {freeze, rF+ rC-
                  | MP+9 Dex+3}
 86296 | Pan      | Noticed Miphitz the pandemonium lord
 86298 | Pan      | Killed Miphitz the pandemonium lord
 86959 | Pan      | Noticed Loot the pandemonium lord
 86961 | Pan      | Killed Loot the pandemonium lord
 86965 | Pan      | Reached skill level 27 in Fighting
 87419 | Pan      | Found a runed translucent door.
 87433 | Pan      | Got a demonic rune of Zot
 88676 | Pan      | Noticed Foacel the pandemonium lord
 88678 | Pan      | Killed Foacel the pandemonium lord
 88901 | Pan      | Saving game... please wait.
 89187 | Pan      | Gained mutation: Your flesh is cold resistant. (rC+) [a
                  | cacodemon]
 89249 | Pan      | Noticed Zeoleef the pandemonium lord
 89253 | Pan      | Killed Zeoleef the pandemonium lord
 89959 | Pan      | Entered the realm of Mnoleg.
 90085 | Pan      | Gained mutation: You have hidden genetic defects. [a
                  | cacodemon]
 90406 | Pan      | Found an exit through the horrors of the Abyss.
 90521 | Pan      | Noticed Mnoleg
 90525 | Pan      | Killed Mnoleg
 90612 | Pan      | Lost mutation: Your muscles are strong. (Str +4, Int/Dex
                  | -1) [hidden defects]
 90619 | Pan      | Got a glowing rune of Zot
 91163 | Pan      | Identified the +5 whip of Gallantry {heavy, Str+4 Dex+3}
 91265 | Pan      | Lost mutation: Your mind is acute. (Int +4, Str/Dex -1)
                  | [potion of mutation]
 91265 | Pan      | Lost mutation: You have hidden genetic defects. [potion of
                  | mutation]
 91265 | Pan      | Lost mutation: Your flesh is cold resistant. (rC+) [potion
                  | of mutation]
 91265 | Pan      | Gained mutation: You are covered in fur. (AC +1) [potion of
                  | mutation]
 91265 | Pan      | Gained mutation: You have hidden genetic potential. [potion
                  | of mutation]
 91265 | Pan      | Gained mutation: Your magical capacity is low. (-10% MP)
                  | [potion of mutation]
 91265 | Pan      | Gained mutation: You possess an exceptional clarity of
                  | mind. [potion of mutation]
 91266 | Pan      | Lost mutation: Your magical capacity is low. (-10% MP)
                  | [potion of mutation]
 91266 | Pan      | Lost mutation: You are covered in fur. (AC +1) [potion of
                  | mutation]
 91266 | Pan      | Gained mutation: Your natural rate of healing is unusually
                  | fast. [potion of mutation]
 91266 | Pan      | Gained mutation: Your flesh is heat resistant. (rF+)
                  | [potion of mutation]
 91266 | Pan      | Lost mutation: You possess an exceptional clarity of mind.
                  | [potion of mutation]
 91266 | Pan      | Gained mutation: Your muscles are strong. (Str +4, Int/Dex
                  | -1) [potion of mutation]
 91481 | Pan      | Found an exit through the horrors of the Abyss.
 91541 | Pan      | Noticed Luere the pandemonium lord
 91545 | Pan      | Killed Luere the pandemonium lord
 91971 | Pan      | Entered the realm of Cerebov.
 91980 | Pan      | Found the +6 sword of Cerebov {flame}
 91980 | Pan      | Noticed Cerebov
 92002 | Pan      | Killed Cerebov
 92150 | Pan      | Identified the staff of Equivalence {rF+ rC+ Int+2 Fire}
 92158 | Pan      | Got Zef Tyxteto's Spellbook of Gathered Rime
 92159 | Pan      | Identified the +6 war axe of Hubris {flame, +Blink Int+3
                  | Dex-5}
 92161 | Pan      | Identified the +9 falchion of Xidd {spect, *Slow +Blink
                  | Int+2}
 92377 | Pan      | Got a fiery rune of Zot
 92404 | Pan      | Identified the +2 robe "Tutueng" {rN+ Str+2}
 92406 | Pan      | Identified the ring of Gafuch {rPois rF++ rN+++ Dex-4
                  | Slay+5}
 92479 | Pan      | Identified the +1 dagger of the Dead {flame, rPois}
 92501 | Pan      | Found an exit through the horrors of the Abyss.
 92892 | Pan      | Identified the ring "Maredi" {Ice rElec MP+9 Str+3 Int-5}
 93356 | Pan      | Noticed Juch the pandemonium lord
 93358 | Pan      | Reached skill level 27 in Air Magic
 93360 | Pan      | Killed Juch the pandemonium lord
 94186 | Depths:2 | Escaped Pandemonium
 94229 | Hell     | Saving game... please wait.
 94299 | Geh:1    | Entered Level 1 of Gehenna
 94299 | Geh:1    | Noticed an ancient lich
 94301 | Geh:1    | Killed an ancient lich
 94938 | Geh:3    | Gained mutation: Your muscles are very strong. (Str +8,
                  | Int/Dex -2) [hidden potential]
 95464 | Geh:5    | Noticed an ancient lich
 95468 | Geh:5    | Killed an ancient lich
 96222 | Geh:7    | Entered Level 7 of Gehenna
 96639 | Geh:7    | Reached skill level 15 in Earth Magic
 96774 | Geh:7    | Identified the amulet "Oshilob" {Faith Int+4}
 97027 | Geh:7    | Found the +13 sceptre of Asmodeus
 97027 | Geh:7    | Identified the amulet "Wefuceza" {Faith rF+++ Will+ Int-2
                  | Dex+4}
 97027 | Geh:7    | Noticed Asmodeus
 97064 | Geh:7    | Killed Asmodeus
 97390 | Geh:7    | Got an obsidian rune of Zot
 97867 | Tar:1    | Entered Level 1 of Tartarus
 98656 | Tar:4    | Gained mutation: A frigid envelope surrounds you and
                  | freezes all who hurt you. [hidden potential]
 98656 | Tar:4    | Lost mutation: You have hidden genetic potential. [hidden
                  | potential expressed]
 99312 | Tar:6    | Noticed a dread lich
 99315 | Tar:6    | Killed a dread lich
 99586 | Tar:7    | Entered Level 7 of Tartarus
 99728 | Tar:7    | Noticed a dread lich
 99730 | Tar:7    | Killed a dread lich
100296 | Tar:7    | Reached skill level 27 in Dodging
100298 | Tar:7    | Noticed Ereshkigal
100302 | Tar:7    | Killed Ereshkigal
100340 | Tar:7    | Got a bone rune of Zot
100502 | Tar:7    | Identified the +6 hand axe of Zyitew {holy, Str+2}
101821 | Hell     | Learned a level 9 spell: Shatter
101828 | Zig:1    | Entered Level 1 of a ziggurat
101856 | Zig:2    | Entered Level 2 of a ziggurat
101858 | Zig:2    | Reached skill level 1 in Maces & Flails
101934 | Zig:3    | Entered Level 3 of a ziggurat
101950 | Zig:3    | Identified the +2 scale mail of Gravity {+Blink rC+}
101959 | Zig:4    | Entered Level 4 of a ziggurat
101979 | Zig:4    | Identified the amulet of Wu Jian's Inspiration {Spirit rC++
                  | Will+ MP+9 SInv}
101983 | Zig:4    | Identified the staff "Omaaciumm" {rN+ MP+9 Necro}
101987 | Zig:5    | Entered Level 5 of a ziggurat
102022 | Zig:6    | Entered Level 6 of a ziggurat
102025 | Zig:6    | Noticed an ancient lich
102025 | Zig:6    | Noticed a dread lich
102025 | Zig:6    | Noticed a dread lich
102026 | Zig:6    | Killed a dread lich
102027 | Zig:6    | Killed a dread lich
102027 | Zig:6    | Killed an ancient lich
102027 | Zig:6    | Killed a dread lich
102028 | Zig:6    | Reached skill level 5 in Maces & Flails
102043 | Zig:6    | Identified the ring of Volaimn {rF+ rC+ Stlth+}
102049 | Zig:7    | Entered Level 7 of a ziggurat
102072 | Zig:7    | Identified the +3 hand axe "Qymnem" {freeze, Int+6 Dex-3
                  | SInv}
102073 | Zig:7    | Identified the amulet of Xoghoze {Acrobat rN++}
102094 | Zig:8    | Entered Level 8 of a ziggurat
102101 | Zig:8    | Noticed a juggernaut
102101 | Zig:8    | Noticed a juggernaut
102102 | Zig:8    | Noticed a juggernaut
102102 | Zig:8    | Noticed a juggernaut
102104 | Zig:8    | Killed a juggernaut
102105 | Zig:8    | Killed a juggernaut
102106 | Zig:8    | Killed a juggernaut
102108 | Zig:8    | Killed a juggernaut
102131 | Zig:8    | Identified the ring of Yredelemnul's Grace {Wiz rF+ Int+2}
102146 | Zig:9    | Entered Level 9 of a ziggurat
102154 | Zig:9    | Noticed a royal mummy
102156 | Zig:9    | Noticed a royal mummy
102158 | Zig:9    | Killed a royal mummy
102159 | Zig:9    | Killed a royal mummy
102182 | Zig:9    | Identified the +8 hand cannon "Ceriss" {drain, Fragile rN++
                  | Dex-4 SInv}
102186 | Zig:9    | Identified the staff of Maf Jios {+Blink rElec rF+ rC+
                  | Fire}
102189 | Zig:9    | Identified the ring "Sainu" {Drain rCorr Int+5 Dex+6}
102194 | Zig:9    | Identified the +9 trident "Undertaker" {speed, Dex+4}
102195 | Zig:9    | Identified the amulet of Wariness {Acrobat Rampage Dex+3}
102218 | Zig:10   | Entered Level 10 of a ziggurat
102230 | Zig:10   | Noticed a dread lich
102231 | Zig:10   | Killed a dread lich
102249 | Zig:10   | Identified the staff "Suuv" {rPois rF+ Will- rCorr Fire}
102253 | Zig:10   | Identified the ring "Docud" {rC+ Int+6}
102273 | Zig:11   | Entered Level 11 of a ziggurat
102319 | Zig:12   | Entered Level 12 of a ziggurat
102328 | Zig:12   | Noticed an ancient lich
102331 | Zig:12   | Killed an ancient lich
102332 | Zig:12   | Noticed a dread lich
102333 | Zig:12   | Killed a dread lich
102334 | Zig:12   | Reached skill level 10 in Staves
102350 | Zig:12   | Identified the +4 hand axe "Geokhlye" {pain, Will- rCorr
                  | Int+4 Dex+2}
102391 | Zig:13   | Entered Level 13 of a ziggurat
102410 | Zig:13   | Reached skill level 15 in Evocations
102414 | Zig:13   | Reached skill level 10 in Maces & Flails
102442 | Zig:13   | Identified the +5 short sword of Woe {holy, Str-4 Dex+4
                  | Stlth+}
102450 | Zig:13   | Identified the +4 scale mail "Isosit" {rF+}
102451 | Zig:13   | Identified the ring of Moc Cayh {rPois Int+3}
102491 | Zig:14   | Entered Level 14 of a ziggurat
102533 | Zig:14   | Identified the +3 battleaxe of Soodocze {freeze, Str+3}
102571 | Zig:15   | Entered Level 15 of a ziggurat
102619 | Zig:15   | Identified the amulet "Kuyfag" {Acrobat Str+3 Int+3 Dex-5}
102622 | Zig:15   | Identified the +1 great sword "Yriz Nut" {holy, Str+3}
102625 | Zig:15   | Identified the ring "Hikuy" {+Blink SInv}
102627 | Zig:15   | Identified the +1 demon trident of the Realm of Zot {drain,
                  | rPois rC+ Int+3}
102628 | Zig:15   | Identified the +9 great sword of Irrepressible Laughter
                  | {heavy, Drain rF+ Int+3 Dex+2}
102631 | Zig:15   | Identified the +3 great sword of Frustration {flame,
                  | *Corrode rElec Str+5 Int+3}
102655 | Zig:16   | Entered Level 16 of a ziggurat
102784 | Zig:16   | Identified the ring of Luessen {rCorr Str+6}
102787 | Zig:16   | Identified the ring "Nelinuel" {rC+ rN+ Int+4 Dex+7}
102796 | Zig:16   | Identified the +2 falchion of the Moon {flame, rElec rF+
                  | rN+ Will++}
102799 | Zig:16   | Identified the staff "Raastoiv" {rElec rF+ Earth}
102802 | Zig:16   | Identified the +5 short sword "Vejoich" {speed, *Rage *Slow
                  | rN+++ Dex+2}
102804 | Zig:16   | Identified the staff "Nyujubri" {rElec rPois rN+ Str+3
                  | Int+2 Poison}
102809 | Zig:16   | Identified the ring "Omnuhais" {*Corrode MP+9 Str+4 SInv}
102871 | Zig:17   | Entered Level 17 of a ziggurat
102889 | Zig:17   | Reached skill level 15 in Staves
102934 | Zig:17   | Identified the ring of Wurphasu {rC+ rN+ Dex+2}
102948 | Zig:17   | Identified the +6 scimitar "Hoirel" {flame, rElec}
102963 | Zig:18   | Entered Level 18 of a ziggurat
103063 | Zig:18   | Identified the +2 ring mail of Mijuet Jime {rCorr}
103082 | Zig:18   | Identified the +3 dagger of Sur Tuo {holy, Dex+5 Stlth+}
103093 | Zig:18   | Identified the ring of Atheism {EV+5 Dex+2 Slay+2}
103106 | Zig:18   | Identified the staff "Ogreslayer" {rElec rF++ rC+ Tloc Air
                  | Earth}
103139 | Zig:19   | Entered Level 19 of a ziggurat
103217 | Zig:19   | Identified the ring of Uviept {rPois Will+ Dex+3}
103224 | Zig:19   | Identified the +0 plate armour of Purpose {rElec Dex+2}
103238 | Zig:19   | Identified the +1 helmet of Sutex {MP+9}
103241 | Zig:19   | Identified the +2 war axe "Taymeas" {drain, Drain rElec
                  | Stlth+}
103285 | Zig:20   | Entered Level 20 of a ziggurat
103375 | Zig:20   | Identified the +2 ring mail of the Arena {rPois rC+ MP+9
                  | Str-5}
103377 | Zig:20   | Identified the +3 chain mail of the Invisible Knives {rF+}
103381 | Zig:20   | Identified the +0 scale mail of Cerig {Rampage}
103386 | Zig:20   | Identified the ring "Telaste" {rPois MP+9 Str+5 SInv}
103393 | Zig:20   | Identified the +2 scale mail of Ofaph {rF+ MP+9 Stlth+}
103467 | Zig:21   | Entered Level 21 of a ziggurat
103490 | Zig:21   | Reached skill level 15 in Maces & Flails
103557 | Zig:21   | Found the +3 crown of Dyrovepreva {rElec Int+2 SInv}
103576 | Zig:21   | Identified the ring of the Shouting Queen {Ice Will+}
103642 | Zig:22   | Entered Level 22 of a ziggurat
103657 | Zig:22   | Noticed Zyopei Nyedo the pandemonium lord
103657 | Zig:22   | Noticed Papnim the pandemonium lord
103659 | Zig:22   | Noticed Gaminwoth the pandemonium lord
103660 | Zig:22   | Killed Papnim the pandemonium lord
103662 | Zig:22   | Noticed Ekkacifo the pandemonium lord
103662 | Zig:22   | Noticed Daolua the pandemonium lord
103662 | Zig:22   | Noticed Wiceypt the pandemonium lord
103662 | Zig:22   | Noticed Woami the pandemonium lord
103662 | Zig:22   | Noticed Plog the pandemonium lord
103662 | Zig:22   | Noticed Igo Nixt the pandemonium lord
103662 | Zig:22   | Noticed Foism the pandemonium lord
103662 | Zig:22   | Noticed Padaig the pandemonium lord
103662 | Zig:22   | Noticed Wewif the pandemonium lord
103663 | Zig:22   | Killed Zyopei Nyedo the pandemonium lord
103664 | Zig:22   | Killed Foism the pandemonium lord
103664 | Zig:22   | Noticed Doeqeuta the pandemonium lord
103664 | Zig:22   | Noticed Ripnit the pandemonium lord
103665 | Zig:22   | Noticed Fuqo the pandemonium lord
103665 | Zig:22   | Killed Woami the pandemonium lord
103665 | Zig:22   | Killed Daolua the pandemonium lord
103665 | Zig:22   | Killed Gaminwoth the pandemonium lord
103665 | Zig:22   | Killed Igo Nixt the pandemonium lord
103665 | Zig:22   | Killed Padaig the pandemonium lord
103665 | Zig:22   | Killed Ekkacifo the pandemonium lord
103665 | Zig:22   | Killed Plog the pandemonium lord
103666 | Zig:22   | Killed Wewif the pandemonium lord
103666 | Zig:22   | Killed Fuqo the pandemonium lord
103667 | Zig:22   | Killed Doeqeuta the pandemonium lord
103667 | Zig:22   | Noticed Sideilol the pandemonium lord
103667 | Zig:22   | Noticed Wihokyng the pandemonium lord
103668 | Zig:22   | Killed Ripnit the pandemonium lord
103668 | Zig:22   | Killed Wiceypt the pandemonium lord
103668 | Zig:22   | Noticed Peluyb the pandemonium lord
103669 | Zig:22   | Reached skill level 27 in Earth Magic
103670 | Zig:22   | Killed Wihokyng the pandemonium lord
103670 | Zig:22   | Killed Sideilol the pandemonium lord
103670 | Zig:22   | Killed Peluyb the pandemonium lord
103711 | Zig:22   | Identified the staff of the Living Dead {Str+2 Conj}
103722 | Zig:22   | Identified the +5 dagger of the Eye-covered God {flame,
                  | rF++ rC+ Str-5 Dex+4}
103794 | Zig:23   | Entered Level 23 of a ziggurat
103981 | Zig:23   | Identified the ring of Miracles {Ice *Slow rPois Dex+3}
103987 | Zig:23   | Identified the +0 ring mail of Defiance {Harm Slay+6}
103988 | Zig:23   | Identified the +4 ice dragon scales "Sidough" {rF- rC++
                  | Int+6}
103996 | Zig:23   | Identified the staff of the Keeping Traitor {rElec rN+
                  | Will+ Necro}
104005 | Zig:23   | Identified the amulet of Leilynu {Acrobat Regen+ Int+4}
104027 | Zig:24   | Entered Level 24 of a ziggurat
104059 | Zig:24   | Gained mutation: You are dopey. (Int -2) [a shining eye]
104137 | Zig:24   | Found the +2 Maxwell's thermic engine {flame, freeze, rev}
104152 | Zig:24   | Identified the +9 bardiche "Jogufeh" {drain, rPois MP+9}
104157 | Zig:24   | Identified the +1 robe of Decompression {rElec Int-5 Dex+3
                  | Stlth+}
104165 | Zig:24   | Identified the +2 ring mail of the Blessed Realm {Fly Int+6
                  | Dex+3}
104166 | Zig:24   | Identified the +10 orcbow of Devotion {drain, Int+4}
104197 | Zig:25   | Entered Level 25 of a ziggurat
104317 | Zig:25   | Identified the ring of Roley {Fire rElec Will+}
104323 | Zig:25   | Identified the staff of a Billion Spirits {Contam rElec
                  | rPois Str+3 Air}
104325 | Zig:25   | Identified the amulet of Lorrimar {RegenMP -Tele rF+ rC+
                  | rN+++}
104329 | Zig:25   | Identified the ring "Gykluxoajo" {rC+ SInv}
104351 | Zig:25   | Identified the +1 scale mail of Protective Custody {Harm
                  | rF- SInv}
104392 | Zig:26   | Entered Level 26 of a ziggurat
104413 | Zig:26   | Noticed a juggernaut
104417 | Zig:26   | Killed a juggernaut
104430 | Zig:26   | Noticed a juggernaut
104433 | Zig:26   | Killed a juggernaut
104435 | Zig:26   | Noticed a juggernaut
104435 | Zig:26   | Killed a juggernaut
104442 | Zig:26   | Noticed a juggernaut
104445 | Zig:26   | Killed a juggernaut
104594 | Zig:26   | Identified the ring of Impatience {Will+ Int+3}
104597 | Zig:26   | Identified the +6 broad axe of Qadyule {heavy, rF- Will+
                  | Int+4}
104598 | Zig:26   | Identified the +8 scale mail "Koheod" {Rampage rElec Dex-2
                  | Stlth+}
104601 | Zig:26   | Identified the +10 mace of Intuition {freeze, rC+}
104604 | Zig:26   | Identified the +8 lajatang "Transmigrator" {vamp, Will+}
104610 | Zig:26   | Identified the +0 kite shield of Space {-Cast rCorr SInv}
104619 | Zig:26   | Identified the +7 flail "Zenwus" {heavy, rC+}
104624 | Zig:26   | Identified the staff "Gexkyhew" {*Slow Str+2 SInv Stlth+
                  | Earth}
104629 | Zig:26   | Identified the ring "Ydulli" {EV+5 Dex+5}
104631 | Zig:26   | Identified the +0 ring mail of the Orcish Mines {Dex+4}
104641 | Zig:26   | Identified the staff of Hatred {rElec rF+++ rN+++ Dex-2
                  | SInv Air}
104653 | Zig:27   | Entered Level 27 of a ziggurat
104857 | Zig:27   | Found the +9 sword of Zonguldrok {reap}
104862 | Zig:27   | Identified the staff "Uhiekh" {rElec Int+3 Fire Air}
104863 | Zig:27   | Identified the +8 dagger "Timeit" {venom, rC+ SInv Stlth-}
104879 | Zig:27   | Identified the +1 robe "Ufeage" {Str+4 Dex-2 Archmagi}
104888 | Zig:27   | Identified the ring of Ihoreyts {Fire rPois rCorr}
104942 | Hell     | Acquired the +7 sceptre of Torment {pain, torment}
104942 | Hell     | Found the +7 sceptre of Torment {pain, torment}
104943 | Hell     | Acquired a manual of Transmutations
104944 | Hell     | Saving game... please wait.
105110 | Hell     | Learned a level 8 spell: Borgnjor's Revivification
105113 | Hell     | Acquired the ring "Cavead" {rF- rN+ Int+6}
105114 | Hell     | Acquired a manual of Necromancy
105115 | Hell     | Acquired the +1 cloak of Starlight {*Dazzle EV+4 Stlth--}
105115 | Hell     | Found the +1 cloak of Starlight {*Dazzle EV+4 Stlth--}
105145 | Pan      | Entered the realm of Lom Lobon.
105145 | Pan      | Entered Pandemonium
105180 | Pan      | Reached skill level 10 in Necromancy
105418 | Pan      | Found an exit through the horrors of the Abyss.
105520 | Pan      | Identified the +4 long sword "Umomi" {flame, Will+ Str+5}
105786 | Pan      | Noticed Lom Lobon
105794 | Pan      | Killed Lom Lobon
105853 | Pan      | Got a magical rune of Zot
106293 | Pan      | Entered the realm of Gloorx Vloq.
106305 | Pan      | Reached skill level 15 in Necromancy
106577 | Pan      | Noticed Gloorx Vloq
106991 | Pan      | Killed Gloorx Vloq
107016 | Pan      | Got a dark rune of Zot
107463 | Depths:2 | Escaped Pandemonium
107516 | Dis:1    | Entered Level 1 of the Iron City of Dis
107648 | Dis:1    | Noticed a dread lich
107651 | Dis:1    | Killed a dread lich
108177 | Dis:4    | Noticed an ancient lich
108178 | Dis:4    | Killed an ancient lich
108752 | Dis:7    | Entered Level 7 of the Iron City of Dis
109718 | Dis:7    | Identified the staff "Oschuun" {rPois rC++ rCorr Stlth-
                  | Poison}
109746 | Dis:7    | Identified the +3 dagger of the Empty Page {pain, rC+
                  | Will++ MP+9 Stlth+}
109769 | Dis:7    | Found the +15 Maxwell's patent armour {-Cast -Tele rElec
                  | Will+ rCorr}
109824 | Dis:7    | Noticed Dispater
109831 | Dis:7    | Killed Dispater
109887 | Dis:7    | Got an iron rune of Zot
110104 | Hell     | Saving game... please wait.
110184 | Zot:1    | Saving game... please wait.
110184 | Zot:1    | Upgraded the game from 0.31-a0-1057-g70f3316b05 to
                  | 0.31-a0-1059-g83d41fd8b6
110270 | Zot:3    | Reached skill level 1 in Axes
110571 | Zot:3    | Noticed an orb of fire
110576 | Zot:3    | Killed an orb of fire
110674 | Zot:3    | Noticed topfpfpflanze's ghost (veteran FeHW)
110685 | Zot:3    | Found a transporter.
110744 | Zot:3    | Found a transporter.
110997 | Zot:3    | Reached skill level 5 in Axes
111728 | Zot:3    | Killed topfpfpflanze's ghost
112066 | Zot:4    | Noticed Hyollov's ghost (legendary FoHu)
112077 | Zot:4    | Killed Hyollov's ghost
112092 | Zot:4    | Found a transporter.
112104 | Zot:4    | Found a transporter.
112235 | Zot:4    | Reached skill level 27 in Evocations
112830 | Hell     | Learned a level 6 spell: Plasma Beam
112843 | Zig:1    | Entered Level 1 of a ziggurat
112864 | Zig:2    | Entered Level 2 of a ziggurat
112879 | Zig:2    | Identified the +1 scale mail "Zettigeg" {rN+ Str+3 SInv}
112888 | Zig:3    | Entered Level 3 of a ziggurat
112902 | Zig:3    | Identified the staff of the Establishment {rElec Str+3 Air}
112912 | Zig:4    | Entered Level 4 of a ziggurat
112912 | Zig:4    | Noticed a dread lich
112915 | Zig:4    | Killed a dread lich
112915 | Zig:4    | Noticed a dread lich
112916 | Zig:4    | Reached skill level 10 in Axes
112919 | Zig:4    | Killed a dread lich
112932 | Zig:4    | Identified the +0 helmet of the World {rC+ rN+}
112951 | Zig:5    | Entered Level 5 of a ziggurat
112954 | Zig:5    | Reached skill level 27 in Necromancy
112954 | Zig:5    | Noticed Nuun the pandemonium lord
112955 | Zig:5    | Killed Nuun the pandemonium lord
112956 | Zig:5    | Reached skill level 10 in Translocations
112969 | Zig:5    | Identified the +8 chain mail of Love and Death {rC+ Str+3}
112977 | Zig:5    | Identified the +0 ring mail of Dice, Bag, and Bottle
                  | {Rampage rC- Int+8 Stlth-}
112986 | Zig:6    | Entered Level 6 of a ziggurat
113035 | Zig:7    | Entered Level 7 of a ziggurat
113047 | Zig:7    | Reached skill level 5 in Stealth
113073 | Zig:7    | Identified the +3 broad axe of Kauzo {flame, Fly rN+ MP-9
                  | Dex+3}
113078 | Zig:8    | Entered Level 8 of a ziggurat
113086 | Zig:8    | Noticed an ancient lich
113089 | Zig:8    | Killed an ancient lich
113090 | Zig:8    | Noticed an ancient lich
113093 | Zig:8    | Killed an ancient lich
113125 | Zig:8    | Identified the +0 pearl dragon scales of Comyakh {rElec rN+
                  | MP+9 Str+4 Int-2}
113152 | Zig:9    | Entered Level 9 of a ziggurat
113170 | Zig:9    | Reached skill level 10 in Stealth
113224 | Zig:9    | Identified the +10 orcbow "Jetwos" {elec, rN+}
113256 | Zig:10   | Entered Level 10 of a ziggurat
113298 | Zig:10   | Identified the amulet of the Parsimonious Plum {Spirit
                  | Dex+4}
113333 | Zig:11   | Entered Level 11 of a ziggurat
113343 | Zig:11   | Noticed a dread lich
113343 | Zig:11   | Noticed a dread lich
113345 | Zig:11   | Killed a dread lich
113345 | Zig:11   | Killed a dread lich
113348 | Zig:11   | Noticed a dread lich
113348 | Zig:11   | Noticed an ancient lich
113349 | Zig:11   | Noticed a dread lich
113352 | Zig:11   | Killed a dread lich
113352 | Zig:11   | Killed an ancient lich
113352 | Zig:11   | Killed a dread lich
113353 | Zig:11   | Reached skill level 15 in Stealth
113433 | Zig:12   | Entered Level 12 of a ziggurat
113446 | Zig:12   | Reached skill level 15 in Translocations
113491 | Zig:12   | Identified the amulet of Atikuce {Acrobat rF- Str+7}
113497 | Zig:12   | Identified the +8 great sword "Afigauj" {flame, Contam rN+
                  | Int+6 SInv}
113512 | Zig:12   | Identified the +0 sling "Jivinyar" {drain, *Slow rPois rF+
                  | Dex+2}
113548 | Zig:13   | Entered Level 13 of a ziggurat
113554 | Zig:13   | Noticed Uming the pandemonium lord
113557 | Zig:13   | Noticed Jimuplaosi the pandemonium lord
113558 | Zig:13   | Killed Uming the pandemonium lord
113560 | Zig:13   | Noticed Anlam the pandemonium lord
113563 | Zig:13   | Killed Jimuplaosi the pandemonium lord
113564 | Zig:13   | Noticed Plog the pandemonium lord
113567 | Zig:13   | Noticed Reihixas the pandemonium lord
113570 | Zig:13   | Killed Anlam the pandemonium lord
113571 | Zig:13   | Noticed Hojupocw the pandemonium lord
113572 | Zig:13   | Noticed Deabueth the pandemonium lord
113574 | Zig:13   | Killed Plog the pandemonium lord
113575 | Zig:13   | Killed Deabueth the pandemonium lord
113578 | Zig:13   | Killed Reihixas the pandemonium lord
113579 | Zig:13   | Killed Hojupocw the pandemonium lord
113644 | Zig:13   | Identified the +0 leather armour "Agukarcheufi" {Fly rF-
                  | Int+4 Dex-5}
113682 | Zig:14   | Entered Level 14 of a ziggurat
113792 | Zig:14   | Identified the +6 sling "Juschab" {freeze, Int+4 Dex-4}
113795 | Zig:14   | Identified the ring "Ywyo" {rPois Str+3 Int-3 Dex+6}
113814 | Zig:15   | Entered Level 15 of a ziggurat
113882 | Zig:15   | Identified the +5 dagger "Hedukism" {spect, rCorr}
113888 | Zig:15   | Identified the +3 mace "Plog" {heavy, rElec}
113899 | Zig:15   | Identified the +4 chain mail of Resonance {rC+ rN+ Regen+
                  | Str-3}
113900 | Zig:15   | Identified the amulet of Xoablice {rElec Regen+ Stlth+}
113963 | Zig:16   | Entered Level 16 of a ziggurat
114033 | Zig:16   | Found the +2 pair of slick slippers {slick, slippery, EV+4}
114034 | Zig:16   | Found the +4 consecrated labrys {holy, Valiant Fragile Fly
                  | SInv}
114041 | Zig:16   | Identified the amulet of Okawaru's Hope {Reflect *Corrode
                  | Dex+7 SH+5}
114046 | Zig:16   | Identified the staff of the Healing Lamprey {Conj Ice}
114058 | Zig:16   | Identified the staff of Big Damage {rF+ Will+ Str+3 Stlth+
                  | Fire}
114076 | Zig:16   | Identified the +8 mace "Tinon" {freeze, *Corrode rN+++
                  | Int+8 Dex-2}
114119 | Zig:17   | Entered Level 17 of a ziggurat
114143 | Zig:17   | Noticed a dread lich
114144 | Zig:17   | Paralysed by a dread lich for 3 turns
114147 | Zig:17   | Killed a dread lich
114149 | Zig:17   | Noticed an ancient lich
114149 | Zig:17   | Noticed an ancient lich
114155 | Zig:17   | Killed an ancient lich
114155 | Zig:17   | Noticed an ancient lich
114156 | Zig:17   | Killed an ancient lich
114156 | Zig:17   | Noticed a dread lich
114158 | Zig:17   | Noticed a dread lich
114159 | Zig:17   | Killed a dread lich
114159 | Zig:17   | Noticed a dread lich
114161 | Zig:17   | Killed an ancient lich
114163 | Zig:17   | Killed a dread lich
114163 | Zig:17   | Killed a dread lich
114163 | Zig:17   | Noticed a dread lich
114167 | Zig:17   | Noticed a dread lich
114167 | Zig:17   | Killed a dread lich
114169 | Zig:17   | Killed a dread lich
114171 | Zig:17   | Noticed a dread lich
114171 | Zig:17   | Killed a dread lich
114271 | Zig:17   | Identified the +0 scale mail of Indemnity {Str+3}
114275 | Zig:17   | Identified the ring "Mifoof" {Will+ Str+2}
114285 | Zig:17   | Identified the ring "Usuossah" {rF+ rN++ Str+6 SInv Stlth-}
114295 | Zig:17   | Identified the staff of Departure {rC+ Str+5 Int+3 Ice}
114300 | Zig:17   | Identified the +0 chain mail of the Goldsmith {rN+}
114304 | Zig:17   | Identified the +2 morningstar of Circular Logic {heavy,
                  | rC++ Int-2 SInv Stlth+}
114325 | Zig:18   | Entered Level 18 of a ziggurat
114338 | Zig:18   | Noticed an ancient lich
114343 | Zig:18   | Killed an ancient lich
114348 | Zig:18   | Noticed an ancient lich
114350 | Zig:18   | Killed an ancient lich
114356 | Zig:18   | Noticed a dread lich
114359 | Zig:18   | Noticed an ancient lich
114360 | Zig:18   | Killed a dread lich
114362 | Zig:18   | Killed an ancient lich
114362 | Zig:18   | Noticed an ancient lich
114364 | Zig:18   | Noticed an ancient lich
114366 | Zig:18   | Killed an ancient lich
114367 | Zig:18   | Reached skill level 10 in Shapeshifting
114368 | Zig:18   | Killed an ancient lich
114371 | Zig:18   | Noticed an ancient lich
114371 | Zig:18   | Noticed a dread lich
114374 | Zig:18   | Killed an ancient lich
114374 | Zig:18   | Noticed an ancient lich
114376 | Zig:18   | Killed a dread lich
114380 | Zig:18   | Killed an ancient lich
114442 | Zig:18   | Identified the staff of the Ancients {rElec rC+ Will- Int+2
                  | Earth}
114449 | Zig:18   | Identified the ring "Gurpha" {Fly Int+3}
114458 | Zig:18   | Identified the +3 scimitar of Siodoeh {freeze, Str+2}
114528 | Zig:19   | Entered Level 19 of a ziggurat
114698 | Zig:19   | Identified the +10 eveningstar "Ultimatum" {flame, *Rage
                  | *Corrode rPois rN+++}
114700 | Zig:19   | Identified the +3 orcbow of Leit {heavy, Drain Fly rN+
                  | Int+7}
114731 | Zig:20   | Entered Level 20 of a ziggurat
114748 | Zig:20   | Noticed a dread lich
114748 | Zig:20   | Noticed a dread lich
114748 | Zig:20   | Noticed an ancient lich
114748 | Zig:20   | Noticed an ancient lich
114749 | Zig:20   | Noticed an ancient lich
114750 | Zig:20   | Killed an ancient lich
114750 | Zig:20   | Killed an ancient lich
114750 | Zig:20   | Killed a dread lich
114751 | Zig:20   | Killed an ancient lich
114751 | Zig:20   | Killed a dread lich
114751 | Zig:20   | Noticed an ancient lich
114752 | Zig:20   | Killed a dread lich
114753 | Zig:20   | Noticed an ancient lich
114754 | Zig:20   | Noticed a dread lich
114756 | Zig:20   | Killed a dread lich
114756 | Zig:20   | Killed an ancient lich
114756 | Zig:20   | Killed an ancient lich
114756 | Zig:20   | Noticed a dread lich
114758 | Zig:20   | Noticed an ancient lich
114759 | Zig:20   | Noticed an ancient lich
114760 | Zig:20   | Killed a dread lich
114760 | Zig:20   | Killed an ancient lich
114760 | Zig:20   | Killed an ancient lich
114760 | Zig:20   | Noticed a dread lich
114761 | Zig:20   | Noticed an ancient lich
114764 | Zig:20   | Killed an ancient lich
114764 | Zig:20   | Killed a dread lich
114806 | Zig:20   | Identified the +12 plate armour "Sats" {Fly Str+2 Int+3}
114807 | Zig:20   | Identified the ring of Inola {Fly rPois rCorr}
114809 | Zig:20   | Identified the +2 leather armour "Meseull" {Will+ Stlth+}
114834 | Zig:20   | Identified the +5 flail "Hav Bosch" {freeze, *Slow rF+
                  | rCorr}
114838 | Zig:20   | Identified the ring "Ushrol" {rN+ Str+4 Dex-3 SInv}
114924 | Zig:21   | Entered Level 21 of a ziggurat
115083 | Zig:21   | Found the +16 obsidian axe {drain, demonic, Mesm Drain Fly
                  | SInv}
115089 | Zig:21   | Identified the ring "Wury" {+Blink Will- rCorr Dex-2 SInv}
115093 | Zig:21   | Identified the ring of Juumid {rPois rN+}
115096 | Zig:21   | Identified the staff "Miajol" {rPois Int+3 SInv Poison}
115135 | Zig:21   | Identified the amulet of the Lost Allies {Faith Harm
                  | Rampage rN++}
115209 | Zig:22   | Entered Level 22 of a ziggurat
115239 | Zig:22   | Reached skill level 15 in Shapeshifting
115398 | Zig:22   | Found the +0 mask of the Dragon {Will+ Slay+3 SInv}
115404 | Zig:22   | Identified the amulet of the Median {Acrobat rF+ Stlth+}
115416 | Zig:22   | Identified the +11 rapier "Zepoetz" {venom, rElec rF+ SInv}
115418 | Zig:22   | Identified the +9 great sword "Canka" {venom, rF+}
115430 | Zig:22   | Identified the +1 robe "Ywni" {rPois Str+3 Dex+2 Archmagi}
115464 | Zig:23   | Entered Level 23 of a ziggurat
115477 | Zig:23   | Noticed a dread lich
115478 | Zig:23   | Noticed an ancient lich
115480 | Zig:23   | Killed a dread lich
115480 | Zig:23   | Killed an ancient lich
115485 | Zig:23   | Noticed a dread lich
115490 | Zig:23   | Killed a dread lich
115490 | Zig:23   | Noticed a dread lich
115493 | Zig:23   | Reached skill level 27 in Stealth
115494 | Zig:23   | Killed a dread lich
115495 | Zig:23   | Noticed a dread lich
115500 | Zig:23   | Killed a dread lich
115512 | Zig:23   | Noticed an ancient lich
115512 | Zig:23   | Noticed a dread lich
115514 | Zig:23   | Killed an ancient lich
115519 | Zig:23   | Killed a dread lich
115528 | Zig:23   | Noticed a dread lich
115533 | Zig:23   | Killed a dread lich
115674 | Zig:23   | Identified the +1 robe of Foolhardiness {+Blink +Inv Fly
                  | Dex-4}
115682 | Zig:23   | Identified the ring "Keddan" {*Corrode rPois EV+5 Slay+3}
115699 | Zig:23   | Identified the +1 robe of Modesty {Int+6 SInv}
115702 | Zig:23   | Identified the +1 kite shield of Fezxiklu {Harm}
115710 | Zig:23   | Identified the +4 mace of Yeast {flame, rN+ MP+9 Str+4
                  | Int+4}
115772 | Zig:24   | Entered Level 24 of a ziggurat
115821 | Zig:24   | Noticed an ancient lich
115824 | Zig:24   | Killed an ancient lich
115826 | Zig:24   | Noticed a dread lich
115829 | Zig:24   | Killed a dread lich
115834 | Zig:24   | Noticed a dread lich
115837 | Zig:24   | Killed a dread lich
115952 | Zig:24   | Found the +3 salamander hide armour {Flames, rFlCloud rF++
                  | rC--}
115968 | Zig:24   | Identified the +11 longbow of Miluang {heavy, +Blink rF+
                  | rCorr Stlth-}
115977 | Zig:24   | Identified the +5 scale mail "Lossas" {*Slow rElec rPois
                  | Stlth+}
115979 | Zig:24   | Identified the ring "Lewn" {Fire Dex+3}
115981 | Zig:24   | Identified the ring "Soygreme" {rElec Will+ rCorr Dex+3}
115982 | Zig:24   | Identified the +3 leather armour "Morushonigg" {MP+9}
115990 | Zig:24   | Identified the +3 ring mail "Beizoadec" {Contam rElec
                  | Stlth+}
115992 | Zig:24   | Identified the +1 falchion of the Eternal Void {antimagic,
                  | *Corrode rElec rF+++ Will-}
116012 | Zig:24   | Identified the +6 great mace "Laxkes" {venom, *Noise rCorr
                  | Str+3}
116165 | Zig:25   | Entered Level 25 of a ziggurat
116189 | Zig:25   | Noticed a juggernaut
116193 | Zig:25   | Killed a juggernaut
116195 | Zig:25   | Noticed a juggernaut
116197 | Zig:25   | Noticed a juggernaut
116200 | Zig:25   | Killed a juggernaut
116201 | Zig:25   | Reached skill level 27 in Translocations
116201 | Zig:25   | Killed a juggernaut
116210 | Zig:25   | Noticed a juggernaut
116211 | Zig:25   | Noticed a juggernaut
116212 | Zig:25   | Killed a juggernaut
116214 | Zig:25   | Noticed a juggernaut
116215 | Zig:25   | Killed a juggernaut
116216 | Zig:25   | Killed a juggernaut
116344 | Zig:25   | Found the +7 great mace "Firestarter" {flame, immolate,
                  | rFlCloud rF++}
116351 | Zig:25   | Identified the ring "Waakh" {Fly Str+2}
116355 | Zig:25   | Identified the +1 robe of Jofut {Int+2}
116361 | Zig:25   | Identified the +0 quarterstaff "Terijef" {speed, Will+
                  | Int+2 Stlth+}
116365 | Zig:25   | Identified the +5 chain mail of Saofox {*Corrode rN+++
                  | Will++}
116373 | Zig:25   | Identified the ring of Beridewn {Ice Int+3 SInv}
116475 | Zig:26   | Entered Level 26 of a ziggurat
116654 | Zig:26   | Identified the +2 orcbow "Xohul" {antimagic, +Blink Dex+5}
116659 | Zig:26   | Identified the ring of Tinaytui {Fly rPois rN+ MP-9 Int+2}
116663 | Zig:26   | Identified the +1 scimitar "Spiderslayer" {elec, rF+ rN+
                  | Dex+3}
116786 | Zig:27   | Entered Level 27 of a ziggurat
116802 | Zig:27   | Gained mutation: Your magical capacity is low. (-10% MP) [a
                  | cacodemon]
116814 | Zig:27   | Gained mutation: You are very dopey. (Int -4) [a cacodemon]
116866 | Zig:27   | Noticed Eqiod the pandemonium lord
116873 | Zig:27   | Killed Eqiod the pandemonium lord
116883 | Zig:27   | Reached skill level 27 in Shapeshifting
116986 | Zig:27   | Found the +8 mithril axe "Arga" {speed, Will+}
116989 | Zig:27   | Found the +27 heavy crossbow "Sniper" {heavy, Acc+∞ SInv}
116992 | Zig:27   | Identified the ring of the Forgotten Hosts {rC+ Dex+6}
116996 | Zig:27   | Identified the ring of Horeamom {Wiz +Blink rPois rC+}
116998 | Zig:27   | Identified the +6 orcbow of Impatience {flame, Will+}
117004 | Zig:27   | Identified the staff of Gehenna {rElec rF+ rC+ Ice Poison}
117010 | Zig:27   | Identified the +2 pair of boots of Duty {*Slow Str+2 Dex+2}
117016 | Zig:27   | Identified the +5 glaive of the Threshing Genius {vamp,
                  | Str+3}
117024 | Zig:27   | Identified the granite talisman of Tempters {rC- Str+3
                  | Int+4}
117134 | Hell     | Saving game... please wait.
117182 | Hell     | Lost mutation: You are very dopey. (Int -4) [potion of
                  | mutation]
117182 | Hell     | Lost mutation: You are dopey. (Int -2) [potion of mutation]
117182 | Hell     | Lost mutation: Your magical capacity is low. (-10% MP)
                  | [potion of mutation]
117182 | Hell     | Gained mutation: You passively dampen the noise of your
                  | surroundings. [potion of mutation]
117182 | Hell     | Gained mutation: You occasionally lose the ability to drink
                  | potions when taking damage. [potion of mutation]
117182 | Hell     | Gained mutation: You have a pair of small horns on your
                  | head. [potion of mutation]
117182 | Hell     | Gained mutation: You are strong-willed. (Will+) [potion of
                  | mutation]
117188 | Hell     | Lost mutation: Your muscles are very strong. (Str +8,
                  | Int/Dex -2) [potion of mutation]
117188 | Hell     | Lost mutation: You are strong-willed. (Will+) [potion of
                  | mutation]
117188 | Hell     | Gained mutation: You are occasionally teleported next to
                  | monsters. [potion of mutation]
117188 | Hell     | Gained mutation: Your flesh is cold resistant. (rC+)
                  | [potion of mutation]
117189 | Hell     | Lost mutation: Your flesh is cold resistant. (rC+) [potion
                  | of mutation]
117189 | Hell     | Lost mutation: Your flesh is heat resistant. (rF+) [potion
                  | of mutation]
117189 | Hell     | Lost mutation: You have a pair of small horns on your head.
                  | [potion of mutation]
117189 | Hell     | Lost mutation: You are occasionally teleported next to
                  | monsters. [potion of mutation]
117189 | Hell     | Gained mutation: You have hidden genetic potential. [potion
                  | of mutation]
117190 | Hell     | Lost mutation: You passively dampen the noise of your
                  | surroundings. [potion of mutation]
117190 | Hell     | Lost mutation: You have hidden genetic potential. [potion
                  | of mutation]
117190 | Hell     | Gained mutation: You occasionally lose the ability to read
                  | scrolls when taking damage. [potion of mutation]
117190 | Hell     | Gained mutation: Your mind is acute. (Int +4, Str/Dex -1)
                  | [potion of mutation]
117190 | Hell     | Gained mutation: You possess an exceptional clarity of
                  | mind. [potion of mutation]
117191 | Hell     | Lost mutation: You possess an exceptional clarity of mind.
                  | [potion of mutation]
117191 | Hell     | Lost mutation: You occasionally lose the ability to read
                  | scrolls when taking damage. [potion of mutation]
117191 | Hell     | Gained mutation: You occasionally shout uncontrollably at
                  | your foes. [potion of mutation]
117191 | Hell     | Gained mutation: You sometimes lose the ability to drink
                  | potions when taking damage. [potion of mutation]
117191 | Hell     | Gained mutation: You possess an exceptional clarity of
                  | mind. [potion of mutation]
117192 | Hell     | Lost mutation: A frigid envelope surrounds you and freezes
                  | all who hurt you. [potion of mutation]
117192 | Hell     | Lost mutation: Your muscles are strong. (Str +4, Int/Dex
                  | -1) [potion of mutation]
117192 | Hell     | Lost mutation: You occasionally shout uncontrollably at
                  | your foes. [potion of mutation]
117192 | Hell     | Gained mutation: You have a pair of small horns on your
                  | head. [potion of mutation]
117193 | Hell     | Lost mutation: Your mind is acute. (Int +4, Str/Dex -1)
                  | [potion of mutation]
117193 | Hell     | Lost mutation: You sometimes lose the ability to drink
                  | potions when taking damage. [potion of mutation]
117193 | Hell     | Lost mutation: You possess an exceptional clarity of mind.
                  | [potion of mutation]
117193 | Hell     | Gained mutation: You are somewhat resistant to further
                  | mutation. [potion of mutation]
117194 | Hell     | Lost mutation: You have a pair of small horns on your head.
                  | [potion of mutation]
117194 | Hell     | Lost mutation: You occasionally lose the ability to drink
                  | potions when taking damage. [potion of mutation]
117230 | Zig:1    | Entered Level 1 of a ziggurat
117247 | Zig:2    | Entered Level 2 of a ziggurat
117265 | Zig:3    | Entered Level 3 of a ziggurat
117268 | Zig:3    | Reached skill level 10 in Summonings
117275 | Zig:3    | Identified the +1 robe of Immorality {rPois Will+ Int-2}
117286 | Zig:4    | Entered Level 4 of a ziggurat
117327 | Zig:5    | Entered Level 5 of a ziggurat
117328 | Zig:5    | Noticed Pudwemni the pandemonium lord
117329 | Zig:5    | Noticed Royvo the pandemonium lord
117330 | Zig:5    | Noticed Casmil the pandemonium lord
117331 | Zig:5    | Reached skill level 10 in Hexes
117331 | Zig:5    | Noticed Madwopp the pandemonium lord
117332 | Zig:5    | Killed Pudwemni the pandemonium lord
117334 | Zig:5    | Noticed Qyssioc the pandemonium lord
117335 | Zig:5    | Noticed Gilyiw the pandemonium lord
117335 | Zig:5    | Killed Royvo the pandemonium lord
117336 | Zig:5    | Killed Gilyiw the pandemonium lord
117336 | Zig:5    | Killed Casmil the pandemonium lord
117338 | Zig:5    | Killed Madwopp the pandemonium lord
117338 | Zig:5    | Killed Qyssioc the pandemonium lord
117367 | Zig:6    | Entered Level 6 of a ziggurat
117371 | Zig:6    | Reached skill level 1 in Ranged Weapons
117371 | Zig:6    | Reached skill level 1 in Throwing
117371 | Zig:6    | Reached skill level 1 in Poison Magic
117410 | Zig:7    | Entered Level 7 of a ziggurat
117422 | Zig:7    | Reached skill level 5 in Poison Magic
117439 | Zig:7    | Identified the amulet "Uherilon" {+Blink Regen+}
117446 | Zig:7    | Identified the +4 war axe of the Battered Lives {flame,
                  | rF++ Will- Dex+3}
117451 | Zig:7    | Identified the +3 kite shield "Neurchuan" {Rampage Will+
                  | Slay+6 Stlth-}
117473 | Zig:8    | Entered Level 8 of a ziggurat
117479 | Zig:8    | Reached skill level 5 in Ranged Weapons
117479 | Zig:8    | Reached skill level 5 in Throwing
117481 | Zig:8    | Noticed a dread lich
117482 | Zig:8    | Noticed an ancient lich
117483 | Zig:8    | Noticed a dread lich
117485 | Zig:8    | Killed an ancient lich
117486 | Zig:8    | Killed a dread lich
117486 | Zig:8    | Killed a dread lich
117512 | Zig:8    | Identified the +5 scale mail "Rayt" {Str+3}
117515 | Zig:8    | Identified the +1 flail "Haavalam" {antimagic, rPois Int-2
                  | SInv}
117551 | Zig:9    | Entered Level 9 of a ziggurat
117555 | Zig:9    | Noticed Xuemotok the pandemonium lord
117555 | Zig:9    | Noticed Gaanaixt the pandemonium lord
117556 | Zig:9    | Noticed Lixycaov the pandemonium lord
117556 | Zig:9    | Noticed Xaf Kudu the pandemonium lord
117558 | Zig:9    | Killed Gaanaixt the pandemonium lord
117558 | Zig:9    | Noticed Cuytax the pandemonium lord
117560 | Zig:9    | Killed Xuemotok the pandemonium lord
117560 | Zig:9    | Noticed Axijip the pandemonium lord
117560 | Zig:9    | Noticed Tuirphu the pandemonium lord
117564 | Zig:9    | Reached skill level 10 in Transmutations
117565 | Zig:9    | Killed Lixycaov the pandemonium lord
117566 | Zig:9    | Noticed Ocwui the pandemonium lord
117567 | Zig:9    | Killed Xaf Kudu the pandemonium lord
117567 | Zig:9    | Killed Tuirphu the pandemonium lord
117567 | Zig:9    | Noticed Tuyp the pandemonium lord
117569 | Zig:9    | Killed Axijip the pandemonium lord
117569 | Zig:9    | Killed Cuytax the pandemonium lord
117569 | Zig:9    | Noticed Dyrith the pandemonium lord
117573 | Zig:9    | Killed Tuyp the pandemonium lord
117574 | Zig:9    | Killed Ocwui the pandemonium lord
117576 | Zig:9    | Killed Dyrith the pandemonium lord
117596 | Zig:9    | Identified the ring of Eternal Harmony {rPois AC+4 Int-5
                  | Stlth+}
117613 | Zig:9    | Identified the +1 morningstar "Iheotaos" {drain, Contam
                  | Fragile Fly Str+8}
117629 | Zig:10   | Entered Level 10 of a ziggurat
117637 | Zig:10   | Noticed a royal mummy
117642 | Zig:10   | Reached skill level 10 in Poison Magic
117642 | Zig:10   | Killed a royal mummy
117649 | Zig:10   | Noticed a royal mummy
117651 | Zig:10   | Noticed a royal mummy
117654 | Zig:10   | Noticed a royal mummy
117656 | Zig:10   | Noticed a royal mummy
117656 | Zig:10   | Noticed a royal mummy
117657 | Zig:10   | Killed a royal mummy
117658 | Zig:10   | Killed a royal mummy
117658 | Zig:10   | Killed a royal mummy
117658 | Zig:10   | Killed a royal mummy
117659 | Zig:10   | Reached skill level 10 in Ranged Weapons
117659 | Zig:10   | Reached skill level 10 in Throwing
117659 | Zig:10   | Killed a royal mummy
117709 | Zig:10   | Identified the +6 rapier "Madwid" {flame, Str+3 Stlth+}
117741 | Zig:11   | Entered Level 11 of a ziggurat
117741 | Zig:11   | Noticed a dread lich
117742 | Zig:11   | Killed a dread lich
117750 | Zig:11   | Reached skill level 15 in Summonings
117753 | Zig:11   | Noticed Amusimai the pandemonium lord
117757 | Zig:11   | Killed Amusimai the pandemonium lord
117790 | Zig:11   | Noticed a dread lich
117791 | Zig:11   | Killed a dread lich
117825 | Zig:11   | Identified the +1 cloak of the Blessed Realm {Will+++
                  | Regen+ Dex-5}
117827 | Zig:11   | Identified the staff of Watchfulness {rC+ Str+3 Conj Tmut}
117835 | Zig:11   | Identified the +1 pair of boots of Deneoch {rElec MP+9}
117854 | Zig:12   | Entered Level 12 of a ziggurat
117854 | Zig:12   | Noticed a dread lich
117854 | Zig:12   | Noticed a dread lich
117855 | Zig:12   | Killed a dread lich
117856 | Zig:12   | Killed a dread lich
117924 | Zig:12   | Identified the staff "Hohexem" {rElec rN++ Air}
117936 | Zig:12   | Identified the ring "Xoito" {Contam +Blink Will+ Int+5}
117944 | Zig:12   | Identified the +1 cloak "Nodouz" {SInv}
117988 | Zig:13   | Entered Level 13 of a ziggurat
118003 | Zig:13   | Reached skill level 15 in Transmutations
118090 | Zig:13   | Reached skill level 15 in Poison Magic
118106 | Zig:14   | Entered Level 14 of a ziggurat
118117 | Zig:14   | Noticed a juggernaut
118119 | Zig:14   | Noticed a juggernaut
118121 | Zig:14   | Noticed a juggernaut
118122 | Zig:14   | Killed a juggernaut
118122 | Zig:14   | Killed a juggernaut
118122 | Zig:14   | Noticed a juggernaut
118123 | Zig:14   | Killed a juggernaut
118125 | Zig:14   | Killed a juggernaut
118199 | Zig:14   | Identified the +6 orcbow "Seuvuvv Bena" {antimagic,
                  | *Corrode rF++ Str+4}
118226 | Zig:15   | Entered Level 15 of a ziggurat
118230 | Zig:15   | Noticed an ancient lich
118231 | Zig:15   | Noticed an ancient lich
118232 | Zig:15   | Killed an ancient lich
118232 | Zig:15   | Noticed an ancient lich
118232 | Zig:15   | Noticed an ancient lich
118233 | Zig:15   | Killed an ancient lich
118233 | Zig:15   | Killed an ancient lich
118234 | Zig:15   | Killed an ancient lich
118235 | Zig:15   | Noticed an ancient lich
118236 | Zig:15   | Noticed an ancient lich
118237 | Zig:15   | Killed an ancient lich
118239 | Zig:15   | Killed an ancient lich
118239 | Zig:15   | Noticed an ancient lich
118242 | Zig:15   | Killed an ancient lich
118304 | Zig:15   | Found the +12 glaive of Prune {freeze, Prune}
118309 | Zig:15   | Identified the +5 falchion of Insufficient Pleasure {heavy,
                  | Contam Str+2 Dex+6}
118315 | Zig:15   | Identified the ring of Ipituge {Drain rCorr Str+7 Slay+6}
118325 | Zig:15   | Identified the staff "Ciucasa" {*Slow rN+ Will+ Dex+7
                  | Stlth- Necro}
118330 | Zig:15   | Identified the +4 scimitar of Tevyo {freeze, rPois Str+2}
118335 | Zig:15   | Identified the +4 short sword of Vyffuez {heavy, rF+ Str+3}
118370 | Zig:16   | Entered Level 16 of a ziggurat
118477 | Zig:16   | Identified the amulet "Acsomexe" {Acrobat Stlth+}
118496 | Zig:16   | Identified the staff of the Six Xalams {rC+ Dex+4 Stlth+
                  | Ice}
118501 | Zig:16   | Identified the +7 orcbow of nms23's Disembowelment {freeze,
                  | rN++ Dex+3}
118506 | Zig:16   | Identified the +6 trident of Mifuy {flame, rElec}
118547 | Zig:17   | Entered Level 17 of a ziggurat
118632 | Zig:17   | Identified the +1 orcbow of the Eleven Artisans {flame,
                  | Dex+2}
118644 | Zig:17   | Identified the +1 long sword of Wuanal {venom, Str+3 Int+3}
118655 | Zig:17   | Identified the +1 trident of Crawling {heavy, rPois Int+3}
118658 | Zig:17   | Identified the +7 flail "Ecot Ifo" {freeze, rF+ Dex+2}
118661 | Zig:17   | Identified the ring "Voqas" {Dex+3 Slay+4}
118665 | Zig:17   | Identified the +2 quarterstaff of Starshine {speed, Dex+4}
118675 | Zig:17   | Identified the staff of the Cursing Salmon {rN+ rCorr
                  | Earth}
118750 | Zig:18   | Entered Level 18 of a ziggurat
118845 | Zig:18   | Identified the amulet of Law {Spirit rN+++ Str+3 Int-5
                  | Dex-4}
118867 | Zig:18   | Identified the +6 war axe of Zyifoot {flame, Int+3}
118868 | Zig:18   | Identified the +4 flail of Majestic Valiance {spect, rF++}
118932 | Zig:19   | Entered Level 19 of a ziggurat
118952 | Zig:19   | Reached skill level 27 in Summonings
119028 | Zig:19   | Identified the +7 trident "Deityil" {heavy, *Noise rC+
                  | Dex+2}
119035 | Zig:19   | Identified the +5 falchion of Soft Guilt {heavy, Str+4}
119045 | Zig:19   | Identified the +1 falchion of Evolution {flame, Fly Int+5
                  | Dex-3 Stlth+}
119116 | Zig:20   | Entered Level 20 of a ziggurat
119118 | Zig:20   | Noticed a dread lich
119121 | Zig:20   | Killed a dread lich
119309 | Zig:20   | Found the brooch of Shielding {Spirit SH+8}
119311 | Zig:20   | Noticed a dread lich
119312 | Zig:20   | Killed a dread lich
119328 | Zig:20   | Identified the +0 pair of boots of Gozag's Grace {rPois
                  | Regen+ SInv Stlth-}
119333 | Zig:20   | Identified the ring of Hovvorux {Int+5 Dex+3 SInv}
119338 | Zig:20   | Identified the amulet "Zyryc" {RegenMP Regen+ Dex+2}
119350 | Zig:20   | Identified the +4 orcbow "Lajid" {flame, SInv}
119361 | Zig:20   | Identified the +2 scale mail "Lulolel" {Rampage *Corrode
                  | rPois}
119418 | Zig:21   | Entered Level 21 of a ziggurat
119427 | Zig:21   | Noticed Quen the pandemonium lord
119427 | Zig:21   | Noticed Xofemik the pandemonium lord
119431 | Zig:21   | Noticed Ytieprups the pandemonium lord
119431 | Zig:21   | Noticed Nihia the pandemonium lord
119431 | Zig:21   | Noticed Jeulu the pandemonium lord
119431 | Zig:21   | Noticed Jidahy the pandemonium lord
119432 | Zig:21   | Noticed Jaeng the pandemonium lord
119432 | Zig:21   | Noticed Culocizy the pandemonium lord
119433 | Zig:21   | Noticed Pajeav the pandemonium lord
119434 | Zig:21   | Killed Quen the pandemonium lord
119435 | Zig:21   | Reached skill level 27 in Transmutations
119435 | Zig:21   | Killed Jaeng the pandemonium lord
119435 | Zig:21   | Killed Pajeav the pandemonium lord
119435 | Zig:21   | Noticed Jiahas the pandemonium lord
119435 | Zig:21   | Noticed Xipho the pandemonium lord
119435 | Zig:21   | Noticed Mongu the pandemonium lord
119436 | Zig:21   | Killed Culocizy the pandemonium lord
119436 | Zig:21   | Killed Jidahy the pandemonium lord
119436 | Zig:21   | Killed Nihia the pandemonium lord
119436 | Zig:21   | Killed Xofemik the pandemonium lord
119436 | Zig:21   | Noticed Bergh the pandemonium lord
119436 | Zig:21   | Noticed Tacweki the pandemonium lord
119436 | Zig:21   | Noticed Petodeq the pandemonium lord
119436 | Zig:21   | Noticed Toxkyu the pandemonium lord
119436 | Zig:21   | Noticed Hunuloum the pandemonium lord
119436 | Zig:21   | Noticed Alusmat the pandemonium lord
119437 | Zig:21   | Noticed Wovahog the pandemonium lord
119437 | Zig:21   | Noticed Vystal the pandemonium lord
119444 | Zig:21   | Killed Ytieprups the pandemonium lord
119446 | Zig:21   | Killed Jeulu the pandemonium lord
119446 | Zig:21   | Killed Toxkyu the pandemonium lord
119446 | Zig:21   | Killed Wovahog the pandemonium lord
119446 | Zig:21   | Killed Bergh the pandemonium lord
119447 | Zig:21   | Reached skill level 5 in Ice Magic
119448 | Zig:21   | Killed Mongu the pandemonium lord
119448 | Zig:21   | Killed Hunuloum the pandemonium lord
119448 | Zig:21   | Killed Xipho the pandemonium lord
119448 | Zig:21   | Killed Jiahas the pandemonium lord
119448 | Zig:21   | Killed Petodeq the pandemonium lord
119448 | Zig:21   | Killed Vystal the pandemonium lord
119450 | Zig:21   | Killed Tacweki the pandemonium lord
119452 | Zig:21   | Killed Alusmat the pandemonium lord
119456 | Zig:21   | Noticed Otzues the pandemonium lord
119457 | Zig:21   | Noticed Guclot the pandemonium lord
119459 | Zig:21   | Killed Otzues the pandemonium lord
119460 | Zig:21   | Noticed Etri Elo the pandemonium lord
119461 | Zig:21   | Noticed Qagoodwi the pandemonium lord
119461 | Zig:21   | Noticed Pokam the pandemonium lord
119464 | Zig:21   | Killed Guclot the pandemonium lord
119464 | Zig:21   | Noticed Soezyt the pandemonium lord
119468 | Zig:21   | Killed Qagoodwi the pandemonium lord
119472 | Zig:21   | Killed Pokam the pandemonium lord
119472 | Zig:21   | Noticed Tuycluin the pandemonium lord
119476 | Zig:21   | Killed Soezyt the pandemonium lord
119477 | Zig:21   | Noticed Qeehohaxoff the pandemonium lord
119480 | Zig:21   | Killed Tuycluin the pandemonium lord
119480 | Zig:21   | Noticed Waapsur the pandemonium lord
119481 | Zig:21   | Noticed Quwkeu Giah the pandemonium lord
119482 | Zig:21   | Killed Qeehohaxoff the pandemonium lord
119483 | Zig:21   | Reached skill level 15 in Hexes
119486 | Zig:21   | Noticed Uqeicsus the pandemonium lord
119487 | Zig:21   | Killed Waapsur the pandemonium lord
119487 | Zig:21   | Killed Etri Elo the pandemonium lord
119487 | Zig:21   | Noticed Zoxualem the pandemonium lord
119487 | Zig:21   | Noticed Qyemysh the pandemonium lord
119489 | Zig:21   | Noticed Sek Goitupu the pandemonium lord
119516 | Zig:21   | Killed Sek Goitupu the pandemonium lord
119516 | Zig:21   | Killed Qyemysh the pandemonium lord
119517 | Zig:21   | Reached skill level 10 in Ice Magic
119517 | Zig:21   | Killed Uqeicsus the pandemonium lord
119520 | Zig:21   | Killed Quwkeu Giah the pandemonium lord
119522 | Zig:21   | Killed Zoxualem the pandemonium lord
119620 | Zig:21   | Found the +5 Lochaber axe {reach-cleave, Poleaxe Drain}
119625 | Zig:21   | Identified the +0 ring mail of Anaesthesia {MP+9 Int+2}
119626 | Zig:21   | Identified the +4 halberd "Geho Hics" {heavy, rC+ Will+
                  | Int-4 SInv}
119627 | Zig:21   | Identified the staff "Gergh" {rF+ rN+ Necro}
119632 | Zig:21   | Identified the +2 leather armour "Learche" {Harm rPois rN+
                  | Stlth-}
119635 | Zig:21   | Identified the +9 whip of the Saviour {freeze, rN+ rCorr
                  | Str-2 Dex+2}
119652 | Zig:21   | Identified the ring "Welyshat" {Fly rN+ Str+2}
119657 | Zig:21   | Identified the staff "Nuelynac" {rElec rF- Int+8 Ice Earth}
119683 | Zig:22   | Entered Level 22 of a ziggurat
119834 | Zig:22   | Found the +8 Vampire's Tooth {megavamp}
119835 | Zig:22   | Found the ring of the Hare {EV+10}
119841 | Zig:22   | Identified the +8 flail of the Iron City of Dis {freeze,
                  | Fragile rF+ Dex+7}
119843 | Zig:22   | Identified the +5 scale mail "Gutsimir" {rCorr Str+2}
119844 | Zig:22   | Identified the +7 broad axe of Circularity {drain, Fly
                  | Str+2 Int+4 Dex-2}
119848 | Zig:22   | Identified the amulet of Itahaivu {Faith Will+ Dex-4 SInv
                  | Stlth+}
119860 | Zig:22   | Identified the +2 cloak "Ymosirey" {rElec rN+ Dex+3 Slay-4}
119872 | Zig:22   | Identified the ring "Dotro" {*Slow AC+4 Int+4}
119882 | Zig:22   | Identified the +4 flail "Ogreslayer" {drain, rF+ rC- Str+2
                  | SInv}
119887 | Zig:22   | Identified the +3 chain mail of Sin {rC- rN+ Regen+}
119982 | Zig:23   | Entered Level 23 of a ziggurat
120024 | Zig:23   | Reached skill level 15 in Ice Magic
120129 | Zig:23   | Identified the +6 falchion "Quupress" {speed, +Blink rElec
                  | rF- rC+}
120130 | Zig:23   | Identified the +0 chain mail of the World {rN+ Str+3 Dex+4}
120153 | Zig:23   | Identified the +1 helmet of Winter {Will+ Int+4}
120233 | Zig:24   | Entered Level 24 of a ziggurat
120361 | Zig:24   | Found the +7 hand cannon "Mule" {flame, backblast, rF+}
120372 | Zig:24   | Identified the +7 trident of Victory {heavy, rN+ Str-3
                  | Int+4}
120389 | Zig:24   | Identified the amulet of Gyanedud {Reflect Int+3 Slay+2
                  | SH+5}
120391 | Zig:24   | Identified the +2 leather armour "Diyt" {MP+9}
120397 | Zig:24   | Identified the ring "Mueheh" {Fly rElec}
120406 | Zig:24   | Identified the +1 lajatang of the Aged Ultimatums {holy,
                  | Int+3}
120411 | Zig:24   | Identified the staff "Okeggiq" {rN+++ Int-2 SInv Air Earth}
120423 | Zig:24   | Identified the amulet of Rikool {rElec Regen+ Dex+3 Stlth+}
120521 | Zig:25   | Entered Level 25 of a ziggurat
120620 | Zig:25   | Noticed an ancient lich
120635 | Zig:25   | Killed an ancient lich
120652 | Zig:25   | Paralysed by accursed screaming for 1 turns
120664 | Zig:25   | Identified the +11 long sword of Pandemonium {drain, rElec
                  | Int+3}
120672 | Zig:25   | Gained mutation: You are vulnerable to heat. (rF-) [a
                  | neqoxec]
120763 | Zig:25   | Paralysed by accursed screaming for 2 turns
120768 | Zig:25   | Paralysed by accursed screaming for 2 turns
120783 | Zig:25   | Paralysed by accursed screaming for 2 turns
120790 | Zig:25   | Paralysed by accursed screaming for 2 turns
120801 | Zig:25   | Paralysed by accursed screaming for 2 turns
120815 | Zig:25   | Paralysed by accursed screaming for 2 turns
120888 | Zig:25   | Identified the amulet "Jiugolaj" {RegenMP rF+}
120890 | Zig:25   | Identified the ring of Midsummer {*Slow rElec rPois rF+
                  | Stlth+}
120927 | Zig:25   | Identified the amulet of Pinnojiw {Spirit Contam Str+6}
120949 | Zig:26   | Entered Level 26 of a ziggurat
120966 | Zig:26   | Reached skill level 1 in Polearms
121010 | Zig:26   | Reached skill level 5 in Polearms
121033 | Zig:26   | Reached skill level 10 in Unarmed Combat
121259 | Zig:26   | Identified the ring "Cifigill" {rF+ rC+ Int+3 Dex+3}
121266 | Zig:26   | Identified the amulet "Alegog" {Spirit rF++ Will- Str+4
                  | Stlth+}
121275 | Zig:26   | Identified the +6 dagger of Bread {freeze, Int+2}
121279 | Zig:26   | Identified the +4 mace of Icuro {venom, Contam Int+4 Dex+5}
121326 | Zig:27   | Entered Level 27 of a ziggurat
121345 | Zig:27   | Reached skill level 10 in Polearms
121470 | Zig:27   | Found the +3 pair of gauntlets of War {Slay+5}
121473 | Zig:27   | Identified the +1 broad axe of Watchfulness {heavy, rPois
                  | Will+ Int+2}
121474 | Zig:27   | Identified the +10 short sword "Zuma" {holy, Fly}
121478 | Zig:27   | Identified the +1 broad axe of the Leaping Fool {venom,
                  | MP+9 Str+6 Dex-5 Stlth+}
121486 | Zig:27   | Identified the amulet "Kemaybeveutt" {RegenMP SInv}
121496 | Zig:27   | Identified the +0 hat of Wiqok {Int+3}
121501 | Zig:27   | Identified the +6 scale mail "Paqoobur" {Dex+2}
121507 | Zig:27   | Identified the +2 leather armour "Ropsivel" {Int+4}
121514 | Zig:27   | Identified the +0 ring mail "Goiloip" {Dex+5}
121522 | Zig:27   | Identified the amulet of Emumat {Reflect MP+9 Dex+4 SH+5}
121527 | Zig:27   | Identified the staff of Tomorrow {+Blink rPois rN+ Poison}
121640 | Hell     | Reached skill level 15 in Polearms
121646 | Hell     | Reached skill level 27 in Hexes
121647 | Hell     | Reached skill level 15 in Unarmed Combat
121653 | Hell     | Lost mutation: You are vulnerable to heat. (rF-) [potion of
                  | mutation]
121653 | Hell     | Lost mutation: You are somewhat resistant to further
                  | mutation. [potion of mutation]
121653 | Hell     | Gained mutation: You have a pair of small horns on your
                  | head. [potion of mutation]
121653 | Hell     | Gained mutation: Your body sometimes deteriorates upon
                  | taking damage. [potion of mutation]
121653 | Hell     | Gained mutation: You have a somewhat thin skeletal
                  | structure. (Dex +2, Stealth+) [potion of mutation]
121654 | Hell     | Lost mutation: You have a pair of small horns on your head.
                  | [potion of mutation]
121654 | Hell     | Lost mutation: You have a somewhat thin skeletal structure.
                  | (Dex +2, Stealth+) [potion of mutation]
121654 | Hell     | Lost mutation: Your natural rate of healing is unusually
                  | fast. [potion of mutation]
121654 | Hell     | Gained mutation: Armour fits poorly on your strangely
                  | shaped body. [potion of mutation]
121654 | Hell     | Gained mutation: You have a somewhat thin skeletal
                  | structure. (Dex +2, Stealth+) [potion of mutation]
121655 | Hell     | Lost mutation: Your body sometimes deteriorates upon taking
                  | damage. [potion of mutation]
121655 | Hell     | Lost mutation: Armour fits poorly on your strangely shaped
                  | body. [potion of mutation]
121655 | Hell     | Gained mutation: You are covered in fur. (AC +1) [potion of
                  | mutation]
121655 | Hell     | Gained mutation: Potions are less effective at restoring
                  | your health. [potion of mutation]
121656 | Hell     | Lost mutation: You are covered in fur. (AC +1) [potion of
                  | mutation]
121656 | Hell     | Lost mutation: Potions are less effective at restoring your
                  | health. [potion of mutation]
121656 | Hell     | Lost mutation: You have a somewhat thin skeletal structure.
                  | (Dex +2, Stealth+) [potion of mutation]
121656 | Hell     | Gained mutation: You are agile. (Dex +4, Str/Int -1)
                  | [potion of mutation]
121656 | Hell     | Lost mutation: You are agile. (Dex +4, Str/Int -1) [potion
                  | of mutation]
121656 | Hell     | Gained mutation: You possess an exceptional clarity of
                  | mind. [potion of mutation]
121656 | Hell     | Gained mutation: You are agile. (Dex +4, Str/Int -1)
                  | [potion of mutation]
121657 | Hell     | Lost mutation: You possess an exceptional clarity of mind.
                  | [potion of mutation]
121657 | Hell     | Lost mutation: You are agile. (Dex +4, Str/Int -1) [potion
                  | of mutation]
121657 | Hell     | Gained mutation: You have a pair of small horns on your
                  | head. [potion of mutation]
121657 | Hell     | Gained mutation: You are frail. (-10% HP) [potion of
                  | mutation]
121657 | Hell     | Gained mutation: You have sharp toenails. [potion of
                  | mutation]
121657 | Hell     | Gained mutation: Your natural rate of healing is unusually
                  | fast. [potion of mutation]
121658 | Hell     | Lost mutation: You have sharp toenails. [potion of
                  | mutation]
121658 | Hell     | Lost mutation: You have a pair of small horns on your head.
                  | [potion of mutation]
121658 | Hell     | Gained mutation: You have sharp toenails. [potion of
                  | mutation]
121658 | Hell     | Lost mutation: Your natural rate of healing is unusually
                  | fast. [potion of mutation]
121658 | Hell     | Gained mutation: Your mind is acute. (Int +4, Str/Dex -1)
                  | [potion of mutation]
121659 | Hell     | Lost mutation: Your mind is acute. (Int +4, Str/Dex -1)
                  | [potion of mutation]
121659 | Hell     | Lost mutation: You are frail. (-10% HP) [potion of
                  | mutation]
121659 | Hell     | Gained mutation: You occasionally lose the ability to read
                  | scrolls when taking damage. [potion of mutation]
121659 | Hell     | Gained mutation: Your mind is acute. (Int +4, Str/Dex -1)
                  | [potion of mutation]
121660 | Hell     | Lost mutation: You have sharp toenails. [potion of
                  | mutation]
121660 | Hell     | Lost mutation: You occasionally lose the ability to read
                  | scrolls when taking damage. [potion of mutation]
121660 | Hell     | Gained mutation: Your body sometimes deteriorates upon
                  | taking damage. [potion of mutation]
121661 | Hell     | Lost mutation: Your mind is acute. (Int +4, Str/Dex -1)
                  | [potion of mutation]
121661 | Hell     | Lost mutation: Your body sometimes deteriorates upon taking
                  | damage. [potion of mutation]
121661 | Hell     | Gained mutation: Your spells are a little easier to cast,
                  | but a little less powerful. [potion of mutation]
121661 | Hell     | Gained mutation: You have sharp toenails. [potion of
                  | mutation]
121662 | Hell     | Lost mutation: Your spells are a little easier to cast, but
                  | a little less powerful. [potion of mutation]
121662 | Hell     | Lost mutation: You have sharp toenails. [potion of
                  | mutation]
121662 | Hell     | Gained mutation: Your skin changes colour to match your
                  | surroundings (Stealth+). [potion of mutation]
121662 | Hell     | Gained mutation: Your magical capacity is low. (-10% MP)
                  | [potion of mutation]
121662 | Hell     | Lost mutation: Your magical capacity is low. (-10% MP)
                  | [potion of mutation]
121662 | Hell     | Gained mutation: You expend magic power (3 MP) to
                  | strengthen your wands. [potion of mutation]
121663 | Hell     | Lost mutation: You expend magic power (3 MP) to strengthen
                  | your wands. [potion of mutation]
121663 | Hell     | Lost mutation: Your skin changes colour to match your
                  | surroundings (Stealth+). [potion of mutation]
121663 | Hell     | Gained mutation: You are dopey. (Int -2) [potion of
                  | mutation]
121663 | Hell     | Gained mutation: Your spells are a little easier to cast,
                  | but a little less powerful. [potion of mutation]
121664 | Hell     | Lost mutation: You are dopey. (Int -2) [potion of mutation]
121664 | Hell     | Lost mutation: Your spells are a little easier to cast, but
                  | a little less powerful. [potion of mutation]
121664 | Hell     | Gained mutation: You expend magic power (3 MP) to
                  | strengthen your wands. [potion of mutation]
121664 | Hell     | Gained mutation: Your magical capacity is low. (-10% MP)
                  | [potion of mutation]
121664 | Hell     | Gained mutation: You are strong-willed. (Will+) [potion of
                  | mutation]
121665 | Hell     | Lost mutation: You are strong-willed. (Will+) [potion of
                  | mutation]
121665 | Hell     | Lost mutation: You expend magic power (3 MP) to strengthen
                  | your wands. [potion of mutation]
121665 | Hell     | Gained mutation: Your body sometimes deteriorates upon
                  | taking damage. [potion of mutation]
121665 | Hell     | Gained mutation: You have a pair of small horns on your
                  | head. [potion of mutation]
121665 | Hell     | Gained mutation: You are resistant to electric shocks.
                  | (rElec) [potion of mutation]
121666 | Hell     | Lost mutation: You are resistant to electric shocks.
                  | (rElec) [potion of mutation]
121666 | Hell     | Lost mutation: Your body sometimes deteriorates upon taking
                  | damage. [potion of mutation]
121666 | Hell     | Lost mutation: Your magical capacity is low. (-10% MP)
                  | [potion of mutation]
121666 | Hell     | Gained mutation: Your mind is acute. (Int +4, Str/Dex -1)
                  | [potion of mutation]
121666 | Hell     | Gained mutation: You are somewhat resistant to further
                  | mutation. [potion of mutation]
121667 | Hell     | Lost mutation: You have a pair of small horns on your head.
                  | [potion of mutation]
121667 | Hell     | Lost mutation: You are somewhat resistant to further
                  | mutation. [potion of mutation]
121667 | Hell     | Lost mutation: Your mind is acute. (Int +4, Str/Dex -1)
                  | [potion of mutation]
121667 | Hell     | Gained mutation: You are vulnerable to heat. (rF-) [potion
                  | of mutation]
121667 | Hell     | Gained mutation: You expend magic power (3 MP) to
                  | strengthen your wands. [potion of mutation]
121667 | Hell     | Gained mutation: Your muscles are strong. (Str +4, Int/Dex
                  | -1) [potion of mutation]
121668 | Hell     | Lost mutation: You expend magic power (3 MP) to strengthen
                  | your wands. [potion of mutation]
121668 | Hell     | Lost mutation: Your muscles are strong. (Str +4, Int/Dex
                  | -1) [potion of mutation]
121668 | Hell     | Gained mutation: You are resistant to electric shocks.
                  | (rElec) [potion of mutation]
121668 | Hell     | Gained mutation: You are clumsy. (Dex -2) [potion of
                  | mutation]
121668 | Hell     | Gained mutation: You sometimes lose your temper in combat.
                  | [potion of mutation]
121668 | Hell     | Gained mutation: You are robust. (+10% HP) [potion of
                  | mutation]
121669 | Hell     | Lost mutation: You sometimes lose your temper in combat.
                  | [potion of mutation]
121669 | Hell     | Lost mutation: You are vulnerable to heat. (rF-) [potion of
                  | mutation]
121669 | Hell     | Lost mutation: You are clumsy. (Dex -2) [potion of
                  | mutation]
121669 | Hell     | Gained mutation: You have a pair of small antennae on your
                  | head. [potion of mutation]
121669 | Hell     | Gained mutation: You have a pair of antennae on your head.
                  | [potion of mutation]
121670 | Hell     | Lost mutation: You are resistant to electric shocks.
                  | (rElec) [potion of mutation]
121670 | Hell     | Lost mutation: You have a pair of antennae on your head.
                  | [potion of mutation]
121670 | Hell     | Lost mutation: You are robust. (+10% HP) [potion of
                  | mutation]
121670 | Hell     | Gained mutation: You are frail. (-10% HP) [potion of
                  | mutation]
121670 | Hell     | Gained mutation: Your natural rate of healing is unusually
                  | fast. [potion of mutation]
121671 | Hell     | Lost mutation: Your natural rate of healing is unusually
                  | fast. [potion of mutation]
121671 | Hell     | Lost mutation: You are frail. (-10% HP) [potion of
                  | mutation]
121671 | Hell     | Gained mutation: You occasionally shout uncontrollably at
                  | your foes. [potion of mutation]
121672 | Hell     | Lost mutation: You occasionally shout uncontrollably at
                  | your foes. [potion of mutation]
121672 | Hell     | Lost mutation: You have a pair of small antennae on your
                  | head. [potion of mutation]
121672 | Hell     | Gained mutation: You are frail. (-10% HP) [potion of
                  | mutation]
121673 | Hell     | Lost mutation: You are frail. (-10% HP) [potion of
                  | mutation]
121673 | Hell     | Gained mutation: Your system is resistant to poisons.
                  | (rPois) [potion of mutation]
121673 | Hell     | Gained mutation: You sometimes lose your temper in combat.
                  | [potion of mutation]
121673 | Hell     | Gained mutation: You are somewhat resistant to further
                  | mutation. [potion of mutation]
121673 | Hell     | Gained mutation: You have supernaturally acute eyesight.
                  | (SInv) [potion of mutation]
121674 | Hell     | Lost mutation: You are somewhat resistant to further
                  | mutation. [potion of mutation]
121674 | Hell     | Lost mutation: Your system is resistant to poisons. (rPois)
                  | [potion of mutation]
121674 | Hell     | Gained mutation: Your magical capacity is low. (-10% MP)
                  | [potion of mutation]
121674 | Hell     | Lost mutation: Your magical capacity is low. (-10% MP)
                  | [potion of mutation]
121675 | Hell     | Lost mutation: You have supernaturally acute eyesight.
                  | (SInv) [potion of mutation]
121675 | Hell     | Lost mutation: You sometimes lose your temper in combat.
                  | [potion of mutation]
121675 | Hell     | Gained mutation: You have a somewhat thin skeletal
                  | structure. (Dex +2, Stealth+) [potion of mutation]
121675 | Hell     | Gained mutation: You are covered in fur. (AC +1) [potion of
                  | mutation]
121675 | Hell     | Gained mutation: Your mind is acute. (Int +4, Str/Dex -1)
                  | [potion of mutation]
121766 | Hell     | Acquired the scarf of the Guilds {repulsion, rF+ rC- rCorr}
121767 | Hell     | Acquired the +1 pair of boots "Uggoh" {Int+2}
121768 | Hell     | Acquired the ring "Locis" {rCorr SInv}
121823 | Hell     | Saving game... please wait.
121855 | Hell     | Learned a level 9 spell: Polar Vortex
121865 | Zig:1    | Entered Level 1 of a ziggurat
121891 | Zig:2    | Entered Level 2 of a ziggurat
121917 | Zig:3    | Entered Level 3 of a ziggurat
121955 | Zig:4    | Entered Level 4 of a ziggurat
121959 | Zig:4    | Noticed Laleobem the pandemonium lord
121965 | Zig:4    | Killed Laleobem the pandemonium lord
121996 | Zig:4    | Identified the +9 spear of the Mosquito {drain, rElec
                  | Dex+2}
121997 | Zig:4    | Identified the +7 great sword of Boaress {vamp, SInv}
122014 | Zig:5    | Entered Level 5 of a ziggurat
122016 | Zig:5    | Noticed a juggernaut
122016 | Zig:5    | Noticed a juggernaut
122016 | Zig:5    | Noticed a juggernaut
122016 | Zig:5    | Noticed a juggernaut
122018 | Zig:5    | Killed a juggernaut
122018 | Zig:5    | Killed a juggernaut
122019 | Zig:5    | Killed a juggernaut
122019 | Zig:5    | Killed a juggernaut
122059 | Zig:6    | Entered Level 6 of a ziggurat
122101 | Zig:6    | Identified the ring "Notolo" {Drain +Blink Will+ Dex+6
                  | Stlth+}
122135 | Zig:7    | Entered Level 7 of a ziggurat
122151 | Zig:7    | Reached skill level 27 in Ice Magic
122166 | Zig:7    | Identified the amulet of Haotumym {RegenMP rPois rC- rN+++
                  | Str-3}
122168 | Zig:7    | Identified the ring of Naroag {rN+++ EV+5}
122185 | Zig:8    | Entered Level 8 of a ziggurat
122212 | Zig:8    | Found the +11 plutonium sword {Contam Stlth-}
122226 | Zig:8    | Identified the ring "Woseva" {rF+ rCorr Dex+4}
122233 | Zig:8    | Identified the staff "Ischune" {rElec Hexes Air}
122259 | Zig:9    | Entered Level 9 of a ziggurat
122261 | Zig:9    | Reached skill level 15 in Axes
122269 | Zig:9    | Noticed a dread lich
122271 | Zig:9    | Noticed an ancient lich
122273 | Zig:9    | Killed a dread lich
122275 | Zig:9    | Killed an ancient lich
122275 | Zig:9    | Noticed a dread lich
122276 | Zig:9    | Noticed a dread lich
122279 | Zig:9    | Killed a dread lich
122279 | Zig:9    | Killed a dread lich
122321 | Zig:9    | Identified the +0 ring mail "Astozik" {rC- rCorr Str+4
                  | Int-3}
122331 | Zig:9    | Identified the ring "Jias" {*Slow rPois rN+ Int+5 Dex+2}
122379 | Zig:10   | Entered Level 10 of a ziggurat
122451 | Zig:10   | Identified the +7 shortbow of Hoachics {heavy, rF+ MP+9}
122464 | Zig:10   | Identified the +1 short sword "Decilea" {speed, *Noise
                  | Int+5}
122469 | Zig:11   | Entered Level 11 of a ziggurat
122472 | Zig:11   | Noticed a dread lich
122473 | Zig:11   | Noticed an ancient lich
122473 | Zig:11   | Noticed an ancient lich
122474 | Zig:11   | Killed a dread lich
122474 | Zig:11   | Killed an ancient lich
122475 | Zig:11   | Noticed an ancient lich
122475 | Zig:11   | Noticed a dread lich
122476 | Zig:11   | Killed an ancient lich
122476 | Zig:11   | Killed an ancient lich
122476 | Zig:11   | Noticed an ancient lich
122477 | Zig:11   | Killed a dread lich
122477 | Zig:11   | Killed an ancient lich
122478 | Zig:11   | Noticed a dread lich
122479 | Zig:11   | Noticed an ancient lich
122480 | Zig:11   | Killed a dread lich
122480 | Zig:11   | Noticed a dread lich
122482 | Zig:11   | Killed an ancient lich
122482 | Zig:11   | Noticed an ancient lich
122484 | Zig:11   | Noticed an ancient lich
122484 | Zig:11   | Killed an ancient lich
122484 | Zig:11   | Noticed a dread lich
122485 | Zig:11   | Killed an ancient lich
122486 | Zig:11   | Killed a dread lich
122488 | Zig:11   | Killed a dread lich
122507 | Zig:11   | Found the amulet of the Four Winds {rN+ Will+++ Clar}
122522 | Zig:11   | Identified the +3 robe of Temperance {rC+ rCorr Stlth-}
122530 | Zig:11   | Identified the +1 rapier of Omeli {freeze, Will+ rCorr
                  | Int+4 Dex-5}
122560 | Zig:12   | Entered Level 12 of a ziggurat
122571 | Zig:12   | Found the +8 demon blade "Leech" {evervamp, Harm Drain rN+}
122648 | Zig:13   | Entered Level 13 of a ziggurat
122685 | Zig:13   | Found the +3 giant club "Skullcrusher" {speed, Str+7}
122701 | Zig:13   | Identified the orb of the Arena {light, *Slow Dex+3}
122706 | Zig:13   | Identified the +1 ring mail of Grace {Str+3 Dex+5}
122707 | Zig:13   | Identified the +3 rapier "Essugew" {freeze, *Corrode rElec
                  | MP+9 Dex+5}
122742 | Zig:14   | Entered Level 14 of a ziggurat
122756 | Zig:14   | Noticed a dread lich
122757 | Zig:14   | Killed a dread lich
122816 | Zig:14   | Identified the +5 spear of the Abyss {heavy, Will+ Str+2}
122843 | Zig:15   | Entered Level 15 of a ziggurat
122847 | Zig:15   | Noticed a dread lich
122847 | Zig:15   | Noticed a dread lich
122847 | Zig:15   | Noticed a dread lich
122847 | Zig:15   | Noticed a dread lich
122847 | Zig:15   | Noticed a dread lich
122848 | Zig:15   | Killed a dread lich
122848 | Zig:15   | Noticed a dread lich
122849 | Zig:15   | Noticed an ancient lich
122849 | Zig:15   | Killed a dread lich
122849 | Zig:15   | Killed a dread lich
122849 | Zig:15   | Killed a dread lich
122849 | Zig:15   | Killed an ancient lich
122849 | Zig:15   | Noticed an ancient lich
122849 | Zig:15   | Noticed a dread lich
122850 | Zig:15   | Noticed a dread lich
122850 | Zig:15   | Killed a dread lich
122850 | Zig:15   | Killed a dread lich
122850 | Zig:15   | Noticed a dread lich
122851 | Zig:15   | Killed an ancient lich
122851 | Zig:15   | Killed a dread lich
122851 | Zig:15   | Killed a dread lich
122851 | Zig:15   | Noticed a dread lich
122852 | Zig:15   | Killed a dread lich
122855 | Zig:15   | Killed a dread lich
122856 | Zig:15   | Noticed an ancient lich
122857 | Zig:15   | Noticed a dread lich
122857 | Zig:15   | Killed an ancient lich
122858 | Zig:15   | Killed a dread lich
122907 | Zig:15   | Identified the +0 scale mail of Puraeh {rC+ SInv}
122920 | Zig:15   | Identified the +3 trident of Cocoul {freeze, Fly rN+ Str+2}
122930 | Zig:15   | Identified the +3 halberd of Incongruity {flame, Fly Int+3}
122937 | Zig:15   | Identified the +9 great sword of Beigusue {flame, rC- Int+2
                  | SInv}
122950 | Zig:15   | Identified the staff "Omoluk" {Fly rElec Air}
122958 | Zig:16   | Entered Level 16 of a ziggurat
122961 | Zig:16   | Noticed an ancient lich
122962 | Zig:16   | Noticed a dread lich
122962 | Zig:16   | Noticed a dread lich
122962 | Zig:16   | Noticed an ancient lich
122962 | Zig:16   | Noticed an ancient lich
122962 | Zig:16   | Noticed a dread lich
122963 | Zig:16   | Killed an ancient lich
122963 | Zig:16   | Killed an ancient lich
122963 | Zig:16   | Paralysed by a dread lich for 2 turns
122965 | Zig:16   | Killed a dread lich
122965 | Zig:16   | Killed a dread lich
122965 | Zig:16   | Killed an ancient lich
122966 | Zig:16   | Killed a dread lich
122968 | Zig:16   | Noticed an ancient lich
122969 | Zig:16   | Noticed a dread lich
122970 | Zig:16   | Killed an ancient lich
122970 | Zig:16   | Killed a dread lich
122973 | Zig:16   | Paralysed by an ogre mage for 3 turns
122976 | Zig:16   | Noticed a dread lich
122977 | Zig:16   | Reached skill level 27 in Staves
122978 | Zig:16   | Killed a dread lich
122983 | Zig:16   | Noticed a dread lich
122984 | Zig:16   | Killed a dread lich
123053 | Zig:16   | Identified the +1 war axe "Vyst" {spect, rN+ rCorr Str+4}
123056 | Zig:16   | Identified the +4 morningstar of Ylaesh {venom, +Blink
                  | Str-4 Dex+3}
123072 | Zig:16   | Identified the +9 short sword "Rezylaqa" {freeze, rElec
                  | rCorr}
123078 | Zig:16   | Identified the +5 rapier "Paoczuhu" {freeze, rF++ Will-
                  | Dex+5}
123103 | Zig:16   | Saving game... please wait.
123106 | Zig:17   | Entered Level 17 of a ziggurat
123144 | Zig:17   | Reached skill level 27 in Axes
123197 | Zig:17   | Found the +7 mace of Variability {chaos, chaos arc}
123205 | Zig:17   | Identified the +5 plate armour of the Mind {Str+3}
123206 | Zig:17   | Identified the +8 orcbow of Salt {heavy, rPois}
123213 | Zig:17   | Identified the +1 robe of the Oni {+Blink Int-5 Dex+3}
123244 | Zig:18   | Entered Level 18 of a ziggurat
123244 | Zig:18   | Noticed a royal mummy
123244 | Zig:18   | Noticed a royal mummy
123244 | Zig:18   | Noticed a royal mummy
123244 | Zig:18   | Noticed a royal mummy
123245 | Zig:18   | Noticed a royal mummy
123245 | Zig:18   | Noticed a royal mummy
123246 | Zig:18   | Killed a royal mummy
123246 | Zig:18   | Killed a royal mummy
123246 | Zig:18   | Noticed a royal mummy
123248 | Zig:18   | Killed a royal mummy
123248 | Zig:18   | Killed a royal mummy
123248 | Zig:18   | Noticed a royal mummy
123248 | Zig:18   | Noticed a royal mummy
123249 | Zig:18   | Reached skill level 15 in Throwing
123249 | Zig:18   | Killed a royal mummy
123249 | Zig:18   | Killed a royal mummy
123249 | Zig:18   | Noticed a royal mummy
123249 | Zig:18   | Noticed a royal mummy
123249 | Zig:18   | Noticed a royal mummy
123250 | Zig:18   | Noticed a royal mummy
123250 | Zig:18   | Noticed a royal mummy
123253 | Zig:18   | Killed a royal mummy
123253 | Zig:18   | Killed a royal mummy
123253 | Zig:18   | HP: 9/235 [something (7)]
123253 | Zig:18   | Noticed a royal mummy
123253 | Zig:18   | Noticed a royal mummy
123253 | Zig:18   | Noticed a royal mummy
123253 | Zig:18   | Saved by the dreamshard amulet
123257 | Zig:18   | Killed a royal mummy
123258 | Zig:18   | Reached skill level 15 in Ranged Weapons
123258 | Zig:18   | Killed a royal mummy
123258 | Zig:18   | Killed a royal mummy
123258 | Zig:18   | Killed a royal mummy
123258 | Zig:18   | Killed a royal mummy
123258 | Zig:18   | Killed a royal mummy
123258 | Zig:18   | Noticed a royal mummy
123258 | Zig:18   | Noticed a royal mummy
123260 | Zig:18   | Killed a royal mummy
123260 | Zig:18   | Killed a royal mummy
123260 | Zig:18   | Killed a royal mummy
123260 | Zig:18   | Killed a royal mummy
123260 | Zig:18   | Noticed a royal mummy
123260 | Zig:18   | Noticed a royal mummy
123261 | Zig:18   | Killed a royal mummy
123261 | Zig:18   | Killed a royal mummy
123262 | Zig:18   | Killed a royal mummy
123262 | Zig:18   | Killed a royal mummy
123294 | Zig:18   | Found the ring of the Mage {Wiz Archmagi}
123301 | Zig:18   | Identified the +1 trident of Yeast {protect, Drain Will++
                  | Dex+4}
123343 | Zig:18   | Identified the orb of Parsimonious Beauty {*Rage, rC+ rCorr
                  | Slay+3}
123366 | Zig:18   | Saving game... please wait.
123366 | Zig:18   | Upgraded the game from 0.31-a0-1059-g83d41fd8b6 to
                  | 0.31-a0-1066-g35875b34c7
123367 | Zig:19   | Entered Level 19 of a ziggurat
123370 | Zig:19   | Noticed an ancient lich
123371 | Zig:19   | Killed an ancient lich
123371 | Zig:19   | Noticed an ancient lich
123372 | Zig:19   | Noticed a dread lich
123374 | Zig:19   | Noticed an ancient lich
123375 | Zig:19   | Noticed an ancient lich
123376 | Zig:19   | Killed an ancient lich
123376 | Zig:19   | Killed a dread lich
123376 | Zig:19   | Noticed a dread lich
123377 | Zig:19   | Killed an ancient lich
123377 | Zig:19   | Killed an ancient lich
123377 | Zig:19   | Noticed an ancient lich
123378 | Zig:19   | Killed a dread lich
123378 | Zig:19   | Killed an ancient lich
123378 | Zig:19   | Noticed a dread lich
123379 | Zig:19   | Noticed a dread lich
123380 | Zig:19   | Killed a dread lich
123380 | Zig:19   | Killed a dread lich
123380 | Zig:19   | Noticed an ancient lich
123382 | Zig:19   | Killed an ancient lich
123382 | Zig:19   | Noticed an ancient lich
123384 | Zig:19   | Noticed a dread lich
123384 | Zig:19   | Killed an ancient lich
123384 | Zig:19   | Noticed an ancient lich
123385 | Zig:19   | Killed a dread lich
123385 | Zig:19   | Killed an ancient lich
123385 | Zig:19   | Noticed an ancient lich
123385 | Zig:19   | Noticed an ancient lich
123386 | Zig:19   | Noticed an ancient lich
123386 | Zig:19   | Killed an ancient lich
123387 | Zig:19   | Killed an ancient lich
123387 | Zig:19   | Killed an ancient lich
123389 | Zig:19   | Noticed an ancient lich
123393 | Zig:19   | Killed an ancient lich
123444 | Zig:19   | Identified the ring "Wuywafel" {rF+ rC+ rN+ Will+}
123448 | Zig:19   | Identified the +0 helmet "Pattelev" {Fly rCorr}
123452 | Zig:19   | Identified the staff of Rahir {rElec rC- rCorr Dex+2 Earth}
123455 | Zig:19   | Identified the +1 orcbow "Wolinesk" {flame, rC+}
123467 | Zig:19   | Identified the ring of Yses Ott {rElec rCorr MP+9 Slay+2}
123475 | Zig:19   | Identified the +4 halberd of Peril {heavy, Drain rElec
                  | rCorr Dex+2}
123476 | Zig:19   | Identified the +2 robe "Wufyw" {rF+}
123494 | Zig:20   | Entered Level 20 of a ziggurat
123501 | Zig:20   | Noticed an ancient lich
123502 | Zig:20   | Killed an ancient lich
123505 | Zig:20   | Noticed an ancient lich
123505 | Zig:20   | Noticed an ancient lich
123507 | Zig:20   | Killed an ancient lich
123507 | Zig:20   | Noticed an ancient lich
123507 | Zig:20   | Noticed a dread lich
123508 | Zig:20   | Killed an ancient lich
123508 | Zig:20   | Killed an ancient lich
123508 | Zig:20   | Noticed an ancient lich
123509 | Zig:20   | Killed a dread lich
123509 | Zig:20   | Noticed an ancient lich
123509 | Zig:20   | Noticed a dread lich
123509 | Zig:20   | Noticed an ancient lich
123510 | Zig:20   | Killed an ancient lich
123510 | Zig:20   | Killed an ancient lich
123510 | Zig:20   | Noticed a dread lich
123511 | Zig:20   | Killed an ancient lich
123511 | Zig:20   | Killed a dread lich
123512 | Zig:20   | Killed a dread lich
123512 | Zig:20   | Noticed an ancient lich
123513 | Zig:20   | Noticed an ancient lich
123513 | Zig:20   | Noticed an ancient lich
123515 | Zig:20   | Killed an ancient lich
123515 | Zig:20   | Killed an ancient lich
123515 | Zig:20   | Killed an ancient lich
123516 | Zig:20   | Noticed an ancient lich
123517 | Zig:20   | Noticed a dread lich
123518 | Zig:20   | Killed an ancient lich
123519 | Zig:20   | Noticed a dread lich
123519 | Zig:20   | Killed a dread lich
123519 | Zig:20   | Killed a dread lich
123519 | Zig:20   | Noticed an ancient lich
123521 | Zig:20   | Killed an ancient lich
123522 | Zig:20   | Noticed an ancient lich
123523 | Zig:20   | Killed an ancient lich
123593 | Zig:20   | Identified the ring "Wiomauf" {Fire Int+2}
123597 | Zig:20   | Identified the amulet of Ori Boruse {RegenMP Will+ SInv}
123613 | Zig:20   | Identified the +4 chain mail "Teoruom" {rPois Int+4}
123627 | Zig:20   | Reached skill level 5 in Short Blades
123638 | Zig:21   | Entered Level 21 of a ziggurat
123734 | Zig:21   | Found the amulet of Elemental Vulnerability {rPois rF--
                  | rC-- AC+8}
123735 | Zig:21   | Found the +5 glaive of the Guard {elec, spectral}
123736 | Zig:21   | Identified the +6 kite shield of Recklessness {rF+ Will-
                  | Int+6 SInv}
123740 | Zig:21   | Identified the staff "Gixkots" {*Slow rF+ rC+ Int+2 Fire}
123747 | Zig:21   | Identified the +0 long sword of Qoluel {flame, rC+ Str+3}
123750 | Zig:21   | Identified the ring "Yhegucs" {rElec Int+6}
123757 | Zig:21   | Identified the staff of Objectivity {rF+ rC+ Dex+2 Ice}
123778 | Zig:21   | Identified the +6 hand axe "Qeithana" {drain, Will+ MP+9}
123786 | Zig:21   | Identified the +11 plate armour of Anaesthesia {+Inv rElec}
123814 | Zig:22   | Entered Level 22 of a ziggurat
123844 | Zig:22   | Reached skill level 27 in Throwing
123844 | Zig:22   | Gained mutation: You are frail. (-10% HP) [a shining eye]
123904 | Zig:22   | Found the +8 longbow "Zephyr" {speed, Dex+3 SInv}
123905 | Zig:22   | Found the +8 Wrath of Trog {antimagic, *Rage Rampage}
123913 | Zig:22   | Identified the +0 sling of Kadyja {elec, Int+2 Stlth+}
123917 | Zig:22   | Identified the ring "Garchour" {rN+ Int+6}
123924 | Zig:22   | Identified the +4 robe of Infinity {Will++}
123926 | Zig:22   | Identified the staff of Equivalence {+Blink rPois rCorr
                  | Str-5 Dex+6 Poison}
123932 | Zig:22   | Identified the +4 scale mail of Fuis {rF- Will+ Dex+2}
123937 | Zig:22   | Identified the +4 war axe "Ifuyquas" {chaos, rF+ Int+4}
123989 | Zig:23   | Entered Level 23 of a ziggurat
123995 | Zig:23   | Noticed a dread lich
123996 | Zig:23   | Noticed a dread lich
123997 | Zig:23   | Killed a dread lich
123997 | Zig:23   | Killed a dread lich
123997 | Zig:23   | Noticed a dread lich
123999 | Zig:23   | Killed a dread lich
123999 | Zig:23   | Noticed a dread lich
124000 | Zig:23   | Killed a dread lich
124001 | Zig:23   | Noticed an ancient lich
124002 | Zig:23   | Reached skill level 27 in Ranged Weapons
124002 | Zig:23   | Noticed a dread lich
124002 | Zig:23   | Noticed a dread lich
124002 | Zig:23   | Noticed an ancient lich
124003 | Zig:23   | Killed an ancient lich
124004 | Zig:23   | Killed a dread lich
124004 | Zig:23   | Killed an ancient lich
124004 | Zig:23   | Killed a dread lich
124004 | Zig:23   | Noticed a dread lich
124005 | Zig:23   | Reached skill level 5 in Long Blades
124005 | Zig:23   | Noticed a dread lich
124005 | Zig:23   | Killed a dread lich
124006 | Zig:23   | Noticed a dread lich
124007 | Zig:23   | Killed a dread lich
124007 | Zig:23   | Noticed an ancient lich
124008 | Zig:23   | Killed a dread lich
124008 | Zig:23   | Killed an ancient lich
124009 | Zig:23   | Noticed a dread lich
124010 | Zig:23   | Noticed an ancient lich
124011 | Zig:23   | Killed a dread lich
124011 | Zig:23   | Noticed a dread lich
124012 | Zig:23   | Killed an ancient lich
124012 | Zig:23   | Noticed a dread lich
124012 | Zig:23   | Noticed an ancient lich
124013 | Zig:23   | Killed a dread lich
124013 | Zig:23   | Killed a dread lich
124014 | Zig:23   | Killed an ancient lich
124015 | Zig:23   | Reached skill level 10 in Short Blades
124016 | Zig:23   | Noticed an ancient lich
124018 | Zig:23   | Killed an ancient lich
124080 | Zig:23   | Found the +3 warlock's mirror {omnireflect}
124093 | Zig:23   | Identified the +6 scale mail of Ruk Rinu {rPois rN++ Str+3
                  | Slay-3}
124096 | Zig:23   | Identified the +4 halberd "Heuzxogu" {freeze, rC- rN+
                  | Dex+3}
124100 | Zig:23   | Identified the staff "Kuhaurent" {Fragile rPois rF++ rC+
                  | Ice Poison}
124102 | Zig:23   | Identified the +0 robe "Pioqicw" {Stlth+ Archmagi}
124107 | Zig:23   | Identified the amulet of Iduemier {rC+ rN+ Regen+ Stlth-}
124115 | Zig:23   | Identified the +5 battleaxe of the Depths {venom, rC+ Int+2
                  | Stlth+}
124131 | Zig:23   | Identified the ring of Liberalism {rF+ rC+ MP+9}
124159 | Zig:23   | Lost mutation: You have a somewhat thin skeletal structure.
                  | (Dex +2, Stealth+) [potion of mutation]
124159 | Zig:23   | Lost mutation: You are frail. (-10% HP) [potion of
                  | mutation]
124159 | Zig:23   | Lost mutation: You are covered in fur. (AC +1) [potion of
                  | mutation]
124159 | Zig:23   | Lost mutation: Your mind is acute. (Int +4, Str/Dex -1)
                  | [potion of mutation]
124159 | Zig:23   | Gained mutation: You have a somewhat thin skeletal
                  | structure. (Dex +2, Stealth+) [potion of mutation]
124160 | Zig:23   | Lost mutation: You have a somewhat thin skeletal structure.
                  | (Dex +2, Stealth+) [potion of mutation]
124160 | Zig:23   | Gained mutation: You passively map a small area around you.
                  | [potion of mutation]
124160 | Zig:23   | Gained mutation: You are somewhat resistant to further
                  | mutation. [potion of mutation]
124161 | Zig:23   | Lost mutation: You are somewhat resistant to further
                  | mutation. [potion of mutation]
124161 | Zig:23   | Lost mutation: You passively map a small area around you.
                  | [potion of mutation]
124161 | Zig:23   | Gained mutation: Your spells are a little harder to cast,
                  | but a little more powerful. [potion of mutation]
124161 | Zig:23   | Gained mutation: You have a pair of small horns on your
                  | head. [potion of mutation]
124162 | Zig:23   | Lost mutation: Your spells are a little harder to cast, but
                  | a little more powerful. [potion of mutation]
124162 | Zig:23   | Lost mutation: You have a pair of small horns on your head.
                  | [potion of mutation]
124162 | Zig:23   | Gained mutation: Your flesh is heat resistant. (rF+)
                  | [potion of mutation]
124162 | Zig:23   | Gained mutation: You are somewhat resistant to further
                  | mutation. [potion of mutation]
124220 | Zig:24   | Entered Level 24 of a ziggurat
124230 | Zig:24   | Reached skill level 10 in Long Blades
124233 | Zig:24   | Noticed an ancient lich
124236 | Zig:24   | Killed an ancient lich
124309 | Zig:24   | Identified the +3 ring mail of Intuition {+Inv}
124317 | Zig:24   | Identified the +2 helmet "Veh Hes" {rPois Will+}
124331 | Zig:24   | Identified the +4 ring mail "Sees" {Harm Int+3 Dex+3}
124336 | Zig:24   | Identified the +2 long sword of Big Damage {speed, *Noise
                  | rF+ Str+3}
124337 | Zig:24   | Identified the +9 quarterstaff of Maplakk {flame, +Blink
                  | Str+3 Stlth-}
124384 | Zig:25   | Entered Level 25 of a ziggurat
124390 | Zig:25   | Noticed an ancient lich
124390 | Zig:25   | Noticed a dread lich
124391 | Zig:25   | Noticed a dread lich
124392 | Zig:25   | Killed a dread lich
124392 | Zig:25   | Noticed an ancient lich
124393 | Zig:25   | Killed an ancient lich
124393 | Zig:25   | Killed a dread lich
124394 | Zig:25   | Reached skill level 15 in Short Blades
124394 | Zig:25   | Killed an ancient lich
124394 | Zig:25   | Noticed an ancient lich
124394 | Zig:25   | Noticed a dread lich
124395 | Zig:25   | Noticed a dread lich
124395 | Zig:25   | Killed a dread lich
124395 | Zig:25   | Killed an ancient lich
124395 | Zig:25   | Noticed an ancient lich
124395 | Zig:25   | Noticed a dread lich
124396 | Zig:25   | Killed a dread lich
124397 | Zig:25   | Killed a dread lich
124398 | Zig:25   | Killed an ancient lich
124398 | Zig:25   | Noticed a dread lich
124399 | Zig:25   | Noticed a dread lich
124399 | Zig:25   | Killed a dread lich
124399 | Zig:25   | Noticed a dread lich
124399 | Zig:25   | Noticed a dread lich
124400 | Zig:25   | Reached skill level 15 in Long Blades
124400 | Zig:25   | Killed a dread lich
124401 | Zig:25   | Killed a dread lich
124401 | Zig:25   | Killed a dread lich
124401 | Zig:25   | Noticed an ancient lich
124402 | Zig:25   | Noticed a dread lich
124402 | Zig:25   | Killed an ancient lich
124403 | Zig:25   | Killed a dread lich
124405 | Zig:25   | Noticed a dread lich
124405 | Zig:25   | Noticed a dread lich
124407 | Zig:25   | Paralysed by a sphinx for 5 turns
124413 | Zig:25   | Killed a dread lich
124413 | Zig:25   | Killed a dread lich
124415 | Zig:25   | Noticed an ancient lich
124415 | Zig:25   | Noticed a dread lich
124415 | Zig:25   | Noticed an ancient lich
124416 | Zig:25   | Killed a dread lich
124417 | Zig:25   | Killed an ancient lich
124417 | Zig:25   | Killed an ancient lich
124417 | Zig:25   | Noticed an ancient lich
124419 | Zig:25   | Killed an ancient lich
124420 | Zig:25   | Noticed a dread lich
124420 | Zig:25   | Killed a dread lich
124420 | Zig:25   | Noticed an ancient lich
124422 | Zig:25   | Killed an ancient lich
124484 | Zig:25   | Found the +8 frozen axe "Frostbite" {freeze, freezing
                  | cloud, *Noise Fly rC+}
124494 | Zig:25   | Identified the +1 shortbow "Ketoh" {freeze, rPois}
124498 | Zig:25   | Identified the +10 orcbow of Ambiguity {freeze, rCorr
                  | Str+3}
124502 | Zig:25   | Identified the +0 great mace of Veuzash {heavy, rF+ rCorr
                  | Dex+3}
124515 | Zig:25   | Identified the +5 great sword of a Labyrinth {drain, Int+6
                  | SInv}
124525 | Zig:25   | Identified the +4 arbalest "Limnal" {flame, rC+}
124528 | Zig:25   | Identified the +2 short sword "Kexopn" {flame, *Rage *Noise
                  | Will+ Int+9}
124559 | Zig:26   | Entered Level 26 of a ziggurat
124560 | Zig:26   | Noticed a royal mummy
124561 | Zig:26   | Noticed a royal mummy
124562 | Zig:26   | Noticed a royal mummy
124562 | Zig:26   | Noticed a royal mummy
124562 | Zig:26   | Noticed a royal mummy
124563 | Zig:26   | Killed a royal mummy
124563 | Zig:26   | Noticed a royal mummy
124564 | Zig:26   | Killed a royal mummy
124564 | Zig:26   | Killed a royal mummy
124564 | Zig:26   | Killed a royal mummy
124565 | Zig:26   | Killed a royal mummy
124565 | Zig:26   | Noticed a royal mummy
124565 | Zig:26   | Noticed a royal mummy
124565 | Zig:26   | Noticed a royal mummy
124566 | Zig:26   | Killed a royal mummy
124567 | Zig:26   | Killed a royal mummy
124567 | Zig:26   | Killed a royal mummy
124567 | Zig:26   | Noticed a royal mummy
124568 | Zig:26   | Noticed a royal mummy
124568 | Zig:26   | Noticed a royal mummy
124568 | Zig:26   | Noticed a royal mummy
124568 | Zig:26   | Noticed a royal mummy
124568 | Zig:26   | Noticed a royal mummy
124568 | Zig:26   | Noticed a royal mummy
124569 | Zig:26   | Noticed a royal mummy
124571 | Zig:26   | Killed a royal mummy
124571 | Zig:26   | Killed a royal mummy
124571 | Zig:26   | Noticed a royal mummy
124571 | Zig:26   | Noticed a royal mummy
124571 | Zig:26   | Noticed a royal mummy
124571 | Zig:26   | Noticed a royal mummy
124571 | Zig:26   | Noticed a royal mummy
124571 | Zig:26   | Noticed a royal mummy
124572 | Zig:26   | Killed a royal mummy
124572 | Zig:26   | Killed a royal mummy
124572 | Zig:26   | Killed a royal mummy
124572 | Zig:26   | Killed a royal mummy
124572 | Zig:26   | Killed a royal mummy
124572 | Zig:26   | Killed a royal mummy
124572 | Zig:26   | Noticed a royal mummy
124573 | Zig:26   | Noticed a royal mummy
124574 | Zig:26   | Killed a royal mummy
124574 | Zig:26   | Killed a royal mummy
124575 | Zig:26   | Killed a royal mummy
124575 | Zig:26   | Killed a royal mummy
124575 | Zig:26   | Killed a royal mummy
124575 | Zig:26   | Killed a royal mummy
124575 | Zig:26   | Noticed a royal mummy
124575 | Zig:26   | Noticed a royal mummy
124575 | Zig:26   | Noticed a royal mummy
124575 | Zig:26   | Noticed a royal mummy
124577 | Zig:26   | Killed a royal mummy
124577 | Zig:26   | Killed a royal mummy
124577 | Zig:26   | Killed a royal mummy
124578 | Zig:26   | Killed a royal mummy
124578 | Zig:26   | Killed a royal mummy
124578 | Zig:26   | Noticed a royal mummy
124579 | Zig:26   | Reached skill level 27 in Maces & Flails
124579 | Zig:26   | Killed a royal mummy
124579 | Zig:26   | Noticed a royal mummy
124580 | Zig:26   | Killed a royal mummy
124581 | Zig:26   | Killed a royal mummy
124581 | Zig:26   | Killed a royal mummy
124581 | Zig:26   | Noticed a royal mummy
124581 | Zig:26   | Noticed a royal mummy
124583 | Zig:26   | Noticed a royal mummy
124584 | Zig:26   | Killed a royal mummy
124584 | Zig:26   | Killed a royal mummy
124584 | Zig:26   | Noticed a royal mummy
124585 | Zig:26   | Killed a royal mummy
124585 | Zig:26   | Noticed a royal mummy
124585 | Zig:26   | Noticed a royal mummy
124586 | Zig:26   | Killed a royal mummy
124586 | Zig:26   | Noticed a royal mummy
124586 | Zig:26   | Noticed a royal mummy
124587 | Zig:26   | Killed a royal mummy
124587 | Zig:26   | Noticed a royal mummy
124588 | Zig:26   | Killed a royal mummy
124589 | Zig:26   | Killed a royal mummy
124589 | Zig:26   | Noticed a royal mummy
124589 | Zig:26   | Noticed a royal mummy
124590 | Zig:26   | Killed a royal mummy
124590 | Zig:26   | Killed a royal mummy
124590 | Zig:26   | Noticed a royal mummy
124590 | Zig:26   | Noticed a royal mummy
124590 | Zig:26   | Noticed a royal mummy
124591 | Zig:26   | Noticed a royal mummy
124592 | Zig:26   | Killed a royal mummy
124592 | Zig:26   | Killed a royal mummy
124593 | Zig:26   | Killed a royal mummy
124593 | Zig:26   | Killed a royal mummy
124593 | Zig:26   | Killed a royal mummy
124596 | Zig:26   | Killed a royal mummy
124596 | Zig:26   | Noticed a royal mummy
124599 | Zig:26   | Killed a royal mummy
124599 | Zig:26   | Noticed a royal mummy
124603 | Zig:26   | Killed a royal mummy
124655 | Zig:26   | Found the +7 Spriggan's Knife {stab, EV+4 Stlth+}
124686 | Zig:26   | Identified the +1 short sword "Newtslayer" {flame, Drain
                  | Str+3}
124723 | Zig:27   | Entered Level 27 of a ziggurat
124724 | Zig:27   | Noticed a royal mummy
124724 | Zig:27   | Noticed a royal mummy
124725 | Zig:27   | Noticed a royal mummy
124726 | Zig:27   | Noticed a royal mummy
124726 | Zig:27   | Noticed a royal mummy
124726 | Zig:27   | Noticed a royal mummy
124726 | Zig:27   | Noticed a royal mummy
124726 | Zig:27   | Noticed a royal mummy
124726 | Zig:27   | Noticed a royal mummy
124726 | Zig:27   | Noticed a royal mummy
124726 | Zig:27   | Noticed a royal mummy
124726 | Zig:27   | Noticed a royal mummy
124726 | Zig:27   | Noticed a royal mummy
124726 | Zig:27   | Noticed a royal mummy
124726 | Zig:27   | Noticed a royal mummy
124726 | Zig:27   | Noticed a royal mummy
124726 | Zig:27   | Noticed a royal mummy
124727 | Zig:27   | Noticed a royal mummy
124727 | Zig:27   | Noticed a royal mummy
124727 | Zig:27   | Noticed a royal mummy
124727 | Zig:27   | Noticed a royal mummy
124727 | Zig:27   | Noticed a royal mummy
124727 | Zig:27   | Noticed a royal mummy
124727 | Zig:27   | Noticed a royal mummy
124727 | Zig:27   | Noticed a royal mummy
124727 | Zig:27   | Noticed a royal mummy
124727 | Zig:27   | Noticed a royal mummy
124727 | Zig:27   | Noticed a royal mummy
124728 | Zig:27   | HP: 2/159 [something (8)]
124728 | Zig:27   | Engulfed by a cloud of foul pestilence

Illustrated notes

Levels and vault maps discovered:
D:1:      amcnicky_arrival_underground_garden, layout_loops_ring, serial_glass,
          glass_columns_a, glass_columns_a, glass_columns_a, glass_columns_b,
          glass_columns_b, glass_columns_a, glass_columns_a, glass_columns_b,
          glass_columns_a, glass_columns_b, glass_columns_a, glass_columns_b,
          glass_columns_b, glass_columns_a, nicolae_wormholes
D:2:      layout_basic, minmay_pentomino_p4
D:3:      layout_basic, minmay_joined_circles
D:4:      layout_loops_ring, gup_sewer_entry_pipe, dk_vineyard_3,
          minmay_misc_feat_tiny
D:5:      layout_gridville, nicolae_overflow_hallway_of_the_gods
D:6:      minmay_evil_eye, layout_rooms, nicolae_overflow_crystal_walls,
          minmay_temple_entry_trees, serial_shops, shop
D:7:      layout_basic, nicolae_dithmenos_the_darkroom, serial_aquarium,
          aquarium_bridge_island_small [aquarium_subvault_small_open,
          aquarium_subvault_bridge, aquarium_subvault_wall,
          aquarium_subvault_wall, aquarium_subvault_bridge],
          aquarium_window_corridor_3, aquarium_window_fake, aquarium_view_4,
          uniq_duvessa
D:8:      layout_basic, minmay_small_thing
D:9:      layout_irregular_city, lair_entry_dummy,
          serial_library_hellmonk_reading_circle, minmay_misc_feat_rugged
D:10:     layout_loops_ring, lemuel_coloured_pillars_altar
D:11:     layout_loops_ring, nicolae_shop_self_help, uniq_harold
D:12:     layout_roguey, minmay_evil_grid
D:13:     layout_roguey, ximxim_vaults_locker_room
D:14:     layout_stronghold, chequers_serial_rivers_room_b, minmay_circle_x
D:15:     gammafunk_enter_depths_forms, layout_stronghold, serial_shops, shop,
          uniq_kirke
Temple:   nicolae_temple_ecumenical_triangle
Lair:1:   layout_regular_city, gauntlet_entry_generic, beast_lair_carwin_5,
          serial_bayou_shore_b, serial_bayou_shore_b, uniq_amaemon
Lair:2:   layout_gridlike, spider_nest_entry_a, serial_bayou_pond_e
Lair:3:   layout_loops_ring, shoals_dummy_entry
Lair:4:   layout_roguey, uniq_sonja, uniq_urug
Lair:5:   grunt_lair_end_beastmaster, layout_small_grid,
          dpeg_slime_entry_corner, ebering_ghost_xom, infiniplex_staircase_pool
Shoals:1: layout_shoals
Shoals:2: layout_shoals
Shoals:3: layout_shoals, hangedman_shoal_volcano, uniq_polyphemus
Shoals:4: shoals_end_grunt_garden, layout_shoals, nicolae_shoals_water_booths
Spider:1: cheibrodos_spider_silkery, nicolae_spider_not_touching_you
Spider:2: layout_spider_delve, uniq_azrael
Spider:3: layout_spider_delve
Spider:4: grunt_spider_rune_parallel
Slime:1:  layout_caves, nicolae_slime_ancient_tower_intersection
Slime:2:  layout_caves
Slime:3:  layout_caves
Slime:4:  layout_caves
Slime:5:  slime_pit_nicolae_royal_road_to_ruin
Orc:1:    cheibrodos_orc_arena, layout_caves
Orc:2:    st_orc_town, layout_caves, rock_pile
Elf:1:    nicolae_elf_arrival_fired_up, layout_geoelf_grid, orc_legates,
          statue_in_the_mist_lemuel
Elf:2:    elven_hall_of_blades_hangedman_original
          [nicolae_blade_entry_crossed_weapons], layout_loops_cross,
          serial_shops, nicolae_shop_rolling_square
Elf:3:    minmay_elf_hall_not_hex, layout_geoelf_diagonals, grunt_megastairs_3
Vaults:1: mu_enter_wizlab_3, hangedman_vaults_corner, nicolae_vaults_quadrants,
          nicolae_vaults_mini_display_case, nicolae_vaults_ninety_degrees,
          grunt_vaults_hallway_long, nicolae_vaults_trapezoid_lopsided_1,
          nicolae_vaults_storage_room_statues, vaults_standard_mumra_x,
          v_rooms_5, ontoclasm_vaults_eye, nicolae_vaults_tetromino_Z_1,
          vaults_dpeg_hooks, layout_vaults_omnicross, serial_shops,
          nicolae_square_shop, nicolae_shop_statue_plus,
          nicolae_shop_hallway_plus, shop
Vaults:2: vaults_room_door_ring, v_alt_pattern_1, dpeg_vaults_monster_box,
          nicolae_vaults_trapezoid_layered, hangedman_vaults_maws,
          vaults_dpeg_encased_lava, v_misc_30, v_misc_15, v_misc_1,
          ontoclasm_vaults_gateway, nicolae_vaults_tangram_1,
          nicolae_vaults_double_plus_3, nicolae_vaults_storing_the_good_stuff,
          hangedman_vaults_stream, layout_vaults_maze_snakey, serial_shops,
          nicolae_shop_gaudy_bauble, uniq_sojobo, uniq_nikola, uniq_asterion,
          uniq_donald
Vaults:3: v_misc_33, minmay_crypt_entry_simple_box, nicolae_vaults_trapezoid_3,
          nicolae_vaults_cornered_office, vaults_room_hallway,
          nicolae_vaults_trapezoid_2, vaults_room_guarded_vault,
          vaults_room_fours, v_rooms_4, v_misc_16,
          nicolae_vaults_variable_pillar_hall_cross, vaults_dpeg_ring,
          nicolae_vaults_two_Ls, vaults_dpeg_emergency_exit,
          layout_vaults_big_room, uniq_norris, uniq_margery
Vaults:4: nicolae_vaults_layer_cake_slice, nicolae_vaults_trapezoid_4,
          nicolae_vaults_wrenched, nicolae_vaults_border_crossing,
          ontoclasm_vaults_loading_screen, nicolae_vaults_tetromino_Z_2,
          nicolae_vaults_double_plus_1, v_misc_26, grunt_vaults_focal,
          hangedman_vaults_trim, nicolae_vaults_double_plus_1, minmay_orc_keep,
          layout_vaults_ring, serial_shops, shop, uniq_zenata
Vaults:5: serial_shops
Crypt:1:  layout_rooms
Crypt:2:  layout_gridlike, roderic_lattice_octagonal_star, grunt_megastairs_5,
          lemuel_elevator, uniq_jory
Crypt:3:  cryptofortress_bobbens, uniq_grunn
Tomb:1
Tomb:2
Tomb:3
Depths:1: layout_honeycomb, nicolae_abyss_entry_one_way_or_another,
          gammafunk_ghost_mausoleum, hangedman_coc_ice_floe,
          minmay_protected_statue
Depths:2: nzn_winding_woodlands_large [nzn_winding_woodlands_5x5_perimeter,
          nzn_winding_woodlands_5x15_split_checker,
          nzn_winding_woodlands_5x5_closed_star,
          nzn_winding_woodlands_center_pierced_h,
          nzn_winding_woodlands_15x15_killbox,
          nzn_winding_woodlands_center_triple_pond,
          nzn_winding_woodlands_5x5_checkerboard,
          nzn_winding_woodlands_5x15_default, nzn_winding_woodlands_hourglass],
          layout_cave_shapes, rand_demon_pan_entry_1, fedhas_altar_fruit_tree,
          hell_entry, minivault_15, uniq_aizul
Depths:3: minmay_the_grid_triangle_9x9_rhombus_full_mashed
          [minmay_the_grid_triangle_9x9_descending_squares,
          minmay_the_grid_triangle_9x9_dagger,
          minmay_the_grid_triangle_9x9_tough_junction,
          minmay_the_grid_triangle_9x9_windchime,
          minmay_the_grid_triangle_9x9_fully_insulated_deathbox,
          minmay_the_grid_triangle_9x9_wacky_v,
          minmay_the_grid_triangle_9x9_from_above,
          minmay_the_grid_triangle_9x9_prize_insulated], layout_twisted_cross,
          abyss_entry, hell_entry, kennysheep_donut,
          wad_floor_pattern_untrapped, minmay_staircase_statues
Depths:4: grunt_crosshair, layout_basic, enter_ziggurat_b, hell_entry,
          evilmike_ruin_ashenzari, gammafunk_ghost_tricky_traps, uniq_boris,
          uniq_xtahua
Hell
Dis:1:    layout_gridville, special_room [special_room_morgue]
Dis:2:    layout_gridville
Dis:3:    layout_gridville
Dis:4:    layout_gridville
Dis:5:    layout_regular_city, glass_columns_a
Dis:6:    layout_gridville
Dis:7:    iron_city_of_dis [dis_grunt, dis_wall_8], layout_gridville,
          glass_columns_a
Geh:1:    nicolae_hells_demon_pit, layout_gehenna_pools_box
Geh:2:    layout_gehenna_pools_triple
Geh:3:    layout_gehenna_pools_triple, nicolae_geh_lavax
Geh:4:    layout_gehenna_pools_basic, nicolae_geh_isolated_escape
Geh:5:    layout_gehenna_pools_box
Geh:6:    layout_gehenna_pools_basic
Geh:7:    geh_grunt_pentagon
Coc:1:    layout_ice_bergs
Coc:2:    layout_cocytus_water_paths
Coc:3:    layout_cocytus_water_paths
Coc:4:    layout_cocytus_delve
Coc:5:    layout_cocytus_delve, serial_ice, serial_ice_o, serial_ice_n
Coc:6:    layout_ice_bergs
Coc:7:    coc_dpeg
Tar:1:    layout_honeycomb
Tar:2:    layout_catacombs
Tar:3:    layout_grid_maze, nicolae_tar_cuneiform_two
Tar:4:    layout_honeycomb
Tar:5:    layout_honeycomb
Tar:6:    layout_catacombs, nicolae_tar_cuneiform_water,
          nicolae_hells_fiendish_ambush
Tar:7:    tar_mu [tar_mu_maze]
Zot:1:    layout_gridlike, regret_index_zotdec_alabaster_prism
Zot:2:    layout_misc_corridors, regret_index_zotdec_twisting_globes
Zot:3:    kennysheep_oblong_rooms, layout_cathedral_of_symmetry,
          gammafunk_ghost_arena
Zot:4:    layout_gridlike, gammafunk_ghost_arena, lemuel_elevator
Zig:27:   ziggurat_pillar_d, ziggurat_pillar_d, ziggurat_pillar_d,
          ziggurat_pillar_d, ziggurat_pillar_centre_dead_trees,
          ziggurat_pillar_centre_dead_trees, ziggurat_pillar_centre_dead_trees,
          ziggurat_pillar_centre_dead_trees

Skill      XL: |  1  2  3  4  5  6  7  8  9 10 11 12 13 14 15 16 17 18 19 20 21 22 23 24 25 26 27 |
---------------+----------------------------------------------------------------------------------+-----
Spellcasting   | 3 4 5 6 7 9 10 11 12 14 15 16 17 18 19 20 21 23 27 | 27.0
Conjurations   | 5 6 7 8 10 12 13 14 15 16 18 19 20 21 22 23 27 | 27.0
Translocations | 1 2 3 4 5 6 27 | 27.0
Earth Magic    | 1 2 3 5 6 8 10 27 | 27.0
Dodging        | 2 3 4 6 10 12 13 14 27 | 27.0
Fighting       | 1 4 5 6 8 10 12 13 15 27 | 27.0
Necromancy     | 3 5 6 27 | 27.0
Fire Magic     | 1 3 5 7 9 11 13 15 17 18 21 27 | 27.0
Evocations     | 2 3 5 6 27 | 27.0
Summonings     | 5 6 27 | 27.0
Shields        | 4 9 14 27 | 27.0
Transmutations | 5 6 27 | 27.0
Hexes          | 27 | 27.0
Armour         | 27 | 27.0
Air Magic      | 27 | 27.0
Staves         | 27 | 27.0
Shapeshifting  | 27 | 27.0
Maces & Flails | 27 | 27.0
Axes           | 27 | 27.0
Stealth        | 27 | 27.0
Ranged Weapons | 27 | 27.0
Throwing       | 27 | 27.0
Poison Magic   | 20 | 20.7
Unarmed Combat | 20 | 20.4
Ice Magic      | 27 | 27.0
Polearms       | 22 | 22.7
Short Blades   | 18 | 18.9
Long Blades    | 19 | 19.8

Action                     |  1- 3 |  4- 6 |  7- 9 | 10-12 | 13-15 | 16-18 | 19-21 | 22-24 | 25-27 || total
---------------------------+-------+-------+-------+-------+-------+-------+-------+-------+-------++-------
  Melee: Short sword       |     8 |       |       |       |       |       |       |       |       ||     8
         Unarmed           |     4 |       |       |       |       |       |       |       |       ||     4
         Dagger            |    11 |    85 |    28 |    38 |     5 |       |       |       |       ||   167
         Touch             |       |       |     1 |     6 |       |       |       |       |       ||     7
         Trident           |       |       |       |       |       |     2 |       |       |       ||     2
         Staff             |       |       |       |       |       |       |       |       |    63 ||    63
         Eveningstar       |       |       |       |       |       |       |       |       |    10 ||    10
   Cast: Magic Dart        |    58 |   145 |   130 |   111 |   137 |   165 |    66 |    18 |       ||   830
         Searing Ray       |       |     6 |    48 |     5 |       |     1 |       |       |       ||    60
         Iskenderun's Myst |       |     1 |    13 |    16 |    62 |    59 |    15 |    16 |    58 ||   240
         Stone Arrow       |       |       |     8 |   241 |   340 |   388 |   272 |   189 |   286 ||  1724
         Fireball          |       |       |       |    34 |    66 |   146 |    72 |    81 |   689 ||  1088
         Sublimation of Bl |       |       |       |    16 |    22 |    32 |    21 |     5 |    11 ||   107
         Iskenderun's Batt |       |       |       |       |    87 |    95 |    44 |    17 |    40 ||   283
         Starburst         |       |       |       |       |       |     4 |       |       |       ||     4
         Passage of Golubr |       |       |       |       |       |     2 |     1 |     4 |     7 ||    14
         Spellforged Servi |       |       |       |       |       |    63 |    62 |    65 |   115 ||   305
         Ignition          |       |       |       |       |       |     9 |    83 |    43 |     1 ||   136
         Lehudib's Crystal |       |       |       |       |       |     2 |   102 |   189 |  1184 ||  1477
         Borgnjor's Vile C |       |       |       |       |       |       |     2 |       |     1 ||     3
         Fire Storm        |       |       |       |       |       |       |       |    70 |  1303 ||  1373
         Yara's Violent Un |       |       |       |       |       |       |       |       |    22 ||    22
         Chain Lightning   |       |       |       |       |       |       |       |       |  1680 ||  1680
         Shatter           |       |       |       |       |       |       |       |       |   650 ||   650
         Blink             |       |       |       |       |       |       |       |       |    17 ||    17
         Bombard           |       |       |       |       |       |       |       |       |    15 ||    15
         Borgnjor's Revivi |       |       |       |       |       |       |       |       |     7 ||     7
         Plasma Beam       |       |       |       |       |       |       |       |       |     1 ||     1
Ability: Word of Chaos     |       |       |       |       |       |       |       |       |     2 ||     2
  Evoke: Wand              |       |       |       |     2 |     1 |     1 |       |       |    31 ||    35
         Lightning rod     |       |       |       |       |       |     4 |       |       |     9 ||    13
         Tin of tremorston |       |       |       |       |       |     2 |       |       |     6 ||     8
         Figurine of a zig |       |       |       |       |       |       |       |       |     5 ||     5
         Box of beasts     |       |       |       |       |       |       |       |       |     3 ||     3
         Horn of Geryon    |       |       |       |       |       |       |       |       |     2 ||     2
    Use: Scroll            |       |       |       |    18 |    10 |     6 |     3 |     6 |    66 ||   109
         Potion            |       |       |       |       |     1 |     3 |     1 |     1 |   159 ||   165
 Armour: Robe              |    12 |    47 |    15 |    11 |   156 |   218 |   152 |   103 |    58 ||   772
         Steam dragon scal |       |       |    65 |    58 |       |       |       |       |       ||   123
         Crystal plate arm |       |       |       |       |       |       |       |       |  1280 ||  1280
         Leather armour    |       |       |       |       |       |       |       |       |   191 ||   191
         Skin              |       |       |       |       |       |       |       |       |     1 ||     1
  Dodge: Dodged            |    16 |    59 |    55 |    53 |   139 |   225 |   100 |    66 |   581 ||  1294
         Repelled          |       |       |       |       |       |     8 |     3 |       |       ||    11
  Block: Buckler           |       |       |       |       |       |       |       |    16 |    29 ||    45
         Tower shield      |       |       |       |       |       |       |       |       |  1332 ||  1332
         Reflection        |       |       |       |       |       |       |       |       |   229 ||   229
         Form:             |       |       |       |       |       |       |       |       |     1 ||     1
         Statue            |       |       |       |       |       |       |       |       |     1 ||     1

Table legend: (Time is in decaauts)
 A = Elapsed time spent in this place.
 B = Non-inter-level travel time spent in this place.
 C = Inter-level travel time spent in this place.
 D = Time resting spent in this place.
 E = Time spent auto-exploring this place.
 F = Levels seen in this place.
 G = Mean time per level.
                   A        B        C        D        E       F      G
               +--------+--------+--------+--------+--------+-----+--------+
         Total | 125738 | 116549 |   9189 |   4404 |  85638 | 270 |  465.7 |
       Dungeon |  17571 |  14947 |   2624 |    339 |  12664 |  15 | 1171.4 |
        Temple |     19 |     19 |      0 |      0 |      0 |   1 |   19.0 |
          Lair |   7749 |   6907 |    842 |    321 |   5697 |   5 | 1549.8 |
        Shoals |   5902 |   5510 |    392 |     50 |   4802 |   4 | 1475.5 |
   Spider Nest |   3948 |   3802 |    146 |    338 |   2701 |   4 |  987.0 |
    Slime Pits |   1713 |   1520 |    193 |     25 |   1190 |   5 |  342.6 |
  Orcish Mines |   3420 |   3087 |    333 |    590 |   1847 |   2 | 1710.0 |
   Elven Halls |   6955 |   6384 |    571 |   1403 |   4191 |   3 | 2318.3 |
        Vaults |   9550 |   8967 |    583 |    753 |   6687 |   5 | 1910.0 |
         Crypt |   2708 |   2570 |    138 |    100 |   2001 |   3 |  902.7 |
          Tomb |   3977 |   3409 |    568 |      0 |   2900 |   3 | 1325.7 |
        Depths |   6387 |   5250 |   1137 |      0 |   4230 |   4 | 1596.8 |
          Hell |   2106 |   1870 |    236 |    215 |    416 |   1 | 2106.0 |
           Dis |   2584 |   2378 |    206 |      0 |   1849 |   7 |  369.1 |
       Gehenna |   3530 |   3287 |    243 |      0 |   2713 |   7 |  504.3 |
       Cocytus |   2601 |   2286 |    315 |      2 |   1952 |   7 |  371.6 |
      Tartarus |   3875 |   3647 |    228 |     48 |   3156 |   7 |  553.6 |
           Zot |   5004 |   4576 |    428 |     50 |   3900 |   4 | 1251.0 |
         Abyss |   1335 |   1335 |      0 |      0 |    530 |   6 |  222.5 |
   Pandemonium |  12299 |  12299 |      0 |     63 |   9846 |  13 |  946.1 |
      Ziggurat |  20836 |  20836 |      0 |     29 |  11126 | 162 |  128.6 |
         Sewer |   1134 |   1134 |      0 |      0 |    987 |   1 | 1134.0 |
        Wizlab |    524 |    524 |      0 |     78 |    248 |   1 |  524.0 |
               +--------+--------+--------+--------+--------+-----+--------+

Top non-repeatable levels by time:
   Elf:1: 4227 daAuts
  Tomb:1: 2732 daAuts
  Lair:2: 2490 daAuts
Vaults:5: 2432 daAuts
Depths:4: 2199 daAuts
   Tar:7: 2151 daAuts
   Orc:2: 2112 daAuts
    Hell: 2106 daAuts
Vaults:1: 2024 daAuts
Vaults:4: 1882 daAuts
   Zot:1: 1858 daAuts
Vaults:2: 1823 daAuts
  Lair:5: 1774 daAuts
    D:12: 1738 daAuts
  Zig:26: 1692 daAuts
